Workbook
Name _Hlk143960454: 'SCHED 1B-1'!#REF!
Name _Hlk143960454: 'SCHED 1B-2'!#REF!
Name _Hlk143960454: 'SCHED 1B-3'!#REF!
Name _Hlk143960454: 'SCHED 1B-4'!#REF!
Name _Hlk143960454: 'SCHED 1B-5'!#REF!
Name _Hlk143960454: 'SCHED 1B-6'!#REF!

Sheet COMBINED FINAL-SUMMARY
B2: SCHEDULE MAINTENANCE OF GENERATORS AT CLUSTER ONE (1) – OR TAMBO AND ALFRED NZO DISTRICT – HEALTH FACILITIES (36 MONTHS)
B4: CONTRACT REF NO | D4: SCMU3-23/24-0740-HO | E4: Cluster/District: | F4: OR TAMBO DISTRICT & ALFRED NZO
B6: ASSET TYPE | D6: STANDBY GENERATORS
B8: SCHEDULE NUMBER | C8: DESCRIPTION | F8: TENDER AMOUNT
B10: 1B-1 | C10: OR TAMBO & ALFRED NZO - | D10: ='SCHED 1B-1'!D6 -> FIXED CHARGE AND VALUE RELATED ITEMS APPLICABLE TO ALL WORK
B12: 1B-2 | C12: OR TAMBO & ALFRED NZO - | D12: ='SCHED 1B-2'!D6 -> FIXED CHARGE AND VALUE RELATED ITEMS APPLICABLE TO ALL WORK (continued)
B14: 1B-3 | C14: OR TAMBO & ALFRED NZO - | D14: ='SCHED 1B-4'!D6 -> FIXED CHARGE AND VALUE RELATED ITEMS APPLICABLE TO ALL WORK (continued)
B16: 1B-4 | C16: OR TAMBO & ALFRED NZO - | D16: ='SCHED 1B-5'!D6 -> FIXED CHARGE AND VALUE RELATED ITEMS APPLICABLE TO ALL WORK (continued)
B18: 1B-5 | C18: OR TAMBO & ALFRED NZO - | D18: ='SCHED 1B-6'!D6 -> FIXED CHARGE AND VALUE RELATED ITEMS APPLICABLE TO ALL WORK
B20: 1B-6 | C20: OR TAMBO & ALFRED NZO - FIXED CHARGE AND VALUE RELATED ITEMS APPLICABLE TO ALL WORK (continued)
B22: 2B-1 | C22: OR TAMBO & ALFRED NZO - | D22: ='SCHED 2B-1'!D6 -> FUNCTIONAL REPAIR SCHEDULE
B24: 2B-2 | C24: OR TAMBO & ALFRED NZO - | D24: ='SCHED 2B-2'!D6 -> FUNCTIONAL REPAIR SCHEDULE (continued)
B26: 2B-3 | C26: OR TAMBO & ALFRED NZO - | D26: ='SCHED 2B-3'!D6 -> FUNCTIONAL REPAIR SCHEDULE (continued)
B28: 2B-4 | C28: OR TAMBO & ALFRED NZO - | D28: ='SCHED 2B-4'!D6 -> FUNCTIONAL REPAIR SCHEDULE
B30: 3B | C30: OR TAMBO & ALFRED NZO - | D30: ='SCHEDULE 3B'!D6 -> MAINTENANCE SERVICE SCHEDULE
B32: 4 | C32: ='SCHEDULE 4'!D6 -> TERM REPAIRS SUBJECT TO APPROVAL OF QUOTATION OF THE WORKS
B34: 5 | C34: ='SCHEDULE 5'!D6 -> ROAMING GENERATORS AND GENERATOR HIRE
B36: 6 | C36: Add contingencies (10%)
B38: SUBTOTAL AMOUNT OF WORKS (EXCL VAT)
B39: ALLOWANCE FOR VAT AT 15%
B40: TOTAL AMOUNT OF WORKS (INCL VAT) ENTER THIS AMOUNT FORM OF OFFER

Sheet SCHED 1B-1
B2: SCHEDULE MAINTENANCE OF GENERATORS AT CLUSTER ONE (1) – OR TAMBO AND ALFRED NZO DISTRICT – HEALTH FACILITIES (36 MONTHS)
B3: CONTRACT REF. NO: | D3: ='COMBINED FINAL-SUMMARY'!D4 -> SCMU3-23/24-0740-HO | E3: Cluster/District: | G3: OR TAMBO & ALFRED NZO DISTRICT
B4: ASSET TYPE: | D4: STANDBY GENERATORS | G4: Cluster 1
B6: SCHEDULE 1B-1 : | D6: FIXED CHARGE AND VALUE RELATED ITEMS APPLICABLE TO ALL WORK
B8: ITEM Nr. | C8: PAYMENT REFERS | D8: DESCRIPTION | E8: UNIT | F8: QTY: (A) | G8: RATE: (B) | H8: AMOUNT: (A*B)
B9: 1 | C9: GM 2.5 | D9: VERIFICATION OF ASSETS ON SITE : Verify assets on site vs Asset Register (C4.1), and compile plant layout line drawings as per GM 2.5 (1) and (2).
B10: 1.1 | D10: Zwelichumile Clinic | E10: Item | F10: 1
B11: 1.2 | D11: Phakamile Clinic | E11: Item | F11: 1
B12: 1.3 | D12: Qunu Clinic | E12: Item | F12: 1
B13: 1.4 | D13: Mbekweni CHC | E13: Item | F13: 1
B14: 1.5 | D14: Mpunzana Clinic | E14: Item | F14: 1
B15: 1.6 | D15: Gengqe Clinic | E15: Item | F15: 1
B16: 1.7 | D16: Hlabatshane Clinic | E16: Item | F16: 1
B17: 1.8 | D17: Ngcengane Clinic | E17: Item | F17: 1
B18: 1.9 | D18: Mthatha Gateway Clinic | E18: Item | F18: 1
B19: 1.10 | D19: Mthatha Gateway Clinic | E19: Item | F19: 1
B20: 1.11 | D20: Mthatha General Hospital | E20: Item | F20: 1
B21: 1.12 | D21: Mthatha General Hospital | E21: Item | F21: 1
... B53: 1.44 | D53: Ncambele Clinic | E53: Item | F53: 1
B54: =1.45 -> 1.45 | D54: Pilani Clinic | E54: Item | F54: 1
B55: =B54+0.01 -> 1.46 | D55: Double Falls Clinic | E55: Item | F55: 1
B56: TOTAL CARRIED TO THE NEXT PAGE
B57: TOTAL FROM PREVIOUS PAGE
B58: =B55+0.01 -> 1.47 | D58: Canzibe Gateway Clinic | E58: Item | F58: 1
B59: =B58+0.01 -> 1.48 | D59: St Barnabas Hospital | E59: Item | F59: 1
B60: =B59+0.01 -> 1.49 | D60: Canzibe Hospital | E60: Item | F60: 1
B61: =B60+0.01 -> 1.5 | D61: Lujizweni Clinic | E61: Item | F61: 1
B62: =B61+0.01 -> 1.51 | D62: Mgwenyane Clinic | E62: Item | F62: 1
B63: =B62+0.01 -> 1.52 | D63: Mtakatye Clinic | E63: Item | F63: 1
B64: =B63+0.01 -> 1.53 | D64: Nkanunu Clinic | E64: Item | F64: 1
B65: =B64+0.01 -> 1.54 | D65: Nkumandeni Clinic | E65: Item | F65: 1
B66: =B65+0.01 -> 1.55 | D66: Nqanda A Clinic | E66: Item | F66: 1
B67: =B66+0.01 -> 1.56 | D67: Old Bunting Clinic | E67: Item | F67: 1
B68: =B67+0.01 -> 1.57 | D68: St Barnabas Hospital | E68: Item | F68: 1
B69: =B68+0.01 -> 1.58 | D69: Ntapane Clinic | E69: Item | F69: 1
B70: =B69+0.01 -> 1.59 | D70: Libode Clinic | E70: Item | F70: 1
... B110: =B109+0.01 -> 1.99 | D110: Mevana Clinic | E110: Item | F110: 1
B111: 1.1 | D111: Kohlo Clinic | E111: Item | F111: 1
B112: =B111+0.001 -> 1.101 | D112: Tombo CHC | E112: Item | F112: 1
B113: =B112+0.001 -> 1.102 | D113: Port St Johns CHC | E113: Item | F113: 1
B114: =B113+0.001 -> 1.103 | D114: Buchele Clinic | E114: Item | F114: 1
B115: =B114+0.001 -> 1.104 | D115: Mzintlava Clinic | E115: Item | F115: 1
B116: =B115+0.001 -> 1.105 | D116: Bomvini Clinic | E116: Item | F116: 1
B117: =B116+0.001 -> 1.106 | D117: Ngcoya Clinic | E117: Item | F117: 1
B118: =B117+0.001 -> 1.107 | D118: Bambisana Hospital | E118: Item | F118: 1
B119: =B118+0.001 -> 1.108 | D119: Bambisana Hospital | E119: Item | F119: 1
B120: =B119+0.001 -> 1.109 | D120: Lutshaya Clinic | E120: Item | F120: 1
B121: =B120+0.001 -> 1.11 | D121: Mantlaneni Clinic | E121: Item | F121: 1
B122: =B121+0.001 -> 1.111 | D122: Palmerton Clinic | E122: Item | F122: 1
B123: =B122+0.001 -> 1.112 | D123: Xurana Clinic | E123: Item | F123: 1
... B133: =B132+0.001 -> 1.122 | D133: Lusikisiki Clinic | E133: Item | F133: 1
B134: TOTAL CARRIED TO NEXT PAGE
B135: TOTAL FROM PREVIOUS PAGE
B136: =B133+0.001 -> 1.123 | D136: Holy Cross Hospital | E136: Item | F136: 1
B137: =B136+0.001 -> 1.124 | D137: Holy Cross Hospital | E137: Item | F137: 1
B138: =B137+0.001 -> 1.125 | D138: Holy Cross Hospital | E138: Item | F138: 1
B139: =B138+0.001 -> 1.126 | D139: Holy Cross Hospital | E139: Item | F139: 1
B140: =B139+0.001 -> 1.127 | D140: Holy Cross Gateway Clinic | E140: Item | F140: 1
B141: =B140+0.001 -> 1.128 | D141: KTC Clinic | E141: Item | F141: 1
B142: =B141+0.001 -> 1.129 | D142: St Elizabeth's Gateway Clinic | E142: Item | F142: 1
B143: =B142+0.001 -> 1.13 | D143: St Elizabeth's Hospital | E143: Item | F143: 1
B144: =B143+0.001 -> 1.131 | D144: St Elizabeth's Hospital | E144: Item | F144: 1
B145: =B144+0.001 -> 1.132 | D145: Lusikisiki EMS Station | E145: Item | F145: 1
B146: =B145+0.001 -> 1.133 | D146: Mount Ayliff Hospital | E146: Item | F146: 1
B147: =B146+0.001 -> 1.134 | D147: Mount Ayliff Hospital | E147: Item | F147: 1
B148: =B147+0.001 -> 1.135 | D148: Mount Ayliff Hospital | E148: Item | F148: 1
... B161: =B160+0.001 -> 1.148 | D161: Sipetu Hospital | E161: Item | F161: 1
B166: TOTAL CARRIED FORWARD TO SUMMARY

Sheet SCHED 1B-2
B2: SCHEDULE MAINTENANCE OF GENERATORS AT CLUSTER ONE (1) – OR TAMBO AND ALFRED NZO DISTRICT – HEALTH FACILITIES (36 MONTHS)
B3: CONTRACT REF. NO: | D3: SCMU3-23/24-0740-HO | E3: Cluster/District: | G3: OR TAMBO & ALFRED NZO DISTRICT
B4: ASSET TYPE: | D4: STANDBY GENERATORS | G4: Cluster 1
B6: SCHEDULE 1B-2: | D6: FIXED CHARGE AND VALUE RELATED ITEMS APPLICABLE TO ALL WORK (continued)
B8: ITEM Nr. | C8: PAYMENT REFERS | D8: DESCRIPTION | E8: UNIT | F8: QTY: (A) | G8: RATE: (B) | H8: AMOUNT: (A*B)
B9: 2 | C9: GM 2.5 & 3.2 | D9: VERIFICATION OF SPARE PART INVENTORY ON SITE : Find and verify all spares for the asset type that is currently available on site
B10: 2.1 | D10: Zwelichumile Clinic | E10: Item | F10: 1
B11: 2.2 | D11: Phakamile Clinic | E11: Item | F11: 1
B12: 2.3 | D12: Qunu Clinic | E12: Item | F12: 1
B13: 2.4 | D13: Mbekweni CHC | E13: Item | F13: 1
B14: 2.5 | D14: Mpunzana Clinic | E14: Item | F14: 1
B15: 2.6 | D15: Gengqe Clinic | E15: Item | F15: 1
B16: 2.7 | D16: Hlabatshane Clinic | E16: Item | F16: 1
B17: 2.8 | D17: Ngcengane Clinic | E17: Item | F17: 1
B18: 2.9 | D18: Mthatha Gateway Clinic | E18: Item | F18: 1
B19: 2.10 | D19: Mthatha Gateway Clinic | E19: Item | F19: 1
B20: 2.11 | D20: Mthatha General Hospital | E20: Item | F20: 1
B21: 2.12 | D21: Mthatha General Hospital | E21: Item | F21: 1
... B53: 2.44 | D53: Ncambele Clinic | E53: Item | F53: 1
B54: =B53+0.01 -> 2.45 | D54: Pilani Clinic | E54: Item | F54: 1
B55: =B54+0.01 -> 2.46 | D55: Double Falls Clinic | E55: Item | F55: 1
B56: =B55+0.01 -> 2.47 | D56: Canzibe Gateway Clinic | E56: Item | F56: 1
B57: =B56+0.01 -> 2.48 | D57: St Barnabas Hospital | E57: Item | F57: 1
B58: TOTAL CARRIED TO NEXT PAGE
B59: TOTAL FROM PREVIOUS PAGE
B60: =B57+0.01 -> 2.49 | D60: Canzibe Hospital | E60: Item | F60: 1
B61: =B60+0.01 -> 2.5 | D61: Lujizweni Clinic | E61: Item | F61: 1
B62: =B61+0.01 -> 2.51 | D62: Mgwenyane Clinic | E62: Item | F62: 1
B63: =B62+0.01 -> 2.52 | D63: Mtakatye Clinic | E63: Item | F63: 1
B64: =B63+0.01 -> 2.53 | D64: Nkanunu Clinic | E64: Item | F64: 1
B65: =B64+0.01 -> 2.54 | D65: Nkumandeni Clinic | E65: Item | F65: 1
B66: =B65+0.01 -> 2.55 | D66: Nqanda A Clinic | E66: Item | F66: 1
B67: =B66+0.01 -> 2.56 | D67: Old Bunting Clinic | E67: Item | F67: 1
B68: =B67+0.01 -> 2.57 | D68: St Barnabas Hospital | E68: Item | F68: 1
B69: =B68+0.01 -> 2.58 | D69: Ntapane Clinic | E69: Item | F69: 1
B70: =B69+0.01 -> 2.59 | D70: Libode Clinic | E70: Item | F70: 1
B71: =B70+0.01 -> 2.6 | D71: Makhotyana CHC | E71: Item | F71: 1
B72: =B71+0.01 -> 2.61 | D72: Nyandeni Clinic | E72: Item | F72: 1
... B110: =B109+0.01 -> 2.99 | D110: Mevana Clinic | E110: Item | F110: 1
B111: 2.1 | D111: Kohlo Clinic | E111: Item | F111: 1
B112: =B111+0.001 -> 2.101 | D112: Tombo CHC | E112: Item | F112: 1
B113: =B112+0.001 -> 2.102 | D113: Port St Johns CHC | E113: Item | F113: 1
B114: =B113+0.001 -> 2.103 | D114: Buchele Clinic | E114: Item | F114: 1
B115: =B114+0.001 -> 2.104 | D115: Mzintlava Clinic | E115: Item | F115: 1
B116: =B115+0.001 -> 2.105 | D116: Bomvini Clinic | E116: Item | F116: 1
B117: =B116+0.001 -> 2.106 | D117: Ngcoya Clinic | E117: Item | F117: 1
B118: =B117+0.001 -> 2.107 | D118: Bambisana Hospital | E118: Item | F118: 1
B119: =B118+0.001 -> 2.108 | D119: Bambisana Hospital | E119: Item | F119: 1
B120: =B119+0.001 -> 2.109 | D120: Lutshaya Clinic | E120: Item | F120: 1
B121: =B120+0.001 -> 2.11 | D121: Mantlaneni Clinic | E121: Item | F121: 1
B122: =B121+0.001 -> 2.111 | D122: Palmerton Clinic | E122: Item | F122: 1
B123: =B122+0.001 -> 2.112 | D123: Xurana Clinic | E123: Item | F123: 1
... B159: =B158+0.001 -> 2.148 | D159: Sipetu Hospital | E159: Item | F159: 1
B165: TOTAL CARRIED FORWARD TO SUMMARY

Sheet SCHED 1B-3
B2: SCHEDULE MAINTENANCE OF GENERATORS AT CLUSTER ONE (1) – OR TAMBO AND ALFRED NZO DISTRICT – HEALTH FACILITIES (36 MONTHS)
B3: CONTRACT REF. NO: | D3: SCMU3-23/24-0740-HO | E3: Cluster/District: | G3: OR TAMBO & ALFRED NZO DISTRICT
B4: ASSET TYPE: | D4: STANDBY GENERATORS | G4: Cluster 1
B6: SCHEDULE 1B-3: | D6: FIXED CHARGE AND VALUE RELATED ITEMS APPLICABLE TO ALL WORK (continued)
B8: ITEM Nr. | C8: PAYMENT REFERS | D8: DESCRIPTION | E8: UNIT | F8: QTY: (A) | G8: RATE: (B) | H8: AMOUNT: (A*B)
B9: 3 | C9: GM 2.7 | D9: COMPILING OF CONDITIONAL AND PERFORMANCE INSPECTION REPORT: Compile a inspection report on the current status and operation of the existing generating sets on site. The report shall be in line with the inspection report template included in this tender.
B10: 3.1 | D10: Zwelichumile Clinic | E10: Item | F10: 1
B11: 3.2 | D11: Phakamile Clinic | E11: Item | F11: 1
B12: 3.3 | D12: Qunu Clinic | E12: Item | F12: 1
B13: 3.4 | D13: Mbekweni CHC | E13: Item | F13: 1
B14: 3.5 | D14: Mpunzana Clinic | E14: Item | F14: 1
B15: 3.6 | D15: Gengqe Clinic | E15: Item | F15: 1
B16: 3.7 | D16: Hlabatshane Clinic | E16: Item | F16: 1
B17: 3.8 | D17: Ngcengane Clinic | E17: Item | F17: 1
B18: 3.9 | D18: Mthatha Gateway Clinic | E18: Item | F18: 1
B19: 3.10 | D19: Mthatha Gateway Clinic | E19: Item | F19: 1
B20: 3.11 | D20: Mthatha General Hospital | E20: Item | F20: 1
B21: 3.12 | D21: Mthatha General Hospital | E21: Item | F21: 1
... B53: 3.44 | D53: Ncambele Clinic | E53: Item | F53: 1
B54: =B53+0.01 -> 3.45 | D54: Pilani Clinic | E54: Item | F54: 1
B55: =B54+0.01 -> 3.46 | D55: Double Falls Clinic | E55: Item | F55: 1
B56: =B55+0.01 -> 3.47 | D56: Canzibe Gateway Clinic | E56: Item | F56: 1
B57: =B56+0.01 -> 3.48 | D57: St Barnabas Hospital | E57: Item | F57: 1
B58: =B57+0.01 -> 3.49 | D58: Canzibe Hospital | E58: Item | F58: 1
B59: =B58+0.01 -> 3.5 | D59: Lujizweni Clinic | E59: Item | F59: 1
B60: =B59+0.01 -> 3.51 | D60: Mgwenyane Clinic | E60: Item | F60: 1
B61: TOTAL CARRIED TO NEXT PAGE
B62: TOTAL FROM PREVIOUS PAGE
B63: =B60+0.01 -> 3.52 | D63: Mtakatye Clinic | E63: Item | F63: 1
B64: =B63+0.01 -> 3.53 | D64: Nkanunu Clinic | E64: Item | F64: 1
B65: =B64+0.01 -> 3.54 | D65: Nkumandeni Clinic | E65: Item | F65: 1
B66: =B65+0.01 -> 3.55 | D66: Nqanda A Clinic | E66: Item | F66: 1
B67: =B66+0.01 -> 3.56 | D67: Old Bunting Clinic | E67: Item | F67: 1
B68: =B67+0.01 -> 3.57 | D68: St Barnabas Hospital | E68: Item | F68: 1
B69: =B68+0.01 -> 3.58 | D69: Ntapane Clinic | E69: Item | F69: 1
B70: =B69+0.01 -> 3.59 | D70: Libode Clinic | E70: Item | F70: 1
B71: =B70+0.01 -> 3.6 | D71: Makhotyana CHC | E71: Item | F71: 1
B72: =B71+0.01 -> 3.61 | D72: Nyandeni Clinic | E72: Item | F72: 1
B73: =B72+0.01 -> 3.62 | D73: Mangcwanguleni Clinic | E73: Item | F73: 1
B74: =B73+0.01 -> 3.63 | D74: Buntingville Clinic | E74: Item | F74: 1
B75: =B74+0.01 -> 3.64 | D75: Malusi Clinic | E75: Item | F75: 1
... B110: =B109+0.01 -> 3.99 | D110: Mevana Clinic | E110: Item | F110: 1
B111: 3.1 | D111: Kohlo Clinic | E111: Item | F111: 1
B112: =B111+0.001 -> 3.101 | D112: Tombo CHC | E112: Item | F112: 1
B113: =B112+0.001 -> 3.102 | D113: Port St Johns CHC | E113: Item | F113: 1
B114: =B113+0.001 -> 3.103 | D114: Buchele Clinic | E114: Item | F114: 1
B115: =B114+0.001 -> 3.104 | D115: Mzintlava Clinic | E115: Item | F115: 1
B116: =B115+0.001 -> 3.105 | D116: Bomvini Clinic | E116: Item | F116: 1
B117: =B116+0.001 -> 3.106 | D117: Ngcoya Clinic | E117: Item | F117: 1
B118: =B117+0.001 -> 3.107 | D118: Bambisana Hospital | E118: Item | F118: 1
B119: =B118+0.001 -> 3.108 | D119: Bambisana Hospital | E119: Item | F119: 1
B120: =B119+0.001 -> 3.109 | D120: Lutshaya Clinic | E120: Item | F120: 1
B121: =B120+0.001 -> 3.11 | D121: Mantlaneni Clinic | E121: Item | F121: 1
B122: =B121+0.001 -> 3.111 | D122: Palmerton Clinic | E122: Item | F122: 1
B123: =B122+0.001 -> 3.112 | D123: Xurana Clinic | E123: Item | F123: 1
... B144: =B143+0.001 -> 3.133 | D144: Mount Ayliff Hospital | E144: Item | F144: 1
B145: TOTAL CARRIED TO NEXT PAGE
B146: TOTAL FROM PREVIOUS PAGE
B147: =B144+0.001 -> 3.134 | D147: Mount Ayliff Hospital | E147: Item | F147: 1
B148: =B147+0.001 -> 3.135 | D148: Mount Ayliff Hospital | E148: Item | F148: 1
B149: =B148+0.001 -> 3.136 | D149: Madzikane ka Zulu Hospital | E149: Item | F149: 1
B150: =B149+0.001 -> 3.137 | D150: Madzikane ka Zulu Hospital | E150: Item | F150: 1
B151: =B150+0.001 -> 3.138 | D151: Mount Ayliff EMS Station | E151: Item | F151: 1
B152: =B151+0.001 -> 3.139 | D152: St Patrick’s Hospital | E152: Item | F152: 1
B153: =B152+0.001 -> 3.14 | D153: St Patrick’s Hospital | E153: Item | F153: 1
B154: =B153+0.001 -> 3.141 | D154: Greenville Hospital | E154: Item | F154: 1
B155: =B154+0.001 -> 3.142 | D155: Kanyayo Clinic | E155: Item | F155: 1
B156: =B155+0.001 -> 3.143 | D156: Khotsong TB Hospital | E156: Item | F156: 1
B157: =B156+0.001 -> 3.144 | D157: Mvenyane Clinic | E157: Item | F157: 1
B158: =B157+0.001 -> 3.145 | D158: Tayler Bequest Hospital | E158: Item | F158: 1
B159: =B158+0.001 -> 3.146 | D159: Maluti CHC | E159: Item | F159: 1
... B161: =B160+0.001 -> 3.148 | D161: Sipetu Hospital | E161: Item | F161: 1
B168: TOTAL CARRIED FORWARD TO SUMMARY

Sheet SCHED 1B-4
B2: SCHEDULE MAINTENANCE OF GENERATORS AT CLUSTER ONE (1) – OR TAMBO AND ALFRED NZO DISTRICT – HEALTH FACILITIES (36 MONTHS)
B3: CONTRACT REF. NO: | D3: SCMU3-23/24-0740-HO | E3: Cluster/District: | G3: OR TAMBO & ALFRED NZO DISTRICT
B4: ASSET TYPE: | D4: STANDBY GENERATORS | G4: Cluster 1
B6: SCHEDULE 1B-4: | D6: FIXED CHARGE AND VALUE RELATED ITEMS APPLICABLE TO ALL WORK (continued)
B8: ITEM Nr. | C8: PAYMENT REFERS | D8: DESCRIPTION | E8: UNIT | F8: QTY: (A) | G8: RATE: (B) | H8: AMOUNT: (A*B)
B9: 4 | C9: GM 2.7 | D9: COMPILING OF OPERATING AND MAINTENANCE MANUALS : Compile three sets of O&M Manuals per site per asset type and asset model as per information from the Asset Register C4.1
B10: 4.1 | D10: Zwelichumile Clinic | E10: Item | F10: 1
B11: 4.2 | D11: Phakamile Clinic | E11: Item | F11: 1
B12: 4.3 | D12: Qunu Clinic | E12: Item | F12: 1
B13: 4.4 | D13: Mbekweni CHC | E13: Item | F13: 1
B14: 4.5 | D14: Mpunzana Clinic | E14: Item | F14: 1
B15: 4.6 | D15: Gengqe Clinic | E15: Item | F15: 1
B16: 4.7 | D16: Hlabatshane Clinic | E16: Item | F16: 1
B17: 4.8 | D17: Ngcengane Clinic | E17: Item | F17: 1
B18: 4.9 | D18: Mthatha Gateway Clinic | E18: Item | F18: 1
B19: 4.10 | D19: Mthatha Gateway Clinic | E19: Item | F19: 1
B20: 4.11 | D20: Mthatha General Hospital | E20: Item | F20: 1
B21: 4.12 | D21: Mthatha General Hospital | E21: Item | F21: 1
... B53: 4.44 | D53: Ncambele Clinic | E53: Item | F53: 1
B54: 4.45 | D54: Pilani Clinic | E54: Item | F54: 1
B55: =B54+0.01 -> 4.46 | D55: Double Falls Clinic | E55: Item | F55: 1
B56: =B55+0.01 -> 4.47 | D56: Canzibe Gateway Clinic | E56: Item | F56: 1
B57: =B56+0.01 -> 4.48 | D57: St Barnabas Hospital | E57: Item | F57: 1
B58: =B57+0.01 -> 4.49 | D58: Canzibe Hospital | E58: Item | F58: 1
B59: =B58+0.01 -> 4.5 | D59: Lujizweni Clinic | E59: Item | F59: 1
B60: TOTAL CARRIED TO NEXT PAGE
B61: TOTAL FROM PREVIOUS PAGE
B62: =B59+0.01 -> 4.51 | D62: Mgwenyane Clinic | E62: Item | F62: 1
B63: =B62+0.01 -> 4.52 | D63: Mtakatye Clinic | E63: Item | F63: 1
B64: =B63+0.01 -> 4.53 | D64: Nkanunu Clinic | E64: Item | F64: 1
B65: =B64+0.01 -> 4.54 | D65: Nkumandeni Clinic | E65: Item | F65: 1
B66: =B65+0.01 -> 4.55 | D66: Nqanda A Clinic | E66: Item | F66: 1
B67: =B66+0.01 -> 4.56 | D67: Old Bunting Clinic | E67: Item | F67: 1
B68: =B67+0.01 -> 4.57 | D68: St Barnabas Hospital | E68: Item | F68: 1
B69: =B68+0.01 -> 4.58 | D69: Ntapane Clinic | E69: Item | F69: 1
B70: =B69+0.01 -> 4.59 | D70: Libode Clinic | E70: Item | F70: 1
B71: =B70+0.01 -> 4.6 | D71: Makhotyana CHC | E71: Item | F71: 1
B72: =B71+0.01 -> 4.61 | D72: Nyandeni Clinic | E72: Item | F72: 1
B73: =B72+0.01 -> 4.62 | D73: Mangcwanguleni Clinic | E73: Item | F73: 1
B74: =B73+0.01 -> 4.63 | D74: Buntingville Clinic | E74: Item | F74: 1
... B110: =B109+0.01 -> 4.99 | D110: Mevana Clinic | E110: Item | F110: 1
B111: 4.1 | D111: Kohlo Clinic | E111: Item | F111: 1
B112: =B111+0.001 -> 4.101 | D112: Tombo CHC | E112: Item | F112: 1
B113: =B112+0.001 -> 4.102 | D113: Port St Johns CHC | E113: Item | F113: 1
B114: =B113+0.001 -> 4.103 | D114: Buchele Clinic | E114: Item | F114: 1
B115: =B114+0.001 -> 4.104 | D115: Mzintlava Clinic | E115: Item | F115: 1
B116: =B115+0.001 -> 4.105 | D116: Bomvini Clinic | E116: Item | F116: 1
B117: =B116+0.001 -> 4.106 | D117: Ngcoya Clinic | E117: Item | F117: 1
B118: =B117+0.001 -> 4.107 | D118: Bambisana Hospital | E118: Item | F118: 1
B119: =B118+0.001 -> 4.108 | D119: Bambisana Hospital | E119: Item | F119: 1
B120: =B119+0.001 -> 4.109 | D120: Lutshaya Clinic | E120: Item | F120: 1
B121: =B120+0.001 -> 4.11 | D121: Mantlaneni Clinic | E121: Item | F121: 1
B122: =B121+0.001 -> 4.111 | D122: Palmerton Clinic | E122: Item | F122: 1
B123: =B122+0.001 -> 4.112 | D123: Xurana Clinic | E123: Item | F123: 1
... B141: =B140+0.001 -> 4.13 | D141: St Elizabeth's Hospital | E141: Item | F141: 1
B142: TOTAL CARRIED TO NEXT PAGE
B143: TOTAL FROM PREVIOUS PAGE
B144: =B141+0.001 -> 4.131 | D144: St Elizabeth's Hospital | E144: Item | F144: 1
B145: =B144+0.001 -> 4.132 | D145: Lusikisiki EMS Station | E145: Item | F145: 1
B146: =B145+0.001 -> 4.133 | D146: Mount Ayliff Hospital | E146: Item | F146: 1
B147: =B146+0.001 -> 4.134 | D147: Mount Ayliff Hospital | E147: Item | F147: 1
B148: =B147+0.001 -> 4.135 | D148: Mount Ayliff Hospital | E148: Item | F148: 1
B149: =B148+0.001 -> 4.136 | D149: Madzikane ka Zulu Hospital | E149: Item | F149: 1
B150: =B149+0.001 -> 4.137 | D150: Madzikane ka Zulu Hospital | E150: Item | F150: 1
B151: =B150+0.001 -> 4.138 | D151: Mount Ayliff EMS Station | E151: Item | F151: 1
B152: =B151+0.001 -> 4.139 | D152: St Patrick’s Hospital | E152: Item | F152: 1
B153: =B152+0.001 -> 4.14 | D153: St Patrick’s Hospital | E153: Item | F153: 1
B154: =B153+0.001 -> 4.141 | D154: Greenville Hospital | E154: Item | F154: 1
B155: =B154+0.001 -> 4.142 | D155: Kanyayo Clinic | E155: Item | F155: 1
B156: =B155+0.001 -> 4.143 | D156: Khotsong TB Hospital | E156: Item | F156: 1
... B161: =B160+0.001 -> 4.148 | D161: Sipetu Hospital | E161: Item | F161: 1
B168: TOTAL CARRIED FORWARD TO SUMMARY

Sheet SCHED 1B-5
B2: SCHEDULE MAINTENANCE OF GENERATORS AT CLUSTER ONE (1) – OR TAMBO AND ALFRED NZO DISTRICT – HEALTH FACILITIES (36 MONTHS)
B3: CONTRACT REF. NO: | D3: SCMU3-23/24-0740-HO | E3: Cluster/District: | G3: OR TAMBO & ALFRED NZO DISTRICT
B4: ASSET TYPE: | D4: STANDBY GENERATORS | G4: Cluster 1
B6: SCHEDULE 1B-5: | D6: FIXED CHARGE AND VALUE RELATED ITEMS APPLICABLE TO ALL WORK (continued)
B8: ITEM Nr. | C8: PAYMENT REFERS | D8: DESCRIPTION | E8: UNIT | F8: QTY: (A) | G8: RATE: (B) | H8: AMOUNT: (A*B)
B9: 5 | C9: SS 8 & 9 | D9: OPERATOR AND MAINTAINER TRAINING : Provide Operator and Maintainer training as per SS8 and SS9
B10: 5.1 | D10: Zwelichumile Clinic | E10: Hrs | F10: 40
B11: 5.2 | D11: Phakamile Clinic | E11: Hrs | F11: 40
B12: 5.3 | D12: Qunu Clinic | E12: Hrs | F12: 40
B13: 5.4 | D13: Mbekweni CHC | E13: Hrs | F13: 40
B14: 5.5 | D14: Mpunzana Clinic | E14: Hrs | F14: 40
B15: 5.6 | D15: Gengqe Clinic | E15: Hrs | F15: 40
B16: 5.7 | D16: Hlabatshane Clinic | E16: Hrs | F16: 40
B17: 5.8 | D17: Ngcengane Clinic | E17: Hrs | F17: 40
B18: 5.9 | D18: Mthatha Gateway Clinic | E18: Hrs | F18: 40
B19: 5.10 | D19: Mthatha Gateway Clinic | E19: Hrs | F19: 40
B20: 5.11 | D20: Mthatha General Hospital | E20: Hrs | F20: 40
B21: 5.12 | D21: Mthatha General Hospital | E21: Hrs | F21: 40
... B53: 5.44 | D53: Ncambele Clinic | E53: Hrs | F53: 40
B54: =5.45 -> 5.45 | D54: Pilani Clinic | E54: Item | F54: 40
B55: =B54+0.01 -> 5.46 | D55: Double Falls Clinic | E55: Item | F55: 40
B56: =B55+0.01 -> 5.47 | D56: Canzibe Gateway Clinic | E56: Item | F56: 40
B57: =B56+0.01 -> 5.48 | D57: St Barnabas Hospital | E57: Item | F57: 40
B58: =B57+0.01 -> 5.49 | D58: Canzibe Hospital | E58: Item | F58: 40
B59: =B58+0.01 -> 5.5 | D59: Lujizweni Clinic | E59: Item | F59: 40
B60: =B59+0.01 -> 5.51 | D60: Mgwenyane Clinic | E60: Item | F60: 40
B61: =B60+0.01 -> 5.52 | D61: Mtakatye Clinic | E61: Item | F61: 40
B62: =B61+0.01 -> 5.53 | D62: Nkanunu Clinic | E62: Item | F62: 40
B63: =B62+0.01 -> 5.54 | D63: Nkumandeni Clinic | E63: Item | F63: 40
B64: =B63+0.01 -> 5.55 | D64: Nqanda A Clinic | E64: Item | F64: 40
B65: =B64+0.01 -> 5.56 | D65: Old Bunting Clinic | E65: Item | F65: 40
B66: =B65+0.01 -> 5.57 | D66: St Barnabas Hospital | E66: Item | F66: 40
... B81: =B80+0.01 -> 5.72 | D81: Shawbury Clinic | E81: Item | F81: 40
B82: TOTAL CARRIED TO NEXT PAGE
B83: TOTAL FROM PREVIOUS PAGE
B84: =B81+0.01 -> 5.73 | D84: Kalankomo Clinic | E84: Item | F84: 40
B85: =B84+0.01 -> 5.74 | D85: Nessie Knight Hospital | E85: Item | F85: 40
B86: =B85+0.01 -> 5.75 | D86: Mdeni Clinic | E86: Item | F86: 40
B87: =B86+0.01 -> 5.76 | D87: Gura Clinic | E87: Item | F87: 40
B88: =B87+0.01 -> 5.77 | D88: Mbalisweni Clinic | E88: Item | F88: 40
B89: =B88+0.01 -> 5.78 | D89: Nxotwe Clinic (Qumbu) | E89: Item | F89: 40
B90: =B89+0.01 -> 5.79 | D90: Caba Clinic | E90: Item | F90: 40
B91: =B90+0.01 -> 5.8 | D91: Lotana Clinic | E91: Item | F91: 40
B92: =B91+0.01 -> 5.81 | D92: Mbokotwana Clinic | E92: Item | F92: 40
B93: =B92+0.01 -> 5.82 | D93: Qolombane Clinic (Qumbu) | E93: Item | F93: 40
B94: =B93+0.01 -> 5.83 | D94: Mhlahlane Clinic | E94: Item | F94: 40
B95: =B94+0.01 -> 5.84 | D95: Lower Gungululu Clinic | E95: Item | F95: 40
B96: =B95+0.01 -> 5.85 | D96: Mhlakulo CHC | E96: Item | F96: 40
... B110: =B109+0.01 -> 5.99 | D110: Mevana Clinic | E110: Item | F110: 40
B111: 5.1 | D111: Kohlo Clinic | E111: Item | F111: 40
B112: =B111+0.001 -> 5.101 | D112: Tombo CHC | E112: Item | F112: 40
B113: =B112+0.001 -> 5.102 | D113: Port St Johns CHC | E113: Item | F113: 40
B114: =B113+0.001 -> 5.103 | D114: Buchele Clinic | E114: Item | F114: 40
B115: =B114+0.001 -> 5.104 | D115: Mzintlava Clinic | E115: Item | F115: 40
B116: =B115+0.001 -> 5.105 | D116: Bomvini Clinic | E116: Item | F116: 40
B117: =B116+0.001 -> 5.106 | D117: Ngcoya Clinic | E117: Item | F117: 40
B118: =B117+0.001 -> 5.107 | D118: Bambisana Hospital | E118: Item | F118: 40
B119: =B118+0.001 -> 5.108 | D119: Bambisana Hospital | E119: Item | F119: 40
B120: =B119+0.001 -> 5.109 | D120: Lutshaya Clinic | E120: Item | F120: 40
B121: =B120+0.001 -> 5.11 | D121: Mantlaneni Clinic | E121: Item | F121: 40
B122: =B121+0.001 -> 5.111 | D122: Palmerton Clinic | E122: Item | F122: 40
B123: =B122+0.001 -> 5.112 | D123: Xurana Clinic | E123: Item | F123: 40
... B159: =B158+0.001 -> 5.148 | D159: Sipetu Hospital | E159: Hrs | F159: 40
B164: TOTAL CARRIED FORWARD TO SUMMARY

Sheet SCHED 1B-6
B2: SCHEDULE MAINTENANCE OF GENERATORS AT CLUSTER ONE (1) – OR TAMBO AND ALFRED NZO DISTRICT – HEALTH FACILITIES (36 MONTHS)
B3: CONTRACT REF. NO: | D3: SCMU3-23/24-0740-HO | E3: Cluster/District: | G3: OR TAMBO & ALFRED NZO DISTRICT
B4: ASSET TYPE: | D4: STANDBY GENERATORS | G4: Cluster 1
B6: SCHEDULE 1B-5: | D6: FIXED CHARGE AND VALUE RELATED ITEMS APPLICABLE TO ALL WORK
B8: ITEM Nr. | C8: PAYMENT REFERS | D8: DESCRIPTION | E8: UNIT | F8: QTY: (A) | G8: RATE: (B) | H8: AMOUNT: (A*B)
B9: 6 | C9: GM 3 | D9: MAINTENANCE CONTROL PLAN : Compiling of a detailed Maintenance Control Plan for each Health Facility included in this Tender (See SS 3 for facility listing)
B10: 6.1 | D10: Zwelichumile Clinic | E10: Item | F10: 1
B11: 6.2 | D11: Phakamile Clinic | E11: Item | F11: 1
B12: 6.3 | D12: Qunu Clinic | E12: Item | F12: 1
B13: 6.4 | D13: Mbekweni CHC | E13: Item | F13: 1
B14: 6.5 | D14: Mpunzana Clinic | E14: Item | F14: 1
B15: 6.6 | D15: Gengqe Clinic | E15: Item | F15: 1
B16: 6.7 | D16: Hlabatshane Clinic | E16: Item | F16: 1
B17: 6.8 | D17: Ngcengane Clinic | E17: Item | F17: 1
B18: 6.9 | D18: Mthatha Gateway Clinic | E18: Item | F18: 1
B19: 6.10 | D19: Mthatha Gateway Clinic | E19: Item | F19: 1
B20: 6.11 | D20: Mthatha General Hospital | E20: Item | F20: 1
B21: 6.12 | D21: Mthatha General Hospital | E21: Item | F21: 1
... B53: 6.44 | D53: Ncambele Clinic | E53: Item | F53: 1
B54: =B53+0.01 -> 6.45 | D54: Pilani Clinic | E54: Item | F54: 1
B55: =B54+0.01 -> 6.46 | D55: Double Falls Clinic | E55: Item | F55: 1
B56: =B55+0.01 -> 6.47 | D56: Canzibe Gateway Clinic | E56: Item | F56: 1
B57: =B56+0.01 -> 6.48 | D57: St Barnabas Hospital | E57: Item | F57: 1
B58: =B57+0.01 -> 6.49 | D58: Canzibe Hospital | E58: Item | F58: 1
B59: =B58+0.01 -> 6.5 | D59: Lujizweni Clinic | E59: Item | F59: 1
B60: =B59+0.01 -> 6.51 | D60: Mgwenyane Clinic | E60: Item | F60: 1
B61: =B60+0.01 -> 6.52 | D61: Mtakatye Clinic | E61: Item | F61: 1
B62: =B61+0.01 -> 6.53 | D62: Nkanunu Clinic | E62: Item | F62: 1
B63: =B62+0.01 -> 6.54 | D63: Nkumandeni Clinic | E63: Item | F63: 1
B64: =B63+0.01 -> 6.55 | D64: Nqanda A Clinic | E64: Item | F64: 1
B65: =B64+0.01 -> 6.56 | D65: Old Bunting Clinic | E65: Item | F65: 1
... B69: =B68+0.01 -> 6.6 | D69: Makhotyana CHC | E69: Item | F69: 1
B70: TOTAL CARRIED TO THE NEXT PAGE
B71: TOTAL FROM PREVIOUS PAGE
B72: =B69+0.01 -> 6.61 | D72: Nyandeni Clinic | E72: Item | F72: 1
B73: =B72+0.01 -> 6.62 | D73: Mangcwanguleni Clinic | E73: Item | F73: 1
B74: =B73+0.01 -> 6.63 | D74: Buntingville Clinic | E74: Item | F74: 1
B75: =B74+0.01 -> 6.64 | D75: Malusi Clinic | E75: Item | F75: 1
B76: =B75+0.01 -> 6.65 | D76: Qanqu Clinic | E76: Item | F76: 1
B77: =B76+0.01 -> 6.66 | D77: Nessie Knight Hospital | E77: Item | F77: 1
B78: =B77+0.01 -> 6.67 | D78: Tsilitwa Clinic | E78: Item | F78: 1
B79: =B78+0.01 -> 6.68 | D79: Mahlungulu Clinic (Mhlontlo) | E79: Item | F79: 1
B80: =B79+0.01 -> 6.69 | D80: Mdyobe Clinic | E80: Item | F80: 1
B81: =B80+0.01 -> 6.7 | D81: Tina Falls Clinic | E81: Item | F81: 1
B82: =B81+0.01 -> 6.71 | D82: Qumbu CHC | E82: Item | F82: 1
B83: =B82+0.01 -> 6.72 | D83: Shawbury Clinic | E83: Item | F83: 1
B84: =B83+0.01 -> 6.73 | D84: Kalankomo Clinic | E84: Item | F84: 1
... B110: =B109+0.01 -> 6.99 | D110: Mevana Clinic | E110: Item | F110: 1
B111: 6.1 | D111: Kohlo Clinic | E111: Item | F111: 1
B112: =B111+0.001 -> 6.101 | D112: Tombo CHC | E112: Item | F112: 1
B113: =B112+0.001 -> 6.102 | D113: Port St Johns CHC | E113: Item | F113: 1
B114: =B113+0.001 -> 6.103 | D114: Buchele Clinic | E114: Item | F114: 1
B115: =B114+0.001 -> 6.104 | D115: Mzintlava Clinic | E115: Item | F115: 1
B116: =B115+0.001 -> 6.105 | D116: Bomvini Clinic | E116: Item | F116: 1
B117: =B116+0.001 -> 6.106 | D117: Ngcoya Clinic | E117: Item | F117: 1
B118: =B117+0.001 -> 6.107 | D118: Bambisana Hospital | E118: Item | F118: 1
B119: =B118+0.001 -> 6.108 | D119: Bambisana Hospital | E119: Item | F119: 1
B120: =B119+0.001 -> 6.109 | D120: Lutshaya Clinic | E120: Item | F120: 1
B121: =B120+0.001 -> 6.11 | D121: Mantlaneni Clinic | E121: Item | F121: 1
B122: =B121+0.001 -> 6.111 | D122: Palmerton Clinic | E122: Item | F122: 1
B123: =B122+0.001 -> 6.112 | D123: Xurana Clinic | E123: Item | F123: 1
... B159: =B158+0.001 -> 6.148 | D159: Sipetu Hospital | E159: Item | F159: 1
B163: TOTAL CARRIED FORWARD TO SUMMARY

Sheet SCHED 2B-1
B2: SCHEDULE MAINTENANCE OF GENERATORS AT CLUSTER ONE (1) – OR TAMBO AND ALFRED NZO DISTRICT – HEALTH FACILITIES (36 MONTHS)
B3: CONTRACT REF. NO: | D3: SCMU3-23/24-0740-HO | E3: Cluster/District: | G3: ='SCHED 1B-1'!G3 -> OR TAMBO & ALFRED NZO DISTRICT
B4: ASSET TYPE: | D4: STANDBY GENERATORS | G4: Cluster 1
B6: SCHEDULE 2B-1: | D6: FUNCTIONAL REPAIR SCHEDULE
B8: ITEM Nr. | C8: PAYMENT REFERS | D8: DESCRIPTION | E8: UNIT | F8: QTY: (A) | G8: RATE: (B) | H8: AMOUNT: (A*B)
B9: 1 | C9: GM 2.5 | D9: FUNCTIONAL CONDITION ASSESSMENT : Perform Functional Condition Assessment (Inspection and Testing) on all listed assets at all Health Facilities included in the Tender
B10: 1.1 | D10: Zwelichumile Clinic | E10: Item | F10: 1
B11: 1.2 | D11: Phakamile Clinic | E11: Item | F11: 1
B12: 1.3 | D12: Qunu Clinic | E12: Item | F12: 1
B13: 1.4 | D13: Mbekweni CHC | E13: Item | F13: 1
B14: 1.5 | D14: Mpunzana Clinic | E14: Item | F14: 1
B15: 1.6 | D15: Gengqe Clinic | E15: Item | F15: 1
B16: 1.7 | D16: Hlabatshane Clinic | E16: Item | F16: 1
B17: 1.8 | D17: Ngcengane Clinic | E17: Item | F17: 1
B18: 1.9 | D18: Mthatha Gateway Clinic | E18: Item | F18: 1
B19: 1.10 | D19: Mthatha Gateway Clinic | E19: Item | F19: 1
B20: 1.11 | D20: Mthatha General Hospital | E20: Item | F20: 1
B21: 1.12 | D21: Mthatha General Hospital | E21: Item | F21: 1
... B53: 1.44 | D53: Ncambele Clinic | E53: Item | F53: 1
B54: =B53+0.01 -> 1.45 | D54: Pilani Clinic | E54: Item | F54: 1
B55: =B54+0.01 -> 1.46 | D55: Double Falls Clinic | E55: Item | F55: 1
B56: =B55+0.01 -> 1.47 | D56: Canzibe Gateway Clinic | E56: Item | F56: 1
B57: TOTAL CARRIED TO NEXT PAGE
B58: TOTAL FROM PREVIOUS PAGE
B59: =B56+0.01 -> 1.48 | D59: St Barnabas Hospital | E59: Item | F59: 1
B60: =B59+0.01 -> 1.49 | D60: Canzibe Hospital | E60: Item | F60: 1
B61: =B60+0.01 -> 1.5 | D61: Lujizweni Clinic | E61: Item | F61: 1
B62: =B61+0.01 -> 1.51 | D62: Mgwenyane Clinic | E62: Item | F62: 1
B63: =B62+0.01 -> 1.52 | D63: Mtakatye Clinic | E63: Item | F63: 1
B64: =B63+0.01 -> 1.53 | D64: Nkanunu Clinic | E64: Item | F64: 1
B65: =B64+0.01 -> 1.54 | D65: Nkumandeni Clinic | E65: Item | F65: 1
B66: =B65+0.01 -> 1.55 | D66: Nqanda A Clinic | E66: Item | F66: 1
B67: =B66+0.01 -> 1.56 | D67: Old Bunting Clinic | E67: Item | F67: 1
B68: =B67+0.01 -> 1.57 | D68: St Barnabas Hospital | E68: Item | F68: 1
B69: =B68+0.01 -> 1.58 | D69: Ntapane Clinic | E69: Item | F69: 1
B70: =B69+0.01 -> 1.59 | D70: Libode Clinic | E70: Item | F70: 1
B71: =B70+0.01 -> 1.6 | D71: Makhotyana CHC | E71: Item | F71: 1
... B110: =B109+0.01 -> 1.99 | D110: Mevana Clinic | E110: Item | F110: 1
B111: 1.1 | D111: Kohlo Clinic | E111: Item | F111: 1
B112: =B111+0.001 -> 1.101 | D112: Tombo CHC | E112: Item | F112: 1
B113: =B112+0.001 -> 1.102 | D113: Port St Johns CHC | E113: Item | F113: 1
B114: =B113+0.001 -> 1.103 | D114: Buchele Clinic | E114: Item | F114: 1
B115: =B114+0.001 -> 1.104 | D115: Mzintlava Clinic | E115: Item | F115: 1
B116: =B115+0.001 -> 1.105 | D116: Bomvini Clinic | E116: Item | F116: 1
B117: =B116+0.001 -> 1.106 | D117: Ngcoya Clinic | E117: Item | F117: 1
B118: =B117+0.001 -> 1.107 | D118: Bambisana Hospital | E118: Item | F118: 1
B119: =B118+0.001 -> 1.108 | D119: Bambisana Hospital | E119: Item | F119: 1
B120: =B119+0.001 -> 1.109 | D120: Lutshaya Clinic | E120: Item | F120: 1
B121: =B120+0.001 -> 1.11 | D121: Mantlaneni Clinic | E121: Item | F121: 1
B122: =B121+0.001 -> 1.111 | D122: Palmerton Clinic | E122: Item | F122: 1
B123: =B122+0.001 -> 1.112 | D123: Xurana Clinic | E123: Item | F123: 1
... B135: =B134+0.001 -> 1.124 | D135: Holy Cross Hospital | E135: Item | F135: 1
B136: TOTAL CARRIED TO NEXT PAGE
B137: TOTAL FROM PREVIOUS PAGE
B138: =B135+0.001 -> 1.125 | D138: Holy Cross Hospital | E138: Item | F138: 1
B139: =B138+0.001 -> 1.126 | D139: Holy Cross Hospital | E139: Item | F139: 1
B140: =B139+0.001 -> 1.127 | D140: Holy Cross Gateway Clinic | E140: Item | F140: 1
B141: =B140+0.001 -> 1.128 | D141: KTC Clinic | E141: Item | F141: 1
B142: =B141+0.001 -> 1.129 | D142: St Elizabeth's Gateway Clinic | E142: Item | F142: 1
B143: =B142+0.001 -> 1.13 | D143: St Elizabeth's Hospital | E143: Item | F143: 1
B144: =B143+0.001 -> 1.131 | D144: St Elizabeth's Hospital | E144: Item | F144: 1
B145: =B144+0.001 -> 1.132 | D145: Lusikisiki EMS Station | E145: Item | F145: 1
B146: =B145+0.001 -> 1.133 | D146: Mount Ayliff Hospital | E146: Item | F146: 1
B147: =B146+0.001 -> 1.134 | D147: Mount Ayliff Hospital | E147: Item | F147: 1
B148: =B147+0.001 -> 1.135 | D148: Mount Ayliff Hospital | E148: Item | F148: 1
B149: =B148+0.001 -> 1.136 | D149: Madzikane ka Zulu Hospital | E149: Item | F149: 1
B150: =B149+0.001 -> 1.137 | D150: Madzikane ka Zulu Hospital | E150: Item | F150: 1
... B161: =B160+0.001 -> 1.148 | D161: Sipetu Hospital | E161: Item | F161: 1
B166: TOTAL CARRIED FORWARD TO SUMMARY

Sheet SCHED 2B-2
B2: SCHEDULE MAINTENANCE OF GENERATORS AT CLUSTER ONE (1) – OR TAMBO AND ALFRED NZO DISTRICT – HEALTH FACILITIES (36 MONTHS)
B3: CONTRACT REF. NO: | D3: SCMU3-23/24-0740-HO | E3: Cluster/District: | G3: ='SCHED 1B-1'!G3 -> OR TAMBO & ALFRED NZO DISTRICT
B4: ASSET TYPE: | D4: STANDBY GENERATORS | G4: Cluster 1
B6: SCHEDULE 2B-2: | D6: FUNCTIONAL REPAIR SCHEDULE (continued)
B8: ITEM Nr. | C8: PAYMENT REFERS | D8: DESCRIPTION | E8: UNIT | F8: QTY: (A) | G8: RATE: (B) | H8: AMOUNT: (A*B)
B9: 2 | C9: GM 2.5.(5) | D9: COMPILING OF PRICED SPARE PART LISTS : Compile detailed, comprehensive priced spare parts lists for each site and asset type (based on Contrcator's cost price). NOTE: The Employer retains the right to negotiate the offered spare part prices, if they are not in line with national price norms.
B10: 2.1 | D10: Zwelichumile Clinic | E10: Item | F10: 1
B11: 2.2 | D11: Phakamile Clinic | E11: Item | F11: 1
B12: 2.3 | D12: Qunu Clinic | E12: Item | F12: 1
B13: 2.4 | D13: Mbekweni CHC | E13: Item | F13: 1
B14: 2.5 | D14: Mpunzana Clinic | E14: Item | F14: 1
B15: 2.6 | D15: Gengqe Clinic | E15: Item | F15: 1
B16: 2.7 | D16: Hlabatshane Clinic | E16: Item | F16: 1
B17: 2.8 | D17: Ngcengane Clinic | E17: Item | F17: 1
B18: 2.9 | D18: Mthatha Gateway Clinic | E18: Item | F18: 1
B19: 2.10 | D19: Mthatha Gateway Clinic | E19: Item | F19: 1
B20: 2.11 | D20: Mthatha General Hospital | E20: Item | F20: 1
B21: 2.12 | D21: Mthatha General Hospital | E21: Item | F21: 1
... B53: 2.44 | D53: Ncambele Clinic | E53: Item | F53: 1
B54: =B53+0.01 -> 2.45 | D54: Pilani Clinic | E54: Item | F54: 1
B55: =B54+0.01 -> 2.46 | D55: Double Falls Clinic | E55: Item | F55: 1
B56: =B55+0.01 -> 2.47 | D56: Canzibe Gateway Clinic | E56: Item | F56: 1
B57: =B56+0.01 -> 2.48 | D57: St Barnabas Hospital | E57: Item | F57: 1
B58: TOAL CARRIED TO NEXT PAGE
B59: TOTAL FROM PREVIOUS PAGE
B60: =B57+0.01 -> 2.49 | D60: Canzibe Hospital | E60: Item | F60: 1
B61: =B60+0.01 -> 2.5 | D61: Lujizweni Clinic | E61: Item | F61: 1
B62: =B61+0.01 -> 2.51 | D62: Mgwenyane Clinic | E62: Item | F62: 1
B63: =B62+0.01 -> 2.52 | D63: Mtakatye Clinic | E63: Item | F63: 1
B64: =B63+0.01 -> 2.53 | D64: Nkanunu Clinic | E64: Item | F64: 1
B65: =B64+0.01 -> 2.54 | D65: Nkumandeni Clinic | E65: Item | F65: 1
B66: =B65+0.01 -> 2.55 | D66: Nqanda A Clinic | E66: Item | F66: 1
B67: =B66+0.01 -> 2.56 | D67: Old Bunting Clinic | E67: Item | F67: 1
B68: =B67+0.01 -> 2.57 | D68: St Barnabas Hospital | E68: Item | F68: 1
B69: =B68+0.01 -> 2.58 | D69: Ntapane Clinic | E69: Item | F69: 1
B70: =B69+0.01 -> 2.59 | D70: Libode Clinic | E70: Item | F70: 1
B71: =B70+0.01 -> 2.6 | D71: Makhotyana CHC | E71: Item | F71: 1
B72: =B71+0.01 -> 2.61 | D72: Nyandeni Clinic | E72: Item | F72: 1
... B110: =B109+0.01 -> 2.99 | D110: Mevana Clinic | E110: Item | F110: 1
B111: 2.1 | D111: Kohlo Clinic | E111: Item | F111: 1
B112: =B111+0.001 -> 2.101 | D112: Tombo CHC | E112: Item | F112: 1
B113: =B112+0.001 -> 2.102 | D113: Port St Johns CHC | E113: Item | F113: 1
B114: =B113+0.001 -> 2.103 | D114: Buchele Clinic | E114: Item | F114: 1
B115: =B114+0.001 -> 2.104 | D115: Mzintlava Clinic | E115: Item | F115: 1
B116: =B115+0.001 -> 2.105 | D116: Bomvini Clinic | E116: Item | F116: 1
B117: =B116+0.001 -> 2.106 | D117: Ngcoya Clinic | E117: Item | F117: 1
B118: =B117+0.001 -> 2.107 | D118: Bambisana Hospital | E118: Item | F118: 1
B119: =B118+0.001 -> 2.108 | D119: Bambisana Hospital | E119: Item | F119: 1
B120: =B119+0.001 -> 2.109 | D120: Lutshaya Clinic | E120: Item | F120: 1
B121: =B120+0.001 -> 2.11 | D121: Mantlaneni Clinic | E121: Item | F121: 1
B122: =B121+0.001 -> 2.111 | D122: Palmerton Clinic | E122: Item | F122: 1
B123: =B122+0.001 -> 2.112 | D123: Xurana Clinic | E123: Item | F123: 1
... B138: =B137+0.001 -> 2.127 | D138: Holy Cross Gateway Clinic | E138: Item | F138: 1
B139: TOTAL CARRIED TO NEXT PAGE
B140: TOTAL FROM PREVIOUS PAGE
B141: =B138+0.001 -> 2.128 | D141: KTC Clinic | E141: Item | F141: 1
B142: =B141+0.001 -> 2.129 | D142: St Elizabeth's Gateway Clinic | E142: Item | F142: 1
B143: =B142+0.001 -> 2.13 | D143: St Elizabeth's Hospital | E143: Item | F143: 1
B144: =B143+0.001 -> 2.131 | D144: St Elizabeth's Hospital | E144: Item | F144: 1
B145: =B144+0.001 -> 2.132 | D145: Lusikisiki EMS Station | E145: Item | F145: 1
B146: =B145+0.001 -> 2.133 | D146: Mount Ayliff Hospital | E146: Item | F146: 1
B147: =B146+0.001 -> 2.134 | D147: Mount Ayliff Hospital | E147: Item | F147: 1
B148: =B147+0.001 -> 2.135 | D148: Mount Ayliff Hospital | E148: Item | F148: 1
B149: =B148+0.001 -> 2.136 | D149: Madzikane ka Zulu Hospital | E149: Item | F149: 1
B150: =B149+0.001 -> 2.137 | D150: Madzikane ka Zulu Hospital | E150: Item | F150: 1
B151: =B150+0.001 -> 2.138 | D151: Mount Ayliff EMS Station | E151: Item | F151: 1
B152: =B151+0.001 -> 2.139 | D152: St Patrick’s Hospital | E152: Item | F152: 1
B153: =B152+0.001 -> 2.14 | D153: St Patrick’s Hospital | E153: Item | F153: 1
... B161: =B160+0.001 -> 2.148 | D161: Sipetu Hospital | E161: Item | F161: 1
B167: TOTAL CARRIED FORWARD TO SUMMARY

Sheet SCHED 2B-3
B2: SCHEDULE MAINTENANCE OF GENERATORS AT CLUSTER ONE (1) – OR TAMBO AND ALFRED NZO DISTRICT – HEALTH FACILITIES (36 MONTHS)
B3: CONTRACT REF. NO: | D3: SCMU3-23/24-0740-HO | E3: Cluster/District: | G3: ='SCHED 1B-1'!G3 -> OR TAMBO & ALFRED NZO DISTRICT
B4: ASSET TYPE: | D4: STANDBY GENERATORS | G4: Cluster 1
B6: SCHEDULE 2B-3: | D6: FUNCTIONAL REPAIR SCHEDULE (continued)
B8: ITEM Nr. | C8: PAYMENT REFERS | D8: DESCRIPTION | E8: UNIT | F8: QTY: (A) | G8: RATE: (B) | H8: AMOUNT: (A*B)
B9: 3 | C9: GM 2.5 | D9: COMPILING OF DETAILED REPAIR SCHEDULE : Compile detailed, comprehensive repair schedule including defect description, recommended repair method, detailed quote including priced spare parts, outsourced work, and provisional work program, for each Health Facility and asset type.
B10: 3.1 | D10: Zwelichumile Clinic | E10: Item | F10: 1
B11: 3.2 | D11: Phakamile Clinic | E11: Item | F11: 1
B12: 3.3 | D12: Qunu Clinic | E12: Item | F12: 1
B13: 3.4 | D13: Mbekweni CHC | E13: Item | F13: 1
B14: 3.5 | D14: Mpunzana Clinic | E14: Item | F14: 1
B15: 3.6 | D15: Gengqe Clinic | E15: Item | F15: 1
B16: 3.7 | D16: Hlabatshane Clinic | E16: Item | F16: 1
B17: 3.8 | D17: Ngcengane Clinic | E17: Item | F17: 1
B18: 3.9 | D18: Mthatha Gateway Clinic | E18: Item | F18: 1
B19: 3.10 | D19: Mthatha Gateway Clinic | E19: Item | F19: 1
B20: 3.11 | D20: Mthatha General Hospital | E20: Item | F20: 1
B21: 3.12 | D21: Mthatha General Hospital | E21: Item | F21: 1
... B53: 3.44 | D53: Ncambele Clinic | E53: Item | F53: 1
B54: =B53+0.01 -> 3.45 | D54: Pilani Clinic | E54: Item | F54: 1
B55: =B54+0.01 -> 3.46 | D55: Double Falls Clinic | E55: Item | F55: 1
B56: =B55+0.01 -> 3.47 | D56: Canzibe Gateway Clinic | E56: Item | F56: 1
B57: =B56+0.01 -> 3.48 | D57: St Barnabas Hospital | E57: Item | F57: 1
B58: =B57+0.01 -> 3.49 | D58: Canzibe Hospital | E58: Item | F58: 1
B59: TOTAL CARRIED TO NEXT PAGE
B60: TOTAL FROM PREVIOUS PAGE
B61: =B58+0.01 -> 3.5 | D61: Lujizweni Clinic | E61: Item | F61: 1
B62: =B61+0.01 -> 3.51 | D62: Mgwenyane Clinic | E62: Item | F62: 1
B63: =B62+0.01 -> 3.52 | D63: Mtakatye Clinic | E63: Item | F63: 1
B64: =B63+0.01 -> 3.53 | D64: Nkanunu Clinic | E64: Item | F64: 1
B65: =B64+0.01 -> 3.54 | D65: Nkumandeni Clinic | E65: Item | F65: 1
B66: =B65+0.01 -> 3.55 | D66: Nqanda A Clinic | E66: Item | F66: 1
B67: =B66+0.01 -> 3.56 | D67: Old Bunting Clinic | E67: Item | F67: 1
B68: =B67+0.01 -> 3.57 | D68: St Barnabas Hospital | E68: Item | F68: 1
B69: =B68+0.01 -> 3.58 | D69: Ntapane Clinic | E69: Item | F69: 1
B70: =B69+0.01 -> 3.59 | D70: Libode Clinic | E70: Item | F70: 1
B71: =B70+0.01 -> 3.6 | D71: Makhotyana CHC | E71: Item | F71: 1
B72: =B71+0.01 -> 3.61 | D72: Nyandeni Clinic | E72: Item | F72: 1
B73: =B72+0.01 -> 3.62 | D73: Mangcwanguleni Clinic | E73: Item | F73: 1
... B110: =B109+0.01 -> 3.99 | D110: Mevana Clinic | E110: Item | F110: 1
B111: 3.1 | D111: Kohlo Clinic | E111: Item | F111: 1
B112: =B111+0.001 -> 3.101 | D112: Tombo CHC | E112: Item | F112: 1
B113: =B112+0.001 -> 3.102 | D113: Port St Johns CHC | E113: Item | F113: 1
B114: =B113+0.001 -> 3.103 | D114: Buchele Clinic | E114: Item | F114: 1
B115: =B114+0.001 -> 3.104 | D115: Mzintlava Clinic | E115: Item | F115: 1
B116: =B115+0.001 -> 3.105 | D116: Bomvini Clinic | E116: Item | F116: 1
B117: =B116+0.001 -> 3.106 | D117: Ngcoya Clinic | E117: Item | F117: 1
B118: =B117+0.001 -> 3.107 | D118: Bambisana Hospital | E118: Item | F118: 1
B119: =B118+0.001 -> 3.108 | D119: Bambisana Hospital | E119: Item | F119: 1
B120: =B119+0.001 -> 3.109 | D120: Lutshaya Clinic | E120: Item | F120: 1
B121: =B120+0.001 -> 3.11 | D121: Mantlaneni Clinic | E121: Item | F121: 1
B122: =B121+0.001 -> 3.111 | D122: Palmerton Clinic | E122: Item | F122: 1
B123: =B122+0.001 -> 3.112 | D123: Xurana Clinic | E123: Item | F123: 1
... B140: =B139+0.001 -> 3.129 | D140: St Elizabeth's Gateway Clinic | E140: Item | F140: 1
B141: TOTAL CARRIED TO NEXT PAGE
B142: TOTAL FROM PREVIOUS PAGE
B143: =B140+0.001 -> 3.13 | D143: St Elizabeth's Hospital | E143: Item | F143: 1
B144: =B143+0.001 -> 3.131 | D144: St Elizabeth's Hospital | E144: Item | F144: 1
B145: =B144+0.001 -> 3.132 | D145: Lusikisiki EMS Station | E145: Item | F145: 1
B146: =B145+0.001 -> 3.133 | D146: Mount Ayliff Hospital | E146: Item | F146: 1
B147: =B146+0.001 -> 3.134 | D147: Mount Ayliff Hospital | E147: Item | F147: 1
B148: =B147+0.001 -> 3.135 | D148: Mount Ayliff Hospital | E148: Item | F148: 1
B149: =B148+0.001 -> 3.136 | D149: Madzikane ka Zulu Hospital | E149: Item | F149: 1
B150: =B149+0.001 -> 3.137 | D150: Madzikane ka Zulu Hospital | E150: Item | F150: 1
B151: =B150+0.001 -> 3.138 | D151: Mount Ayliff EMS Station | E151: Item | F151: 1
B152: =B151+0.001 -> 3.139 | D152: St Patrick’s Hospital | E152: Item | F152: 1
B153: =B152+0.001 -> 3.14 | D153: St Patrick’s Hospital | E153: Item | F153: 1
B154: =B153+0.001 -> 3.141 | D154: Greenville Hospital | E154: Item | F154: 1
B155: =B154+0.001 -> 3.142 | D155: Kanyayo Clinic | E155: Item | F155: 1
... B161: =B160+0.001 -> 3.148 | D161: Sipetu Hospital | E161: Item | F161: 1
B167: TOTAL CARRIED FORWARD TO SUMMARY

Sheet SCHED 2B-4
B2: SCHEDULE MAINTENANCE OF GENERATORS AT CLUSTER ONE (1) – OR TAMBO AND ALFRED NZO DISTRICT – HEALTH FACILITIES (36 MONTHS)
B3: CONTRACT REF. NO: | D3: SCMU3-23/24-0740-HO | E3: Cluster/District: | G3: ='SCHED 1B-1'!G3 -> OR TAMBO & ALFRED NZO DISTRICT
B4: ASSET TYPE: | D4: STANDBY GENERATORS | G4: Cluster 1
B6: SCHEDULE 2B-4: | D6: FUNCTIONAL REPAIR SCHEDULE
B8: ITEM Nr. | C8: PAYMENT REFERS | D8: DESCRIPTION | E8: UNIT | F8: QTY: (A) | G8: RATE: (B) | H8: AMOUNT: (A*B)
B9: 4 | C9: GM 2.6 | D9: COMPILE FUNCTIONAL CONDITION ASSESSMENT REPORT: Compile Functional Condition Assessment Report for all asset types at all Health Facilities included in the Tender
B10: 4.1 | D10: Zwelichumile Clinic | E10: Item | F10: 1
B11: 4.2 | D11: Phakamile Clinic | E11: Item | F11: 1
B12: 4.3 | D12: Qunu Clinic | E12: Item | F12: 1
B13: 4.4 | D13: Mbekweni CHC | E13: Item | F13: 1
B14: 4.5 | D14: Mpunzana Clinic | E14: Item | F14: 1
B15: 4.6 | D15: Gengqe Clinic | E15: Item | F15: 1
B16: 4.7 | D16: Hlabatshane Clinic | E16: Item | F16: 1
B17: 4.8 | D17: Ngcengane Clinic | E17: Item | F17: 1
B18: 4.9 | D18: Mthatha Gateway Clinic | E18: Item | F18: 1
B19: 4.10 | D19: Mthatha Gateway Clinic | E19: Item | F19: 1
B20: 4.11 | D20: Mthatha General Hospital | E20: Item | F20: 1
B21: 4.12 | D21: Mthatha General Hospital | E21: Item | F21: 1
... B53: 4.44 | D53: Ncambele Clinic | E53: Item | F53: 1
B54: =B53+0.01 -> 4.45 | D54: Pilani Clinic | E54: Item | F54: 1
B55: =B54+0.01 -> 4.46 | D55: Double Falls Clinic | E55: Item | F55: 1
B56: =B55+0.01 -> 4.47 | D56: Canzibe Gateway Clinic | E56: Item | F56: 1
B57: =B56+0.01 -> 4.48 | D57: St Barnabas Hospital | E57: Item | F57: 1
B58: =B57+0.01 -> 4.49 | D58: Canzibe Hospital | E58: Item | F58: 1
B59: =B58+0.01 -> 4.5 | D59: Lujizweni Clinic | E59: Item | F59: 1
B60: =B59+0.01 -> 4.51 | D60: Mgwenyane Clinic | E60: Item | F60: 1
B61: =B60+0.01 -> 4.52 | D61: Mtakatye Clinic | E61: Item | F61: 1
B62: =B61+0.01 -> 4.53 | D62: Nkanunu Clinic | E62: Item | F62: 1
B63: =B62+0.01 -> 4.54 | D63: Nkumandeni Clinic | E63: Item | F63: 1
B64: =B63+0.01 -> 4.55 | D64: Nqanda A Clinic | E64: Item | F64: 1
B65: =B64+0.01 -> 4.56 | D65: Old Bunting Clinic | E65: Item | F65: 1
... B69: =B68+0.01 -> 4.6 | D69: Makhotyana CHC | E69: Item | F69: 1
B70: TOTAL CARRIED TO NEXT PAGE
B71: TOTAL FROM PREVIOUS PAGE
B72: =B69+0.01 -> 4.61 | D72: Nyandeni Clinic | E72: Item | F72: 1
B73: =B72+0.01 -> 4.62 | D73: Mangcwanguleni Clinic | E73: Item | F73: 1
B74: =B73+0.01 -> 4.63 | D74: Buntingville Clinic | E74: Item | F74: 1
B75: =B74+0.01 -> 4.64 | D75: Malusi Clinic | E75: Item | F75: 1
B76: =B75+0.01 -> 4.65 | D76: Qanqu Clinic | E76: Item | F76: 1
B77: =B76+0.01 -> 4.66 | D77: Nessie Knight Hospital | E77: Item | F77: 1
B78: =B77+0.01 -> 4.67 | D78: Tsilitwa Clinic | E78: Item | F78: 1
B79: =B78+0.01 -> 4.68 | D79: Mahlungulu Clinic (Mhlontlo) | E79: Item | F79: 1
B80: =B79+0.01 -> 4.69 | D80: Mdyobe Clinic | E80: Item | F80: 1
B81: =B80+0.01 -> 4.7 | D81: Tina Falls Clinic | E81: Item | F81: 1
B82: =B81+0.01 -> 4.71 | D82: Qumbu CHC | E82: Item | F82: 1
B83: =B82+0.01 -> 4.72 | D83: Shawbury Clinic | E83: Item | F83: 1
B84: =B83+0.01 -> 4.73 | D84: Kalankomo Clinic | E84: Item | F84: 1
... B110: =B109+0.01 -> 4.99 | D110: Mevana Clinic | E110: Item | F110: 1
B111: 4.1 | D111: Kohlo Clinic | E111: Item | F111: 1
B112: =B111+0.001 -> 4.101 | D112: Tombo CHC | E112: Item | F112: 1
B113: =B112+0.001 -> 4.102 | D113: Port St Johns CHC | E113: Item | F113: 1
B114: =B113+0.001 -> 4.103 | D114: Buchele Clinic | E114: Item | F114: 1
B115: =B114+0.001 -> 4.104 | D115: Mzintlava Clinic | E115: Item | F115: 1
B116: =B115+0.001 -> 4.105 | D116: Bomvini Clinic | E116: Item | F116: 1
B117: =B116+0.001 -> 4.106 | D117: Ngcoya Clinic | E117: Item | F117: 1
B118: =B117+0.001 -> 4.107 | D118: Bambisana Hospital | E118: Item | F118: 1
B119: =B118+0.001 -> 4.108 | D119: Bambisana Hospital | E119: Item | F119: 1
B120: =B119+0.001 -> 4.109 | D120: Lutshaya Clinic | E120: Item | F120: 1
B121: =B120+0.001 -> 4.11 | D121: Mantlaneni Clinic | E121: Item | F121: 1
B122: =B121+0.001 -> 4.111 | D122: Palmerton Clinic | E122: Item | F122: 1
B123: =B122+0.001 -> 4.112 | D123: Xurana Clinic | E123: Item | F123: 1
... B159: =B158+0.001 -> 4.148 | D159: Sipetu Hospital | E159: Item | F159: 1
B163: TOTAL CARRIED FORWARD TO SUMMARY

Sheet SCHEDULE 3B
B2: SCHEDULE MAINTENANCE OF GENERATORS AT CLUSTER ONE (1) – OR TAMBO AND ALFRED NZO DISTRICT – HEALTH FACILITIES (36 MONTHS)
B3: CONTRACT REF. NO: | D3: SCMU3-23/24-0740-HO | E3: Cluster/District: | G3: ='SCHED 1B-1'!G3 -> OR TAMBO & ALFRED NZO DISTRICT
B4: ASSET TYPE: | D4: STANDBY GENERATORS | G4: Cluster 1
B6: SCHEDULE 3B : | D6: MAINTENANCE SERVICE SCHEDULE
B8: ITEM Nr. | C8: PAYMENT REFERS | D8: DESCRIPTION | E8: UNIT | F8: QTY: (A) | G8: RATE: (B) | H8: AMOUNT: (A*B)
B9: 1 | C9: GM 3.2 | D9: MAINTENANCE WORKS : Standard servicing and planned Maintenance Costs including all parts, consumables and lubricants, labour, travelling, accommodation and subsistence allowances (Price per machine)
B10: 1.1 | D10: Zwelichumile Clinic: 65.7KVA
B11: 1.1.1 | D11: Minor Service Cost : Price per Monthly Service / Inspection per machine, as per tasks from the Monthly Service Inspection Guideline in C6. | E11: No | F11: =12*2*1 -> 24
B12: 1.1.2 | D12: Minor Service Cost : Price per Three Monthly Service / Inspection per machine, as per tasks from the Three Monthly Service Inspection Guideline in C6. | E12: No | F12: =4*1*1 -> 4
B13: 1.1.3 | D13: Major Service Cost : Price per Six Monthly Service / Inspection per machine, as per tasks from the Six Monthly Service Inspection Guideline in C6. | E13: No | F13: =2*3*1 -> 6
B14: 1.2 | D14: Phakamile Clinic: 62.5KVA
B15: 1.2.1 | D15: Minor Service Cost : Price per Monthly Service / Inspection per machine, as per tasks from the Monthly Service Inspection Guideline in C6. | E15: No | F15: =12*2*1 -> 24
B16: 1.2.2 | D16: Minor Service Cost : Price per Three Monthly Service / Inspection per machine, as per tasks from the Three Monthly Service Inspection Guideline in C6. | E16: No | F16: =4*1*1 -> 4
B17: 1.2.3 | D17: Major Service Cost : Price per Six Monthly Service / Inspection per machine, as per tasks from the Six Monthly Service Inspection Guideline in C6. | E17: No | F17: =2*3*1 -> 6
B18: 1.3 | D18: Qunu Clinic : 64KVA
B19: 1.3.1 | D19: Minor Service Cost : Price per Monthly Service / Inspection per machine, as per tasks from the Monthly Service Inspection Guideline in C6. | E19: No | F19: =12*2*1 -> 24
B20: 1.3.2 | D20: Minor Service Cost : Price per Three Monthly Service / Inspection per machine, as per tasks from the Three Monthly Service Inspection Guideline in C6. | E20: No | F20: =4*1*1 -> 4
B21: 1.3.3 | D21: Major Service Cost : Price per Six Monthly Service / Inspection per machine, as per tasks from the Six Monthly Service Inspection Guideline in C6. | E21: No | F21: =2*3*1 -> 6
B22: 1.4 | D22: Mbekweni CHC: 57KVA
B23: 1.4.1 | D23: Minor Service Cost : Price per Monthly Service / Inspection per machine, as per tasks from the Monthly Service Inspection Guideline in C6. | E23: No | F23: 24
B24: 1.4.2 | D24: Minor Service Cost : Price per Three Monthly Service / Inspection per machine, as per tasks from the Three Monthly Service Inspection Guideline in C6. | E24: No | F24: 4
B25: 1.4.3 | D25: Major Service Cost : Price per Six Monthly Service / Inspection per machine, as per tasks from the Six Monthly Service Inspection Guideline in C6. | E25: No | F25: 6
B26: 1.5 | D26: Mpunzana Clinic: 65.7 KVA
B27: 1.5.1 | D27: Minor Service Cost : Price per Monthly Service / Inspection per machine, as per tasks from the Monthly Service Inspection Guideline in C6. | E27: No | F27: =12*2*1 -> 24
B28: 1.5.2 | D28: Minor Service Cost : Price per Three Monthly Service / Inspection per machine, as per tasks from the Three Monthly Service Inspection Guideline in C6. | E28: No | F28: =4*1*1 -> 4
B29: 1.5.3 | D29: Major Service Cost : Price per Six Monthly Service / Inspection per machine, as per tasks from the Six Monthly Service Inspection Guideline in C6. | E29: No | F29: =2*3*1 -> 6
B30: TOTAL CARRIED TO NEXT PAGE
B31: TOTAL FROM PREVIOUS PAGE
B32: 1.6 | D32: Gengqe Clinic: 27 KVA
B33: 1.6.1 | D33: Minor Service Cost : Price per Monthly Service / Inspection per machine, as per tasks from the Monthly Service Inspection Guideline in C6. | E33: No | F33: =12*2*1 -> 24
B34: 1.6.2 | D34: Minor Service Cost : Price per Three Monthly Service / Inspection per machine, as per tasks from the Three Monthly Service Inspection Guideline in C6. | E34: No | F34: =4*1*1 -> 4
B35: 1.6.3 | D35: Major Service Cost : Price per Six Monthly Service / Inspection per machine, as per tasks from the Six Monthly Service Inspection Guideline in C6. | E35: No | F35: =2*3*1 -> 6
B36: 1.7 | D36: Hlabatshane Clinic: 62.5 KVA
B37: 1.7.1 | D37: Minor Service Cost : Price per Monthly Service / Inspection per machine, as per tasks from the Monthly Service Inspection Guideline in C6. | E37: No | F37: =12*2*1 -> 24
B38: 1.7.2 | D38: Minor Service Cost : Price per Three Monthly Service / Inspection per machine, as per tasks from the Three Monthly Service Inspection Guideline in C6. | E38: No | F38: =4*1*1 -> 4
B39: 1.7.3 | D39: Major Service Cost : Price per Six Monthly Service / Inspection per machine, as per tasks from the Six Monthly Service Inspection Guideline in C6. | E39: No | F39: =2*3*1 -> 6
B40: 1.8 | D40: Ngcengane Clinic: 92 KVA
B41: 1.8.1 | D41: Minor Service Cost : Price per Monthly Service / Inspection per machine, as per tasks from the Monthly Service Inspection Guideline in C6. | E41: No | F41: 24
B42: 1.8.2 | D42: Minor Service Cost : Price per Three Monthly Service / Inspection per machine, as per tasks from the Three Monthly Service Inspection Guideline in C6. | E42: No | F42: 4
B43: 1.8.3 | D43: Major Service Cost : Price per Six Monthly Service / Inspection per machine, as per tasks from the Six Monthly Service Inspection Guideline in C6. | E43: No | F43: 6
B44: 1.9 | D44: Mthatha Gateway Clinic: 46.3KVA
B45: 1.9.1 | D45: Minor Service Cost : Price per Monthly Service / Inspection per machine, as per tasks from the Monthly Service Inspection Guideline in C6. | E45: No | F45: =12*2*1 -> 24
B46: 1.9.2 | D46: Minor Service Cost : Price per Three Monthly Service / Inspection per machine, as per tasks from the Three Monthly Service Inspection Guideline in C6. | E46: No | F46: =4*1*1 -> 4
B47: 1.9.3 | D47: Major Service Cost : Price per Six Monthly Service / Inspection per machine, as per tasks from the Six Monthly Service Inspection Guideline in C6. | E47: No | F47: =2*3*1 -> 6
B48: 1.1 | D48: Mthatha Gateway Clinic: 46.3KVA
B49: 1.10.1 | D49: Minor Service Cost : Price per Monthly Service / Inspection per machine, as per tasks from the Monthly Service Inspection Guideline in C6. | E49: No | F49: =12*2*1 -> 24
B50: 1.10.2 | D50: Minor Service Cost : Price per Three Monthly Service / Inspection per machine, as per tasks from the Three Monthly Service Inspection Guideline in C6. | E50: No | F50: =4*1*1 -> 4
B51: 1.10.3 | D51: Major Service Cost : Price per Six Monthly Service / Inspection per machine, as per tasks from the Six Monthly Service Inspection Guideline in C6. | E51: No | F51: =2*3*1 -> 6
B52: TOTAL CARRIED TO NEXT PAGE
B53: TOTAL FROM PREVIOUS PAGE
B54: 1.11 | D54: Mthatha General Hospital: 153KVA
B55: 1.11.1 | D55: Minor Service Cost : Price per Monthly Service / Inspection per machine, as per tasks from the Monthly Service Inspection Guideline in C6. | E55: No | F55: =12*2*1 -> 24
B56: 1.11.2 | D56: Minor Service Cost : Price per Three Monthly Service / Inspection per machine, as per tasks from the Three Monthly Service Inspection Guideline in C6. | E56: No | F56: =4*1*1 -> 4
B57: 1.11.3 | D57: Major Service Cost : Price per Six Monthly Service / Inspection per machine, as per tasks from the Six Monthly Service Inspection Guideline in C6. | E57: No | F57: =2*3*1 -> 6
B58: 1.12 | D58: Mthatha General Hospital: 163KVA
B59: 1.12.1 | D59: Minor Service Cost : Price per Monthly Service / Inspection per machine, as per tasks from the Monthly Service Inspection Guideline in C6. | E59: No | F59: =12*2*1 -> 24
B60: 1.12.2 | D60: Minor Service Cost : Price per Three Monthly Service / Inspection per machine, as per tasks from the Three Monthly Service Inspection Guideline in C6. | E60: No | F60: =4*1*1 -> 4
B61: 1.12.3 | D61: Major Service Cost : Price per Six Monthly Service / Inspection per machine, as per tasks from the Six Monthly Service Inspection Guideline in C6. | E61: No | F61: =2*3*1 -> 6
B62: 1.13 | D62: Mthatha General Hospital: 163KVA
B63: 1.13.1 | D63: Minor Service Cost : Price per Monthly Service / Inspection per machine, as per tasks from the Monthly Service Inspection Guideline in C6. | E63: No | F63: =12*2*1 -> 24
B64: 1.13.2 | D64: Minor Service Cost : Price per Three Monthly Service / Inspection per machine, as per tasks from the Three Monthly Service Inspection Guideline in C6. | E64: No | F64: =4*1*1 -> 4
B65: 1.13.3 | D65: Major Service Cost : Price per Six Monthly Service / Inspection per machine, as per tasks from the Six Monthly Service Inspection Guideline in C6. | E65: No | F65: =2*3*1 -> 6
B66: 1.14 | D66: Mthatha General Hospital: 163KVA
B67: 1.14.1 | D67: Minor Service Cost : Price per Monthly Service / Inspection per machine, as per tasks from the Monthly Service Inspection Guideline in C6. | E67: No | F67: 24
B68: 1.14.2 | D68: Minor Service Cost : Price per Three Monthly Service / Inspection per machine, as per tasks from the Three Monthly Service Inspection Guideline in C6. | E68: No | F68: 4
B69: 1.14.3 | D69: Major Service Cost : Price per Six Monthly Service / Inspection per machine, as per tasks from the Six Monthly Service Inspection Guideline in C6. | E69: No | F69: 6
B70: 1.15 | D70: Mthatha General Hospital: 380KVA
B71: 1.15.1 | D71: Minor Service Cost : Price per Monthly Service / Inspection per machine, as per tasks from the Monthly Service Inspection Guideline in C6. | E71: No | F71: =12*2*1 -> 24
B72: 1.15.2 | D72: Minor Service Cost : Price per Three Monthly Service / Inspection per machine, as per tasks from the Three Monthly Service Inspection Guideline in C6. | E72: No | F72: =4*1*1 -> 4
B73: 1.15.3 | D73: Major Service Cost : Price per Six Monthly Service / Inspection per machine, as per tasks from the Six Monthly Service Inspection Guideline in C6. | E73: No | F73: =2*3*1 -> 6
B74: TOTAL CARRIED TO NEXT PAGE
B75: TOTAL FROM PREVIOUS PAGE
B76: 1.16 | D76: Ngqungqu Clinic: 60 KVA
B77: 1.16.1 | D77: Minor Service Cost : Price per Monthly Service / Inspection per machine, as per tasks from the Monthly Service Inspection Guideline in C6. | E77: No | F77: =12*2*1 -> 24
B78: 1.16.2 | D78: Minor Service Cost : Price per Three Monthly Service / Inspection per machine, as per tasks from the Three Monthly Service Inspection Guideline in C6. | E78: No | F78: =4*1*1 -> 4
B79: 1.16.3 | D79: Major Service Cost : Price per Six Monthly Service / Inspection per machine, as per tasks from the Six Monthly Service Inspection Guideline in C6. | E79: No | F79: =2*3*1 -> 6
B80: 1.17 | D80: Wilo Clinic: 62.5 KVA
B81: 1.17.1 | D81: Minor Service Cost : Price per Monthly Service / Inspection per machine, as per tasks from the Monthly Service Inspection Guideline in C6. | E81: No | F81: =12*2*1 -> 24
B82: 1.17.2 | D82: Minor Service Cost : Price per Three Monthly Service / Inspection per machine, as per tasks from the Three Monthly Service Inspection Guideline in C6. | E82: No | F82: =4*1*1 -> 4
B83: 1.17.3 | D83: Major Service Cost : Price per Six Monthly Service / Inspection per machine, as per tasks from the Six Monthly Service Inspection Guideline in C6. | E83: No | F83: =2*3*1 -> 6
B84: 1.18 | D84: Kambi Clinic: 50.6 KVA
B85: 1.18.1 | D85: Minor Service Cost : Price per Monthly Service / Inspection per machine, as per tasks from the Monthly Service Inspection Guideline in C6. | E85: No | F85: =12*2*1 -> 24
B86: 1.18.2 | D86: Minor Service Cost : Price per Three Monthly Service / Inspection per machine, as per tasks from the Three Monthly Service Inspection Guideline in C6. | E86: No | F86: =4*1*1 -> 4
B87: 1.18.3 | D87: Major Service Cost : Price per Six Monthly Service / Inspection per machine, as per tasks from the Six Monthly Service Inspection Guideline in C6. | E87: No | F87: =2*3*1 -> 6
B88: 1.19 | D88: Tshezi Clinic: 62.5 KVA
B89: 1.19.1 | D89: Minor Service Cost : Price per Monthly Service / Inspection per machine, as per tasks from the Monthly Service Inspection Guideline in C6. | E89: No | F89: =12*2*1 -> 24
B90: 1.19.2 | D90: Minor Service Cost : Price per Three Monthly Service / Inspection per machine, as per tasks from the Three Monthly Service Inspection Guideline in C6. | E90: No | F90: =4*1*1 -> 4
B91: 1.19.3 | D91: Major Service Cost : Price per Six Monthly Service / Inspection per machine, as per tasks from the Six Monthly Service Inspection Guideline in C6. | E91: No | F91: =2*3*1 -> 6
B92: 1.2 | D92: Zidindi Clinic: 60 KVA
B93: 1.20.1 | D93: Minor Service Cost : Price per Monthly Service / Inspection per machine, as per tasks from the Monthly Service Inspection Guideline in C6. | E93: No | F93: =12*2*1 -> 24
B94: 1.20.2 | D94: Minor Service Cost : Price per Three Monthly Service / Inspection per machine, as per tasks from the Three Monthly Service Inspection Guideline in C6. | E94: No | F94: =4*1*1 -> 4
B95: TOTAL CARRIED TO NEXT PAGE
B96: TOTAL FROM PREVIOUS PAGE
B97: 1.20.3 | D97: Major Service Cost : Price per Six Monthly Service / Inspection per machine, as per tasks from the Six Monthly Service Inspection Guideline in C6. | E97: No | F97: =2*3*1 -> 6
B98: 1.22 | D98: Zitulele Hospital: 160 KVA
B99: 1.22.1 | D99: Minor Service Cost : Price per Monthly Service / Inspection per machine, as per tasks from the Monthly Service Inspection Guideline in C6. | E99: No | F99: =12*2*1 -> 24
B100: 1.22.2 | D100: Minor Service Cost : Price per Three Monthly Service / Inspection per machine, as per tasks from the Three Monthly Service Inspection Guideline in C6. | E100: No | F100: =4*1*1 -> 4
B101: 1.22.3 | D101: Major Service Cost : Price per Six Monthly Service / Inspection per machine, as per tasks from the Six Monthly Service Inspection Guideline in C6. | E101: No | F101: =2*3*1 -> 6
B102: 1.23 | D102: Lutubeni Clinic: 20 KVA
B103: 1.23.1 | D103: Minor Service Cost : Price per Monthly Service / Inspection per machine, as per tasks from the Monthly Service Inspection Guideline in C6. | E103: No | F103: =12*2*1 -> 24
...

Sheet SCHEDULE 4
B2: SCHEDULE MAINTENANCE OF GENERATORS AT CLUSTER ONE (1) – OR TAMBO AND ALFRED NZO DISTRICT – HEALTH FACILITIES (36 MONTHS)
B3: CONTRACT REF. NO: | D3: SCMU3-23/24-0740-HO | E3: Cluster/District: | G3: OR TAMBO & ALFRED NZO DISTRICT
B4: ASSET TYPE: | D4: STANDBY GENERATORS | G4: Cluster 1
B6: SCHEDULE 4 : | D6: TERM REPAIRS SUBJECT TO APPROVAL OF QUOTATION OF THE WORKS
B8: ITEM Nr. | C8: PAYMENT REFERS | D8: DESCRIPTION | E8: UNIT | F8: QTY: (A) | G8: RATE: (B) | H8: AMOUNT: (A*B)
B9: 1 | C9: GM 2.8 | D9: LABOUR RATES APPLICABLE TO UNSCHEDULED WORK: Labour rates that Contractor will charge for additional adhoc work that is not contained in Schedules 1 to 3.
B10: 1.1 | D10: Technician | E10: R/Hr | F10: 600
B11: 1.2 | D11: Senior Artisan (Trade Tested & Additional Certification) | E11: R/Hr | F11: 600
B12: 1.3 | D12: Artisan (Trade Tested) | E12: R/Hr | F12: 600
B13: 1.4 | D13: Utility Man (Non-Trade Tested) | E13: R/Hr | F13: 500
B14: 1.5 | D14: Artisan Aid | E14: R/Hr | F14: 900
B15: 1.6 | D15: General Worker | E15: R/Hr | F15: 900
B16: 2 | C16: GM 2.8.3 | D16: TRAVELLING : Travelling cost will be as per the rates for reimbursable expenses published monthly by the National Department of Public Works at the time of rendering the service/repair.
B17: 2.1 | D17: Vehicle Travelling Estimate | E17: Km | F17: 110000
B18: 3 | C18: GM 2.8.3 | D18: ACCOMMODATION AND SUBSISTENCE : Daily Rates per person that the Contractor will claim for approved trips lasting more than one day at a time.
B19: 3.1 | D19: Accommodation | E19: Per/night | F19: 60
B20: 3.2 | D20: Subsistence | E20: Per/day | F20: 60
B21: 4 | C21: GM 2.5 (10), GM 2.8.1 & GM 2.10.3 | D21: PROVISION TO COVER REPAIRS DURING THE TERM OF THE CONTRACT : Lump Sum Provision to cover repairs and breakdowns during the course of the Contract in addition to the agreed routine servicing of the Assets. | E21: PSum | F21: 1 | G21: 4000000 | H21: =G21 -> 4000000
B22: 5 | C22: GM 2.8.1 & Clause 11.2(8) | D22: DIRECT FEE PERCENTAGE (MARK-UP) ON MATERIALS AND SERVICES THAT IS NOT INCLUDED IN PRICE LISTS : Mark-up on proven cost for materials and/or Outsourced Services based on the Provisional sum listed in Item 4. above. (Apply % to provisional sum in Item 4 above when pricing the tender) | E22: %
B24: 6 | C24: GM 2.15 | D24: ENVIRONMENTAL MANAGEMENT PLAN : The Contractor must compile a basic Environmental plan specific to the type of work that he will be performing at the Health Facilities as per C3.2 | E24: Item | F24: 1
B25: 7 | C25: GM 2.15 | D25: OCCUPATIONAL HEALTH AND SAFETY ACT COMPLIANCE COST : The Contractor must comply to the project Health and Safety Specification specific to the type of work that he will be performing on site as per C3.2 | E25: Month | F25: 36
B26: 8 | C26: Clause 83.1 | D26: INSURANCE : LIMITATION OF LIABILITY (Amounts applicable for whole Contract)
B27: 8.1 | D27: Provision for General Contractor's Insurance (Minimum liability limit must be equal to R5,000 000) to cover requirements of Clause 83.1 in Contract Data | E27: Month | F27: 36
B28: 9 | C28: X13 | D28: PERFORMANCE BOND (Amounts applicable for whole Contract)
B29: 9.1 | D29: Provision for a Performance bond of not less than 2,5% of the Tender Value | E29: Month | F29: 36
B30: 10 | C30: SS15 | D30: IN-SERVICE TRAINING OF GRADUATES AND INTERNS : Provisional Sum to pay the costs associated with employing nominated Interns and Graduates for the duration of the Contract
B31: 10.1 | D31: Interns(1 Interns @R5000 per month) | E31: Months | F31: 36
B32: 10.2 | D32: Graduates(1 Graduates @R7000 per month) | E32: Months | F32: 36
B33: 11 | C33: GM 6 | D33: PROVISION FOR SPECIAL TESTING BY SERVICE MANAGER : Lump sum provision for doing special tests at the Health Facilities as per the prerogative of the Service Manager | E33: PSum | F33: 1 | G33: 345000 | H33: =F33*G33 -> 345000
B34: 11.1 | C34: Clause 11.2(8) | D34: Direct Fee Percentage (Mark-up) to be charged by Contractor on amounts above | E34: %
B35: 12 | C35: GM 2.6 | D35: MAINTENANCE DOCUMENTATION SITE STORAGE CONSOLE: Provisional sum to supply and install O&M Manual, Log Books, and site Maintenance Records at each equipment type location as directed by the Service Manager | E35: PSum | F35: 1 | G35: 105000 | H35: =G35*F35 -> 105000
B36: 12.1 | C36: Clause 11.2(8) | D36: Direct Fee Percentage (Mark-up) to be charged by Contractor on amounts above | E36: %
B38: TOTAL CARRIED FORWARD TO SUMMARY

Sheet SCHEDULE 5
B2: SCHEDULE MAINTENANCE OF GENERATORS AT CLUSTER ONE (1) – OR TAMBO AND ALFRED NZO DISTRICT – HEALTH FACILITIES (36 MONTHS)
B3: CONTRACT REF. NO: | D3: ='COMBINED FINAL-SUMMARY'!D4 -> SCMU3-23/24-0740-HO | E3: Cluster/District: | G3: OR TAMBO & ALFRED NZO DISTRICT
B4: ASSET TYPE: | D4: ='[1]SCHED 1A_NM'!D4 -> STANDBY GENERATORS | G4: Cluster 1
B6: SCHEDULE 5 : | D6: ROAMING GENERATORS AND GENERATOR HIRE
B8: ITEM Nr. | C8: PAYMENT REFERS | D8: DESCRIPTION | E8: UNIT | F8: QTY: (A) | G8: RATE: (B) | H8: AMOUNT: (A*B)
B9: 1 | D9: ROAMING GENERATORS: Rates that the Contractor will charge for handling of ECDoH Roaming generators as additional adhoc work that is not contained in Schedules 1 to 3.
D10: 100kVA Generator
B11: 1.1.1 | D11: Collection of generator unit from ECDoH Stores/Facilities | E11: No | F11: 36
B12: 1.1.2 | D12: Delivery and Off-lodaing of generator unit to ECDoH facility including rigging into posistion | E12: No | F12: 36
B13: 1.1.3 | D13: Electrical connection & disconnection of generator unit at allocated facility | E13: No | F13: 36
B14: 1.1.4 | D14: 100litre fuel per delivery | E14: No | F14: 36
B15: 1.1.5 | D15: Crane Truck for collection and delivery of generator unit | E15: km | F15: 5000
D16: 200kVA Generator
B17: 1.2.1 | D17: Collection of generator unit from ECDoH Stores/Facilities | E17: Item | F17: 36
B18: 1.2.2 | D18: Delivery and Off-loading of generator unit to ECDoH facility including rigging into position | E18: Item | F18: 36
B19: 1.2.3 | D19: Electrical connection & disconnection of generator unit at allocated facility | E19: Item | F19: 36
B20: 1.2.4 | D20: 100litre fuel per delivery | E20: No | F20: 36
B21: 1.2.5 | D21: Crane Truck for collection and delivery of generator unit | E21: km | F21: 5000
D22: 300kVA Generator
B23: 1.3.1 | D23: Collection of generator unit from ECDoH Stores/Facilities | E23: Item | F23: 36
B24: 1.3.2 | D24: Delivery and Off-loading of generator unit to ECDoH facility including rigging into position | E24: Item | F24: 36
B25: 1.3.3 | D25: Electrical connection & disconnection of generator unit at allocated facility | E25: Item | F25: 36
B26: 1.3.4 | D26: 100litre fuel per delivery | E26: No | F26: 36
B27: 1.3.5 | D27: Crane Truck for collection and delivery of generator unit | E27: km | F27: 5000
B28: 2 | D28: HIRED GENERATORS: Rates that the Contractor will charge for Hired generators as additional adhoc work that is not contained in Schedules 1 to 3.
D29: 100kVA Generator
B30: 2.1.1 | D30: Daily rate for generator hire | E30: Days | F30: 365
B31: 2.1.2 | D31: Delivery and Off-loading of generator unit to ECDoH facility including rigging into position | E31: Item | F31: 36
B32: 2.1.3 | D32: Electrical connection & disconnection of generator unit at allocated facility | E32: Item | F32: 36
B33: 2.1.4 | D33: 100litre fuel per delivery | E33: No | F33: 36
B34: 2.1.5 | D34: Crane Truck for collection and delivery of generator unit | E34: km | F34: 5000
D35: 200kVA Generator
B36: 2.2.1 | D36: Daily rate for generator hire | E36: Days | F36: 365
B37: 2.2.2 | D37: Delivery and Off-loading of generator unit to ECDoH facility including rigging into position | E37: Item | F37: 36
B38: 2.2.3 | D38: Electrical connection & disconnection of generator unit at allocated facility | E38: Item | F38: 36
B39: 2.2.4 | D39: 100litre fuel per delivery | E39: No | F39: 36
B40: 2.2.5 | D40: Crane Truck for collection and delivery of generator unit | E40: km | F40: 5000
D41: 300kVA Generator
B42: 2.3.1 | D42: Daily rate for generator hire | E42: Days | F42: 365
B43: 2.3.2 | D43: Delivery and Off-loading of generator unit to ECDoH facility including rigging into position | E43: Item | F43: 36
B44: 2.3.3 | D44: Electrical connection & disconnection of generator unit at allocated facility | E44: Item | F44: 36
B45: 2.3.4 | D45: 100litre fuel per delivery | E45: No | F45: 36
B46: 2.3.5 | D46: Crane Truck for collection and delivery of generator unit | E46: km | F46: 5000
B47: TOTAL CARRIED FORWARD TO SUMMARY

Sheet WORK ORDERS  01 LAETITIA BAM CH
A9: QUOTE TO : | F9: Qoute No | H9: 1
A10: Department of Health | F10: Date | H10: 43770
A11: 717 Dukumbana Building | F11: Facility | H11: LAETITIA BAM CHC
A12: Independent Avenue | F12: Work Order | H12: 39138
A13: Bhisho | F13: Tender No | H13: SCMU3 - 17/18-0303 - HO
F14: Contract Term | H14: 24 MONTHS
A15: WORK REQUEST : Generator is faulty.
A16: SCHEDULED WORK
A17: Item 1 | B17: Discription | E17: Unit | F17: Sch No | G17: Quantity | H17: Rate | I17: Amount
I18: =SUM(G18*H18) -> 0
I19: =SUM(G19*H19) -> 0
I20: =SUM(G20*H20) -> 0
A21: Sub Total A | I21: =SUM(I18:I20) -> 0
A22: NON SCHEDULED WORK
A23: Item 2 | B23: Discription | F23: Quantity | G23: Mark -Up | H23: Rate | I23: Amount
A24: 1 | B24: RELAY 11 PIN 12V DC | F24: 2 | G24: 0.15 | H24: 110 | I24: =H24*F24*1.15 -> 253
A25: 2 | B25: RELAY BASE | F25: 2 | G25: 0.15 | H25: 65 | I25: =H25*F25*1.15 -> 149.5
A26: 3 | B26: DEEPSEA CONTROLLER | F26: 1 | G26: 0.15 | H26: 6239 | I26: =H26*F26*1.15 -> 7174.85
A27: 4 | B27: MCB 6A SP | F27: 2 | G27: 0.15 | H27: 21.6 | I27: =H27*F27*1.15 -> 49.68
A28: 5 | B28: RED STOP TWIST RELEASE | F28: 2 | G28: 0.15 | H28: 65.5 | I28: =H28*F28*1.15 -> 150.65
A29: 6 | B29: CONTACT BLOCK 1N/0 + 1N/C | F29: 2 | G29: 0.15 | H29: 68.5 | I29: =H29*F29*1.15 -> 157.55
A32: Sub Total B | I32: =SUM(I24:I31) -> 7935.23
A33: LABOUR
A34: Item 3 | B34: (Normal Rate) | E34: Unit | G34: Quantity | H34: Rate | I34: Amount
A35: 1 | B35: Techinician | E35: HRS | G35: 15 | H35: 450 | I35: =SUM(G35*H35) -> 6750
A36: 2 | B36: Senior Artisan | E36: HRS | H36: 350 | I36: =SUM(G36*H36) -> 0
A37: 3 | B37: Artisan (Trade Tested) | E37: HRS | H37: 300 | I37: =SUM(G37*H37) -> 0
A38: 4 | B38: Utility Man (Non - Trade Tested) | E38: HRS | G38: 15 | H38: 200 | I38: =SUM(G38*H38) -> 3000
A39: 5 | B39: Artisan Aid | E39: HRS | H39: 200 | I39: =SUM(G39*H39) -> 0
A40: 6 | B40: General Worker | E40: HRS | H40: 140 | I40: =SUM(G40*H40) -> 0
A44: Sub Total C | I44: =SUM(I35:I43) -> 9750
A45: TRANSPORT
A46: Item 4 | B46: Destinantion | E46: No of Trips | G46: KMs | H46: Rate | I46: Amount
A47: 12 | B47: Port Elizabeth office to Laetitia Bam
B48: CHC and back. | E48: 2 | G48: 154.4 | H48: 5 | I48: =H48*G48 -> 772
A50: Sub Total D | I50: =SUM(I47:I49) -> 772
G52: Sub Total (A+B+C+D) | I52: =I50+I44+I32+I21 -> 18457.23
G54: Sub Total | I54: =I52+I53 -> 18457.23

Sheet JOSE PEARSON TB HOSPITAL (02)
A9: QUOTE TO : | F9: Qoute No | H9: 2
A10: Department of Health | F10: Date | H10: 43498
A11: 717 Dukumbana Building | F11: Facility | H11: JOSE PEARSON TB HOSPITAL
A12: Independent Avenue | F12: Work Order | H12: 40578
A13: Bhisho | F13: Tender No | H13: SCMU3 - 17/18-0303 - HO
F14: Contract Term | H14: 24 MONTHS
A15: WORK REQUEST : Phamarcy building dep needs to be connected to the gen
A16: SCHEDULED WORK
A17: Item 1 | B17: Discription | E17: Unit | F17: Sch No | G17: Quantity | H17: Rate | I17: Amount
I18: =SUM(G18*H18) -> 0
I19: =SUM(G19*H19) -> 0
I20: =SUM(G20*H20) -> 0
A21: Sub Total A | I21: =SUM(I18:I20) -> 0
A22: NON SCHEDULED WORK
A23: Item 2 | B23: Discription | F23: Quantity | G23: MarK UP | H23: Rate | I23: Amount
A32: Sub Total B | I32: =SUM(I24:I31) -> 0
A33: LABOUR
A34: Item 3 | B34: (Normal Rate) | E34: Unit | G34: Quantity | H34: Rate | I34: Amount
A35: 1 | B35: Techinician | E35: HRS | G35: 6 | H35: 450 | I35: =SUM(G35*H35) -> 2700
A36: 2 | B36: Senior Artisan | E36: HRS | H36: 350 | I36: =SUM(G36*H36) -> 0
A37: 3 | B37: Artisan (Trade Tested) | E37: HRS | H37: 300 | I37: =SUM(G37*H37) -> 0
A38: 4 | B38: Utility Man (Non - Trade Tested) | E38: HRS | G38: 6 | H38: 200 | I38: =SUM(G38*H38) -> 1200
A39: 5 | B39: Artisan Aid | E39: HRS | H39: 200 | I39: =SUM(G39*H39) -> 0
A40: 6 | B40: General Worker | E40: HRS | H40: 140 | I40: =SUM(G40*H40) -> 0
A44: Sub Total C | I44: =SUM(I35:I43) -> 3900
A45: TRANSPORT
A46: Item 4 | B46: Destinantion | E46: No of Trips | G46: KMs | H46: Rate | I46: Amount
A47: 12 | B47: Port Elizabeth office to Jose Pearson
B48: TB Hospital and back. | E48: 1 | G48: 47 | H48: 5 | I48: =H48*G48 -> 235
A50: Sub Total D | I50: =SUM(I47:I49) -> 235
G52: Sub Total (A+B+C+D) | I52: =I50+I44+I32+I21 -> 4135
G54: Sub Total | I54: =I52 -> 4135

Sheet NEW BRIGHTON MORTUARY (03)
A9: QUOTE TO : | F9: Qoute No | H9: 3
A10: Department of Health | F10: Date | H10: 43801
A11: 717 Dukumbana Building | F11: Facility | H11: NEW BRIGHTON MORTUARY
A12: Independent Avenue | F12: Work Order | H12: 41253
A13: Bhisho | F13: Tender No | H13: SCMU3 - 17/18-0303 - HO
F14: Contract Term | H14: 24 MONTHS
A15: WORK REQUEST : Gen does not start.
A16: SCHEDULED WORK
A17: Item 1 | B17: Discription | E17: Unit | F17: Sch No | G17: Quantity | H17: Rate | I17: Amount
I18: =SUM(G18*H18) -> 0
I19: =SUM(G19*H19) -> 0
I20: =SUM(G20*H20) -> 0
A21: Sub Total A | I21: =SUM(I18:I20) -> 0
A22: NON SCHEDULED WORK
A23: Item 2 | B23: Discription | F23: Quantity | G23: MarK UP | H23: Rate | I23: Amount
A32: Sub Total B | I32: =SUM(I24:I31) -> 0
A33: LABOUR
A34: Item 3 | B34: (Normal Rate) | E34: Unit | G34: Quantity | H34: Rate | I34: Amount
A35: 1 | B35: Techinician | E35: HRS | G35: 1.5 | H35: 450 | I35: =SUM(G35*H35) -> 675
A36: 2 | B36: Senior Artisan | E36: HRS | H36: 350 | I36: =SUM(G36*H36) -> 0
A37: 3 | B37: Artisan (Trade Tested) | E37: HRS | H37: 300 | I37: =SUM(G37*H37) -> 0
A38: 4 | B38: Utility Man (Non - Trade Tested) | E38: HRS | G38: 1.5 | H38: 200 | I38: =SUM(G38*H38) -> 300
A39: 5 | B39: Artisan Aid | E39: HRS | H39: 200 | I39: =SUM(G39*H39) -> 0
A40: 6 | B40: General Worker | E40: HRS | H40: 140 | I40: =SUM(G40*H40) -> 0
A44: Sub Total C | I44: =SUM(I35:I43) -> 975
A45: TRANSPORT
A46: Item 4 | B46: Destinantion | E46: No of Trips | G46: KMs | H46: Rate | I46: Amount
A47: 12 | B47: Port Elizabeth office to New Brighton
B48: Mortuary and back. | E48: 1 | G48: 21.4 | H48: 5 | I48: =H48*G48 -> 107
A50: Sub Total D | I50: =SUM(I47:I49) -> 107
G52: Sub Total (A+B+C+D) | I52: =I50+I44+I32+I21 -> 1082
G54: Sub Total | I54: =I52+I53 -> 1082

Sheet DORA NGIZA HOSPITAL (04)
A9: QUOTE TO : | F9: Qoute No | H9: 4
A10: Department of Health | F10: Date | H10: 43771
A11: 717 Dukumbana Building | F11: Facility | H11: DORA NGINZA HOSPITAL
A12: Independent Avenue | F12: Work Order | H12: 41177
A13: Bhisho | F13: Tender No | H13: SCMU3 - 17/18-0303 - HO
F14: Contract Term | H14: 24 MONTHS
A15: WORK REQUEST : Request to repair faulty cable connecting to thechange over switch.
A16: SCHEDULED WORK
A17: Item 1 | B17: Discription | E17: Unit | F17: Sch No | G17: Quantity | H17: Rate | I17: Amount
I18: =SUM(G18*H18) -> 0
I19: =SUM(G19*H19) -> 0
I20: =SUM(G20*H20) -> 0
A21: Sub Total A | I21: =SUM(I18:I20) -> 0
A22: NON SCHEDULED WORK
A23: Item 2 | B23: Discription | F23: Quantity | G23: Mark - Up | H23: Rate | I23: Amount
A24: 1 | B24: ELECTRO PHASE FAILER RELAY 400V | F24: 1 | G24: 0.15 | H24: 396 | I24: =H24*F24*1.15 -> 455.4
A25: 2 | B25: 10 X 38mm FUSE 100KVA | F25: 1 | G25: 0.15 | H25: 12 | I25: =H25*F25*1.15 -> 13.8
A32: Sub Total B | I32: =SUM(I24:I31) -> 469.2
A33: LABOUR
A34: Item 3 | B34: (Normal Rate) | E34: Unit | G34: Quantity | H34: Rate | I34: Amount
A35: 1 | B35: Techinician | E35: HRS | G35: 2 | H35: 450 | I35: =SUM(G35*H35) -> 900
A36: 2 | B36: Senior Artisan | E36: HRS | H36: 350 | I36: =SUM(G36*H36) -> 0
A37: 3 | B37: Artisan (Trade Tested) | E37: HRS | H37: 300 | I37: =SUM(G37*H37) -> 0
A38: 4 | B38: Utility Man (Non - Trade Tested) | E38: HRS | G38: 2 | H38: 200 | I38: =SUM(G38*H38) -> 400
A39: 5 | B39: Artisan Aid | E39: HRS | H39: 200 | I39: =SUM(G39*H39) -> 0
A40: 6 | B40: General Worker | E40: HRS | H40: 140 | I40: =SUM(G40*H40) -> 0
A44: Sub Total C | I44: =SUM(I35:I43) -> 1300
A45: TRANSPORT
A46: Item 4 | B46: Destinantion | E46: No of Trips | G46: KMs | H46: Rate | I46: Amount
A47: 1 | B47: Port Elizabeth office to Dora Nginza
B48: Hospital and back. | E48: 1 | G48: 28.6 | H48: 5 | I48: =H48*G48 -> 143
A50: Sub Total D | I50: =SUM(I47:I49) -> 143
G52: Sub Total (A+B+C+D) | I52: =I50+I44+I32+I21 -> 1912.2
G54: Sub Total | I54: =I52+I53 -> 1912.2

Sheet LAETITIA BAM CHC (05)
A9: QUOTE TO : | F9: Qoute No | H9: 5
A10: Department of Health | F10: Date | H10: 43740
A11: 717 Dukumbana Building | F11: Facility | H11: LAETITIA BAM CHC
A12: Independent Avenue | F12: Work Order | H12: 41140
A13: Bhisho | F13: Tender No | H13: SCMU3 - 17/18-0303 - HO
F14: Contract Term | H14: 24 MONTHS
A15: WORK REQUEST : Gen did not start.
A16: SCHEDULED WORK
A17: Item 1 | B17: Discription | E17: Unit | F17: Sch No | G17: Quantity | H17: Rate | I17: Amount
I18: =SUM(G18*H18) -> 0
I19: =SUM(G19*H19) -> 0
I20: =SUM(G20*H20) -> 0
A21: Sub Total A | I21: =SUM(I18:I20) -> 0
A22: NON SCHEDULED WORK
A23: Item 2 | B23: Discription | F23: Quantity | H23: Rate | I23: Amount
A32: Sub Total B | I32: =SUM(I24:I31) -> 0
A33: LABOUR
A34: Item 3 | B34: (Normal Rate) | E34: Unit | G34: Quantity | H34: Rate | I34: Amount
A35: 1 | B35: Techinician | E35: HRS | G35: 1 | H35: 450 | I35: =SUM(G35*H35) -> 450
A36: 2 | B36: Senior Artisan | E36: HRS | H36: 350 | I36: =SUM(G36*H36) -> 0
A37: 3 | B37: Artisan (Trade Tested) | E37: HRS | H37: 300 | I37: =SUM(G37*H37) -> 0
A38: 4 | B38: Utility Man (Non - Trade Tested) | E38: HRS | G38: 1 | H38: 200 | I38: =SUM(G38*H38) -> 200
A39: 5 | B39: Artisan Aid | E39: HRS | H39: 200 | I39: =SUM(G39*H39) -> 0
A40: 6 | B40: General Worker | E40: HRS | H40: 140 | I40: =SUM(G40*H40) -> 0
A44: Sub Total C | I44: =SUM(I35:I43) -> 650
A45: TRANSPORT
A46: Item 4 | B46: Destinantion | E46: No of Trips | G46: KMs | H46: Rate | I46: Amount
A47: 1 | B47: Port Elizabeth office to Laetitia Bam
B48: CHC and back. | E48: 1 | G48: 77.2 | H48: 5 | I48: =H48*G48 -> 386
A50: Sub Total D | I50: =SUM(I47:I49) -> 386
G52: Sub Total (A+B+C+D) | I52: =I50+I44+I32+I21 -> 1036
G54: Sub Total | I54: =I52+I53 -> 1036

Sheet MOTHERWELL CHC (06)
A9: QUOTE TO : | F9: Qoute No | H9: 6
A10: Department of Health | F10: Date | H10: 13/2/2019
A11: 717 Dukumbana Building | F11: Facility | H11: MOTHERWELL CHC
A12: Independent Avenue | F12: Work Order | H12: 41408
A13: Bhisho | F13: Tender No | H13: SCMU3 - 17/18-0303 - HO
F14: Contract Term | H14: 24 MONTHS
A15: WORK REQUEST : Request to repair gen ,not staring.
A16: SCHEDULED WORK
A17: Item 1 | B17: Discription | E17: Unit | F17: Sch No | G17: Quantity | H17: Rate | I17: Amount
I18: =SUM(G18*H18) -> 0
I19: =SUM(G19*H19) -> 0
I20: =SUM(G20*H20) -> 0
A21: Sub Total A | I21: =SUM(I18:I20) -> 0
A22: NON SCHEDULED WORK
A23: Item 2 | B23: Discription | F23: Quantity | H23: Rate | I23: Amount
A32: Sub Total B | I32: =SUM(I24:I31) -> 0
A33: LABOUR
A34: Item 3 | B34: (Normal Rate) | E34: Unit | G34: Quantity | H34: Rate | I34: Amount
A35: 1 | B35: Techinician | E35: HRS | G35: 1 | H35: 450 | I35: =SUM(G35*H35) -> 450
A36: 2 | B36: Senior Artisan | E36: HRS | H36: 350 | I36: =SUM(G36*H36) -> 0
A37: 3 | B37: Artisan (Trade Tested) | E37: HRS | H37: 300 | I37: =SUM(G37*H37) -> 0
A38: 4 | B38: Utility Man (Non - Trade Tested) | E38: HRS | G38: 1 | H38: 200 | I38: =SUM(G38*H38) -> 200
A39: 5 | B39: Artisan Aid | E39: HRS | H39: 200 | I39: =SUM(G39*H39) -> 0
A40: 6 | B40: General Worker | E40: HRS | H40: 140 | I40: =SUM(G40*H40) -> 0
A44: Sub Total C | I44: =SUM(I35:I43) -> 650
A45: TRANSPORT
A46: Item 4 | B46: Destinantion | E46: No of Trips | G46: KMs | H46: Rate | I46: Amount
A47: 12 | B47: Port Elizabeth office to Motherwell
B48: CHC and back. | E48: 1 | G48: 48.8 | H48: 5 | I48: =H48*G48 -> 244
A50: Sub Total D | I50: =SUM(I47:I49) -> 244
G52: Sub Total (A+B+C+D) | I52: =I50+I44+I32+I21 -> 894
G54: Sub Total | I54: =I52+I53 -> 894

Sheet MOTHERWEL CHC (07)
A9: QUOTE TO : | F9: Qoute No | H9: 7
A10: Department of Health | F10: Date | H10: 18/2/2019
A11: 717 Dukumbana Building | F11: Facility | H11: MOTHERWELL CHC
A12: Independent Avenue | F12: Work Order | H12: 43238
A13: Bhisho | F13: Tender No | H13: SCMU3 - 17/18-0303 - HO
F14: Contract Term | H14: 24 MONTHS
A15: WORK REQUEST : Repair to faulty gen keeps on tripping.
A16: SCHEDULED WORK
A17: Item 1 | B17: Discription | E17: Unit | F17: Sch No | G17: Quantity | H17: Rate | I17: Amount
I18: =SUM(G18*H18) -> 0
I19: =SUM(G19*H19) -> 0
I20: =SUM(G20*H20) -> 0
A21: Sub Total A | I21: =SUM(I18:I20) -> 0
A22: NON SCHEDULED WORK
A23: Item 2 | B23: Discription | F23: Quantity | H23: Rate | I23: Amount
A32: Sub Total B | I32: =SUM(I24:I31) -> 0
A33: LABOUR
A34: Item 3 | B34: (Normal Rate) | E34: Unit | G34: Quantity | H34: Rate | I34: Amount
A35: 1 | B35: Techinician | E35: HRS | G35: 1.5 | H35: 450 | I35: =SUM(G35*H35) -> 675
A36: 2 | B36: Senior Artisan | E36: HRS | H36: 350 | I36: =SUM(G36*H36) -> 0
A37: 3 | B37: Artisan (Trade Tested) | E37: HRS | H37: 300 | I37: =SUM(G37*H37) -> 0
A38: 4 | B38: Utility Man (Non - Trade Tested) | E38: HRS | G38: 1.5 | H38: 200 | I38: =SUM(G38*H38) -> 300
A39: 5 | B39: Artisan Aid | E39: HRS | H39: 200 | I39: =SUM(G39*H39) -> 0
A40: 6 | B40: General Worker | E40: HRS | H40: 140 | I40: =SUM(G40*H40) -> 0
A44: Sub Total C | I44: =SUM(I35:I43) -> 975
A45: TRANSPORT
A46: Item 4 | B46: Destinantion | E46: No of Trips | G46: KMs | H46: Rate | I46: Amount
A47: 1 | B47: Port Elizabeth office to Motherwell
B48: CHC and back. | E48: 1 | G48: 48.8 | H48: 5 | I48: =H48*G48 -> 244
A50: Sub Total D | I50: =SUM(I47:I49) -> 244
G52: Sub Total (A+B+C+D) | I52: =I50+I44+I32+I21 -> 1219
G54: Sub Total | I54: =I52+I53 -> 1219

Sheet ORSMOND TB HOSPITAL (08)
A9: QUOTE TO : | F9: Qoute No | H9: 8
A10: Department of Health | F10: Date | H10: 16/2/2019
A11: 717 Dukumbana Building | F11: Facility | H11: ORSMOND TB HOSPITAL
A12: Independent Avenue | F12: Work Order | H12: 43191
A13: Bhisho | F13: Tender No | H13: SCMU3 - 17/18-0303 - HO
F14: Contract Term | H14: 24 MONTHS
A15: WORK REQUEST : Gen faulty.
A16: SCHEDULED WORK
A17: Item 1 | B17: Discription | E17: Unit | F17: Sch No | G17: Quantity | H17: Rate | I17: Amount
I18: =SUM(G18*H18) -> 0
I19: =SUM(G19*H19) -> 0
I20: =SUM(G20*H20) -> 0
A21: Sub Total A | I21: =SUM(I18:I20) -> 0
A22: NON SCHEDULED WORK
A23: Item 2 | B23: Discription | F23: Quantity | G23: Mark - Up | H23: Rate | I23: Amount
A32: Sub Total B | I32: =SUM(I24:I31) -> 0
A33: LABOUR
A34: Item 3 | B34: (Normal Rate) | E34: Unit | G34: Quantity | H34: Rate | I34: Amount
A35: 1 | B35: Techinician | E35: HRS | G35: 2.5 | H35: 450 | I35: =SUM(G35*H35) -> 1125
A36: 2 | B36: Senior Artisan | E36: HRS | H36: 350 | I36: =SUM(G36*H36) -> 0
A37: 3 | B37: Artisan (Trade Tested) | E37: HRS | H37: 300 | I37: =SUM(G37*H37) -> 0
A38: 4 | B38: Utility Man (Non - Trade Tested) | E38: HRS | G38: 2.5 | H38: 200 | I38: =SUM(G38*H38) -> 500
A39: 5 | B39: Artisan Aid | E39: HRS | H39: 200 | I39: =SUM(G39*H39) -> 0
A40: 6 | B40: General Worker | E40: HRS | H40: 140 | I40: =SUM(G40*H40) -> 0
A44: Sub Total C | I44: =SUM(I35:I43) -> 1625
A45: TRANSPORT
A46: Item 4 | B46: Destinantion | E46: No of Trips | G46: KMs | H46: Rate | I46: Amount
A47: 1 | B47: Port Elizabeth office to Orsmmon TB hospital
B48: and back. | E48: 1 | G48: 81.4 | H48: 5 | I48: =H48*G48 -> 407
A50: Sub Total D | I50: =SUM(I47:I49) -> 407
G52: Sub Total (A+B+C+D) | I52: =I50+I44+I32+I21 -> 2032
G54: Sub Total | I54: =I52+I53 -> 2032

Sheet JOSE PEARSON TB HOSPITAL (09)
A9: QUOTE TO : | F9: Qoute No | H9: 9
A10: Department of Health | F10: Date | H10: 43618
A11: 717 Dukumbana Building | F11: Facility | H11: JOSE PEARSON TB HOSPITAL
A12: Independent Avenue | F12: Work Order | H12: 42608
A13: Bhisho | F13: Tender No | H13: SCMU3 - 17/18-0303 - HO
F14: Contract Term | H14: 24 MONTHS
A15: WORK REQUEST : Repair to a faulty gen and diesel pump.
A16: SCHEDULED WORK
A17: Item 1 | B17: Discription | E17: Unit | F17: Sch No | G17: Quantity | H17: Rate | I17: Amount
I18: =SUM(G18*H18) -> 0
I19: =SUM(G19*H19) -> 0
I20: =SUM(G20*H20) -> 0
A21: Sub Total A | I21: =SUM(I18:I20) -> 0
A22: NON SCHEDULED WORK
A23: Item 2 | B23: Discription | F23: Quantity | G23: Mark -Up | H23: Rate | I23: Amount
A24: 1 | B24: ROTARY PUMP | F24: 1 | G24: 0.15 | H24: 239.13 | I24: =H24*F24*1.15 -> 274.9995
A25: 2 | B25: BOND ADHESIVE | F25: 1 | G25: 0.15 | H25: 52.17 | I25: =H25*F25*1.15 -> 59.9955
A32: Sub Total B | I32: =SUM(I24:I31) -> 334.995
A33: LABOUR
A34: Item 3 | B34: (Normal Rate) | E34: Unit | G34: Quantity | H34: Rate | I34: Amount
A35: 1 | B35: Techinician | E35: HRS | G35: 2 | H35: 450 | I35: =SUM(G35*H35) -> 900
A36: 2 | B36: Senior Artisan | E36: HRS | H36: 350 | I36: =SUM(G36*H36) -> 0
A37: 3 | B37: Artisan (Trade Tested) | E37: HRS | H37: 300 | I37: =SUM(G37*H37) -> 0
A38: 4 | B38: Utility Man (Non - Trade Tested) | E38: HRS | G38: 2 | H38: 200 | I38: =SUM(G38*H38) -> 400
A39: 5 | B39: Artisan Aid | E39: HRS | H39: 200 | I39: =SUM(G39*H39) -> 0
A40: 6 | B40: General Worker | E40: HRS | H40: 140 | I40: =SUM(G40*H40) -> 0
A44: Sub Total C | I44: =SUM(I35:I43) -> 1300
A45: TRANSPORT
A46: Item 4 | B46: Destinantion | E46: No of Trips | G46: KMs | H46: Rate | I46: Amount
A47: 1 | B47: Port Elizabeth office to Jose Pearson
B48: TB and back. | E48: 1 | G48: 47 | H48: 5 | I48: =H48*G48 -> 235
A50: Sub Total D | I50: =SUM(I47:I49) -> 235
G52: Sub Total (A+B+C+D) | I52: =I50+I44+I32+I21 -> 1869.995
G54: Sub Total | I54: =I52+I53 -> 1869.995

Sheet LIVINGSTONE HOSPITAL (10)
A9: QUOTE TO : | F9: Qoute No | H9: 10
A10: Department of Health | F10: Date | H10: 43619
A11: 717 Dukumbana Building | F11: Facility | H11: LIVINGSTONE HOSPITAL
A12: Independent Avenue | F12: Work Order | H12: 42600
A13: Bhisho | F13: Tender No | H13: SCMU3 - 17/18-0303 - HO
F14: Contract Term | H14: 24 MONTHS
A15: WORK REQUEST : Repair to faulty gen.
A16: SCHEDULED WORK
A17: Item 1 | B17: Discription | E17: Unit | F17: Sch No | G17: Quantity | H17: Rate | I17: Amount
I18: =SUM(G18*H18) -> 0
I19: =SUM(G19*H19) -> 0
I20: =SUM(G20*H20) -> 0
A21: Sub Total A | I21: =SUM(I18:I20) -> 0
A22: NON SCHEDULED WORK
A23: Item 2 | B23: Discription | F23: Quantity | G23: Mark - Up | H23: Rate | I23: Amount
A24: 1 | B24: BATTERY 689 SHD | F24: 4 | G24: 0.15 | H24: 3346 | I24: =H24*F24*1.15 -> 15391.6
A25: 2 | B25: BATTERY 689 | F25: 4 | G25: 0.15 | H25: 2213 | I25: =H25*F25*1.15 -> 10179.8
A32: Sub Total B | I32: =SUM(I24:I31) -> 25571.4
A33: LABOUR
A34: Item 3 | B34: (Normal Rate) | E34: Unit | G34: Quantity | H34: Rate | I34: Amount
A35: 1 | B35: Techinician | E35: HRS | G35: 4 | H35: 450 | I35: =SUM(G35*H35) -> 1800
A36: 2 | B36: Senior Artisan | E36: HRS | H36: 350 | I36: =SUM(G36*H36) -> 0
A37: 3 | B37: Artisan (Trade Tested) | E37: HRS | H37: 300 | I37: =SUM(G37*H37) -> 0
A38: 4 | B38: Utility Man (Non - Trade Tested) | E38: HRS | G38: 4 | H38: 200 | I38: =SUM(G38*H38) -> 800
A39: 5 | B39: Artisan Aid | E39: HRS | H39: 200 | I39: =SUM(G39*H39) -> 0
A40: 6 | B40: General Worker | E40: HRS | H40: 140 | I40: =SUM(G40*H40) -> 0
A44: Sub Total C | I44: =SUM(I35:I43) -> 2600
A45: TRANSPORT
A46: Item 4 | B46: Destinantion | E46: No of Trips | G46: KMs | H46: Rate | I46: Amount
A47: 1 | B47: Port Elizabeth office to Livingstone
B48: Hospital and back. | E48: 1 | G48: 23 | H48: 5 | I48: =H48*G48 -> 115
A50: Sub Total D | I50: =SUM(I47:I49) -> 115
G52: Sub Total (A+B+C+D) | I52: =I50+I44+I32+I21 -> 28286.4
G54: Sub Total | I54: =I52+I53 -> 28286.4

Sheet LAETITIA BAM CHC (11)
A9: QUOTE TO : | F9: Qoute No | H9: 11
A10: Department of Health | F10: Date | H10: 28/3/2019
A11: 717 Dukumbana Building | F11: Facility | H11: LAETITIA BAM CHC
A12: Independent Avenue | F12: Work Order | H12: 43269
A13: Bhisho | F13: Tender No | H13: SCMU3 - 17/18-0303 - HO
F14: Contract Term | H14: 24 MONTHS
A15: WORK REQUEST : Generator does not kick start.
A16: SCHEDULED WORK
A17: Item 1 | B17: Description | E17: Unit | F17: Sch No | G17: Quantity | H17: Rate | I17: Amount
I18: =SUM(G18*H18) -> 0
I19: =SUM(G19*H19) -> 0
I20: =SUM(G20*H20) -> 0
A21: Sub Total A | I21: =SUM(I18:I20) -> 0
A22: NON SCHEDULED WORK
A23: Item 2 | B23: Description | G23: Quantity | H23: Rate | I23: Amount
A32: Sub Total | I32: =SUM(I24:I31) -> 0
A33: Mark - Up 15% | I33: =I32*0.15 -> 0
A34: SUb Total B | I34: =I32+I33 -> 0
A35: LABOUR
A36: Item 3 | B36: (Normal Rate) | E36: Unit | G36: Quantity | H36: Rate | I36: Amount
A37: 1 | B37: Techinician | E37: HRS | G37: 2 | H37: 450 | I37: =SUM(G37*H37) -> 900
A38: 2 | B38: Senior Artisan | E38: HRS | H38: 350 | I38: =SUM(G38*H38) -> 0
A39: 3 | B39: Artisan (Trade Tested) | E39: HRS | H39: 300 | I39: =SUM(G39*H39) -> 0
A40: 4 | B40: Utility Man (Non - Trade Tested) | E40: HRS | G40: 2 | H40: 200 | I40: =SUM(G40*H40) -> 400
A41: 5 | B41: Artisan Aid | E41: HRS | H41: 200 | I41: =SUM(G41*H41) -> 0
A42: 6 | B42: General Worker | E42: HRS | H42: 140 | I42: =SUM(G42*H42) -> 0
A46: Sub Total C | I46: =SUM(I37:I45) -> 1300
A47: TRANSPORT
A48: Item 4 | B48: Destinantion | E48: No of Trips | G48: KMs | H48: Rate | I48: Amount
A49: 1 | B49: Port Elizabeth office to Laetitia CHC
B50: and back. | E50: 1 | G50: 77.4 | H50: 5 | I50: =H50*G50 -> 387
A52: Sub Total D | I52: =SUM(I49:I51) -> 387
G54: Sub Total (A+B+C+D) | I54: =I52+I46+I34 -> 1687
G56: Sub Total | I56: =I54+I55 -> 1687

Sheet WEST END (12)
A9: QUOTE TO : | F9: Qoute No | H9: 12
A10: Department of Health | F10: Date | H10: 22/3/2019
A11: 717 Dukumbana Building | F11: Facility | H11: West End CHC
A12: Independent Avenue | F12: Work Order | H12: 43444
A13: Bhisho | F13: Tender No | H13: SCMU3 - 17/18-0303 - HO
F14: Contract Term | H14: 24 MONTHS
A15: WORK REQUEST : The generator is leaking oil.
A16: SCHEDULED WORK
A17: Item 1 | B17: Description | E17: Unit | F17: Sch No | G17: Quantity | H17: Rate | I17: Amount
I18: =SUM(G18*H18) -> 0
I19: =SUM(G19*H19) -> 0
I20: =SUM(G20*H20) -> 0
A21: Sub Total A | I21: =SUM(I18:I20) -> 0
A22: NON SCHEDULED WORK
A23: Item 2 | B23: Description | G23: Quantity | H23: Rate | I23: Amount
A24: 1 | B24: REAR OIL SEAL (6105) | G24: 1 | H24: 172.17 | I24: =H24*G24 -> 172.17
A25: 2 | B25: RIMULA R4 X 15W40 | G25: 1 | H25: 665.1 | I25: =H25*G25 -> 665.1
A32: Sub Total | I32: =SUM(I24:I31) -> 837.27
A33: Mark - Up 15% | I33: =I32*0.15 -> 125.5905
A34: SUb Total B | I34: =I32+I33 -> 962.8605
A35: LABOUR
A36: Item 3 | B36: (Normal Rate) | E36: Unit | G36: Quantity | H36: Rate | I36: Amount
A37: 1 | B37: Techinician | E37: HRS | G37: 9 | H37: 450 | I37: =SUM(G37*H37) -> 4050
A38: 2 | B38: Senior Artisan | E38: HRS | H38: 350 | I38: =SUM(G38*H38) -> 0
A39: 3 | B39: Artisan (Trade Tested) | E39: HRS | H39: 300 | I39: =SUM(G39*H39) -> 0
A40: 4 | B40: Utility Man (Non - Trade Tested) | E40: HRS | G40: 9 | H40: 200 | I40: =SUM(G40*H40) -> 1800
A41: 5 | B41: Artisan Aid | E41: HRS | H41: 200 | I41: =SUM(G41*H41) -> 0
A42: 6 | B42: General Worker | E42: HRS | H42: 140 | I42: =SUM(G42*H42) -> 0
A46: Sub Total C | I46: =SUM(I37:I45) -> 5850
A47: TRANSPORT
A48: Item 4 | B48: Destinantion | E48: No of Trips | G48: KMs | H48: Rate | I48: Amount
A49: 1 | B49: Port Elizabeth office to West End
B50: Mortuary and back. | E50: 1 | G50: 73.6 | H50: 5 | I50: =H50*G50 -> 368
A52: Sub Total D | I52: =SUM(I49:I51) -> 368
G54: Sub Total (A+B+C+D) | I54: =I52+I46+I34+I21 -> 7180.8605
G56: Sub Total | I56: =I54+I55 -> 7180.8605

Sheet PORT ELIZABETH PRO.(13)
A9: QUOTE TO : | F9: Qoute No | H9: 13
A10: Department of Health | F10: Date | H10: 29/3/2019
A11: 717 Dukumbana Building | F11: Facility | H11: PORT ELIZABETH HOSPITAL PROV
A12: Independent Avenue | F12: Work Order | H12: 43856
A13: Bhisho | F13: Tender No | H13: SCMU3 - 17/18-0303 - HO
F14: Contract Term | H14: 24 MONTHS
A15: WORK REQUEST : The back up generator is faulty.
A16: SCHEDULED WORK
A17: Item 1 | B17: Description | E17: Unit | F17: Sch No | G17: Quantity | H17: Rate | I17: Amount
I18: =SUM(G18*H18) -> 0
I19: =SUM(G19*H19) -> 0
I20: =SUM(G20*H20) -> 0
A21: Sub Total A | I21: =SUM(I18:I20) -> 0
A22: NON SCHEDULED WORK
A23: Item 2 | B23: Description | G23: Quantity | H23: Rate | I23: Amount
A24: 1 | B24: 12 V REALY | G24: 1 | H24: 110 | I24: =H24*G24 -> 110
A32: Sub Total | I32: =SUM(I24:I31) -> 110
A33: Mark - Up 15% | I33: =I32*0.15 -> 16.5
A34: SUb Total B | I34: =I32+I33 -> 126.5
A35: LABOUR
A36: Item 3 | B36: (Normal Rate) | E36: Unit | G36: Quantity | H36: Rate | I36: Amount
A37: 1 | B37: Techinician | E37: HRS | G37: 2 | H37: 450 | I37: =SUM(G37*H37) -> 900
A38: 2 | B38: Senior Artisan | E38: HRS | H38: 350 | I38: =SUM(G38*H38) -> 0
A39: 3 | B39: Artisan (Trade Tested) | E39: HRS | H39: 300 | I39: =SUM(G39*H39) -> 0
A40: 4 | B40: Utility Man (Non - Trade Tested) | E40: HRS | G40: 2 | H40: 200 | I40: =SUM(G40*H40) -> 400
A41: 5 | B41: Artisan Aid | E41: HRS | H41: 200 | I41: =SUM(G41*H41) -> 0
A42: 6 | B42: General Worker | E42: HRS | H42: 140 | I42: =SUM(G42*H42) -> 0
A46: Sub Total C | I46: =SUM(I37:I45) -> 1300
A47: TRANSPORT
A48: Item 4 | B48: Destinantion | E48: No of Trips | G48: KMs | H48: Rate | I48: Amount
A49: 1 | B49: Port Elizabeth office to Prort Elizabeth Prov
B50: Hospital and back. | E50: 1 | G50: 1.9 | H50: 5 | I50: =H50*G50 -> 9.5
A52: Sub Total D | I52: =SUM(I49:I51) -> 9.5
G54: Sub Total (A+B+C+D) | I54: =I52+I46+I34+I21 -> 1436
G56: Sub Total | I56: =I54+I55 -> 1436

Sheet DORA NGIZA HOSP (14)
A9: QUOTE TO : | F9: Qoute No | H9: 14
A10: Department of Health | F10: Date | H10: 16/4/2019
A11: 717 Dukumbana Building | F11: Facility | H11: DORA HOSPITAL PROVINCIAL
A12: Independent Avenue | F12: Work Order | H12: 43167
A13: Bhisho | F13: Tender No | H13: SCMU3 - 17/18-0303 - HO
F14: Contract Term | H14: 24 MONTHS
A15: WORK REQUEST : Casuality generator has a faulty pre - heater.
A16: SCHEDULED WORK
A17: Item 1 | B17: Discription | E17: Unit | F17: Sch No | G17: Quantity | H17: Rate | I17: Amount
I18: =SUM(G18*H18) -> 0
I19: =SUM(G19*H19) -> 0
I20: =SUM(G20*H20) -> 0
A21: Sub Total A | I21: =SUM(I18:I20) -> 0
A22: NON SCHEDULED WORK
A23: Item 2 | B23: Description | G23: Quantity | H23: Rate | I23: Amount
A24: 1 | B24: ELEMENT (2KW) | G24: 1 | H24: 254.18 | I24: =H24*G24 -> 254.18
A25: 2 | B25: THERMOSTAT | G25: 1 | H25: 250.12 | I25: =H25*G25 -> 250.12
A26: 3 | B26: ANTIFREEZE | G26: 15 | H26: 39.81 | I26: =H26*G26 -> 597.15
A27: 4 | B27: 100A (MCB) | G27: 1 | H27: 1646.25 | I27: =H27*G27 -> 1646.25
A28: 5 | B28: SAMITE ADAPTOR PLATE | G28: 2 | H28: 18.9 | I28: =H28*G28 -> 37.8
I29: =H29*G29 -> 0
I30: =H30*G30 -> 0
A32: Sub Total | I32: =SUM(I24:I31) -> 2785.5
A33: Mark - Up 15% | I33: =I32*0.15 -> 417.825
A34: SUb Total B | I34: =I32+I33 -> 3203.325
A35: LABOUR
A36: Item 3 | B36: (Normal Rate) | E36: Unit | G36: Quantity | H36: Rate | I36: Amount
A37: 1 | B37: Techinician | E37: HRS | G37: 6 | H37: 450 | I37: =SUM(G37*H37) -> 2700
A38: 2 | B38: Senior Artisan | E38: HRS | H38: 350 | I38: =SUM(G38*H38) -> 0
A39: 3 | B39: Artisan (Trade Tested) | E39: HRS | H39: 300 | I39: =SUM(G39*H39) -> 0
A40: 4 | B40: Utility Man (Non - Trade Tested) | E40: HRS | G40: 6 | H40: 200 | I40: =SUM(G40*H40) -> 1200
A41: 5 | B41: Artisan Aid | E41: HRS | H41: 200 | I41: =SUM(G41*H41) -> 0
A42: 6 | B42: General Worker | E42: HRS | H42: 140 | I42: =SUM(G42*H42) -> 0
A46: Sub Total C | I46: =SUM(I37:I45) -> 3900
A47: TRANSPORT
A48: Item 4 | B48: Destinantion | E48: No of Trips | G48: KMs | H48: Rate | I48: Amount
A49: 1 | B49: Port Elizabeth office to Dora Ngiza
B50: Hospital and back. | E50: 1 | G50: 28.6 | H50: 5 | I50: =H50*G50 -> 143
A52: Sub Total D | I52: =SUM(I49:I51) -> 143
G54: Sub Total (A+B+C+D) | I54: =I52+I46+I34+I21 -> 7246.325
G56: Sub Total | I56: =I54+I55 -> 7246.325

Sheet ORSMOND TB HOSP (15)
A9: QUOTE TO : | F9: Qoute No | H9: 15
A10: Department of Health | F10: Date | H10: 16/3/2019
A11: 717 Dukumbana Building | F11: Facility | H11: ORSMOND TB HOSPITAL
A12: Independent Avenue | F12: Work Order | H12: 44769
A13: Bhisho | F13: Tender No | H13: SCMU3 - 17/18-0303 - HO
F14: Contract Term | H14: 24 MONTHS
A15: WORK REQUEST : Back up generator does not start.
A16: SCHEDULED WORK
A17: Item 1 | B17: Discription | E17: Unit | F17: Sch No | G17: Quantity | H17: Rate | I17: Amount
I18: =SUM(G18*H18) -> 0
I19: =SUM(G19*H19) -> 0
I20: =SUM(G20*H20) -> 0
A21: Sub Total A | I21: =SUM(I18:I20) -> 0
A22: NON SCHEDULED WORK
A23: Item 2 | B23: Description | G23: Quantity | H23: Rate | I23: Amount
A24: 1 | B24: BATTERY (674) | G24: 1 | H24: 1430 | I24: =H24*G24 -> 1430
A32: Sub Total | I32: =SUM(I24:I31) -> 1430
A33: Mark - Up 15% | I33: =I32*0.15 -> 214.5
A34: SUb Total B | I34: =I32+I33 -> 1644.5
A35: LABOUR
A36: Item 3 | B36: (Normal Rate) | E36: Unit | G36: Quantity | H36: Rate | I36: Amount
A37: 1 | B37: Techinician | E37: HRS | G37: 1 | H37: 450 | I37: =SUM(G37*H37) -> 450
A38: 2 | B38: Senior Artisan | E38: HRS | H38: 350 | I38: =SUM(G38*H38) -> 0
A39: 3 | B39: Artisan (Trade Tested) | E39: HRS | H39: 300 | I39: =SUM(G39*H39) -> 0
A40: 4 | B40: Utility Man (Non - Trade Tested) | E40: HRS | G40: 1 | H40: 200 | I40: =SUM(G40*H40) -> 200
A41: 5 | B41: Artisan Aid | E41: HRS | H41: 200 | I41: =SUM(G41*H41) -> 0
A42: 6 | B42: General Worker | E42: HRS | H42: 140 | I42: =SUM(G42*H42) -> 0
A46: Sub Total C | I46: =SUM(I37:I45) -> 650
A47: TRANSPORT
A48: Item 4 | B48: Destinantion | E48: No of Trips | G48: KMs | H48: Rate | I48: Amount
A49: 1 | B49: Port Elizabeth office to Orsmond
B50: Hospital and back. | E50: 1 | G50: 81.6 | H50: 5 | I50: =H50*G50 -> 408
A52: Sub Total D | I52: =SUM(I49:I51) -> 408
G54: Sub Total (A+B+C+D) | I54: =I52+I46+I34+I21 -> 2702.5
G56: Sub Total | I56: =I54+I55 -> 2702.5

Sheet MOUNT RD MORT. (16)
A9: QUOTE TO : | F9: Qoute No | H9: 16
A10: Department of Health | F10: Date | H10: 43713
A11: 717 Dukumbana Building | F11: Facility | H11: MOUNT ROAD MORTAURY
A12: Independent Avenue | F12: Work Order | H12: 45596
A13: Bhisho | F13: Tender No | H13: SCMU3 - 17/18-0303 - HO
F14: Contract Term | H14: 24 MONTHS
A15: WORK REQUEST : Diesel generator is making noise.
A16: SCHEDULED WORK
A17: Item 1 | B17: Description | E17: Unit | F17: Sch No | G17: Quantity | H17: Rate | I17: Amount
I18: =SUM(G18*H18) -> 0
I19: =SUM(G19*H19) -> 0
I20: =SUM(G20*H20) -> 0
A21: Sub Total A | I21: =SUM(I18:I20) -> 0
A22: NON SCHEDULED WORK
A23: Item 2 | B23: Description | G23: Quantity | H23: Rate | I23: Amount
A24: 1 | B24: BATTERY (674) | G24: 1 | H24: 1498.26 | I24: =H24*G24 -> 1498.26
A32: Sub Total | I32: =SUM(I24:I31) -> 1498.26
A33: Mark - Up 15% | I33: =I32*0.15 -> 224.739
A34: SUb Total B | I34: =I32+I33 -> 1722.999
A35: LABOUR
A36: Item 3 | B36: (Normal Rate) | E36: Unit | G36: Quantity | H36: Rate | I36: Amount
A37: 1 | B37: Techinician | E37: HRS | G37: 3 | H37: 450 | I37: =SUM(G37*H37) -> 1350
A38: 2 | B38: Senior Artisan | E38: HRS | H38: 350 | I38: =SUM(G38*H38) -> 0
A39: 3 | B39: Artisan (Trade Tested) | E39: HRS | H39: 300 | I39: =SUM(G39*H39) -> 0
A40: 4 | B40: Utility Man (Non - Trade Tested) | E40: HRS | H40: 200 | I40: =SUM(G40*H40) -> 0
A41: 5 | B41: Artisan Aid | E41: HRS | H41: 200 | I41: =SUM(G41*H41) -> 0
A42: 6 | B42: General Worker | E42: HRS | H42: 140 | I42: =SUM(G42*H42) -> 0
A46: Sub Total C | I46: =SUM(I37:I45) -> 1350
A47: TRANSPORT
A48: Item 4 | B48: Destinantion | E48: No of Trips | G48: KMs | H48: Rate | I48: Amount
A49: 1 | B49: Port Elizabeth office to Mount Road
B50: Mortuary and back. | E50: 1 | G50: 4.8 | H50: 5 | I50: =H50*G50 -> 24
A52: Sub Total D | I52: =SUM(I49:I51) -> 24
G54: Sub Total (A+B+C+D) | I54: =I52+I46+I34+I21 -> 3096.999
G56: Sub Total | I56: =I54+I55 -> 3096.999

Sheet PARMACEUTICA DEP (17)
A9: QUOTE TO : | F9: Qoute No | H9: 17
A10: Department of Health | F10: Date | H10: 16/4/2019
A11: 717 Dukumbana Building | F11: Facility | H11: PHARMACEUTICAL DEPOT
A12: Independent Avenue | F12: Work Order | H12: 44682
A13: Bhisho | F13: Tender No | H13: SCMU3 - 17/18-0303 - HO
F14: Contract Term | H14: 24 MONTHS
A15: WORK REQUEST : The alternator of the generator needs to be repaired.
A16: SCHEDULED WORK
A17: Item 1 | B17: Description | E17: Unit | F17: Sch No | G17: Quantity | H17: Rate | I17: Amount
I18: =SUM(G18*H18) -> 0
I19: =SUM(G19*H19) -> 0
I20: =SUM(G20*H20) -> 0
A21: Sub Total A | I21: =SUM(I18:I20) -> 0
A22: NON SCHEDULED WORK
A23: Item 2 | B23: Description | G23: Quantity | H23: Rate | I23: Amount
A24: 1 | B24: 24 v ALTERNATOR | G24: 1 | H24: 4107 | I24: =H24*G24 -> 4107
A25: 2 | B25: MAKE UP BRACKET FOR THE ALTERNATOR | G25: 1 | H25: 1375 | I25: =H25*G25 -> 1375
A32: Sub Total | I32: =SUM(I24:I31) -> 5482
A33: Mark - Up 15% | I33: =I32*0.15 -> 822.3
A34: SUb Total B | I34: =I32+I33 -> 6304.3
A35: LABOUR
A36: Item 3 | B36: (Normal Rate) | E36: Unit | G36: Quantity | H36: Rate | I36: Amount
A37: 1 | B37: Techinician | E37: HRS | G37: 5 | H37: 450 | I37: =SUM(G37*H37) -> 2250
A38: 2 | B38: Senior Artisan | E38: HRS | H38: 350 | I38: =SUM(G38*H38) -> 0
A39: 3 | B39: Artisan (Trade Tested) | E39: HRS | H39: 300 | I39: =SUM(G39*H39) -> 0
A40: 4 | B40: Utility Man (Non - Trade Tested) | E40: HRS | G40: 5 | H40: 200 | I40: =SUM(G40*H40) -> 1000
A41: 5 | B41: Artisan Aid | E41: HRS | H41: 200 | I41: =SUM(G41*H41) -> 0
A42: 6 | B42: General Worker | E42: HRS | H42: 140 | I42: =SUM(G42*H42) -> 0
A46: Sub Total C | I46: =SUM(I37:I45) -> 3250
A47: TRANSPORT
A48: Item 4 | B48: Destinantion | E48: No of Trips | G48: KMs | H48: Rate | I48: Amount
A49: 1 | B49: Port Elizabeth office to Pharmaceutical
B50: Depot and back. | E50: 1 | G50: 26.8 | H50: 5 | I50: =H50*G50 -> 134
A52: Sub Total D | I52: =SUM(I49:I51) -> 134
G54: Sub Total (A+B+C+D) | I54: =I52+I46+I34+I21 -> 9688.3
G56: Sub Total | I56: =I54+I55 -> 9688.3

Sheet DORA NGIZA HOSP (18)
A9: QUOTE TO : | F9: Qoute No | H9: 18
A10: Department of Health | F10: Date | H10: 26/4/2019
A11: 717 Dukumbana Building | F11: Facility | H11: DORA NGIZA HOSPITAL
A12: Independent Avenue | F12: Work Order | H12: 45094
A13: Bhisho | F13: Tender No | H13: SCMU3 - 17/18-0303 - HO
F14: Contract Term | H14: 24 MONTHS
A15: WORK REQUEST : Repair the lovato control and replace the battery charger charger.
A16: SCHEDULED WORK
A17: Item 1 | B17: Description | E17: Unit | F17: Sch No | G17: Quantity | H17: Rate | I17: Amount
I18: =SUM(G18*H18) -> 0
I19: =SUM(G19*H19) -> 0
I20: =SUM(G20*H20) -> 0
A21: Sub Total A | I21: =SUM(I18:I20) -> 0
A22: NON SCHEDULED WORK
A23: Item 2 | B23: Description | G23: Quantity | H23: Rate | I23: Amount
A32: Sub Total | I32: =SUM(I24:I31) -> 0
A33: Mark - Up 15% | I33: =I32*0.15 -> 0
A34: SUb Total B | I34: =I32+I33 -> 0
A35: LABOUR
A36: Item 3 | B36: (Normal Rate) | E36: Unit | G36: Quantity | H36: Rate | I36: Amount
A37: 1 | B37: Techinician | E37: HRS | G37: 3 | H37: 450 | I37: =SUM(G37*H37) -> 1350
A38: 2 | B38: Senior Artisan | E38: HRS | H38: 350 | I38: =SUM(G38*H38) -> 0
A39: 3 | B39: Artisan (Trade Tested) | E39: HRS | H39: 300 | I39: =SUM(G39*H39) -> 0
A40: 4 | B40: Utility Man (Non - Trade Tested) | E40: HRS | G40: 3 | H40: 200 | I40: =SUM(G40*H40) -> 600
A41: 5 | B41: Artisan Aid | E41: HRS | H41: 200 | I41: =SUM(G41*H41) -> 0
A42: 6 | B42: General Worker | E42: HRS | H42: 140 | I42: =SUM(G42*H42) -> 0
A46: Sub Total C | I46: =SUM(I37:I45) -> 1950
A47: TRANSPORT
A48: Item 4 | B48: Destinantion | E48: No of Trips | G48: KMs | H48: Rate | I48: Amount
A49: 1 | B49: Port Elizabeth office to Dora Ngiza
B50: Hospital and back. | E50: 1 | G50: 28.6 | H50: 5 | I50: =H50*G50 -> 143
A52: Sub Total D | I52: =SUM(I49:I51) -> 143
G54: Sub Total (A+B+C+D) | I54: =I52+I46+I34 -> 2093
G56: Sub Total | I56: =I54+I55 -> 2093

Sheet DORA NGIZA (19)
A9: QUOTE TO : | F9: Qoute No | H9: 19
A10: Department of Health | F10: Date | H10: 24/5/2019
A11: 717 Dukumbana Building | F11: Facility | H11: DORA NGIZA HOSPITAL
A12: Independent Avenue | F12: Work Order | H12: 46407
A13: Bhisho | F13: Tender No | H13: SCMU3 - 17/18-0303 - HO
F14: Contract Term | H14: 24 MONTHS
A15: WORK REQUEST : Repair the lovato control and replace the battery charger .
A16: SCHEDULED WORK
A17: Item 1 | B17: Description | E17: Unit | F17: Sch No | G17: Quantity | H17: Rate | I17: Amount
I18: =SUM(G18*H18) -> 0
I19: =SUM(G19*H19) -> 0
I20: =SUM(G20*H20) -> 0
A21: Sub Total A | I21: =SUM(I18:I20) -> 0
A22: NON SCHEDULED WORK
A23: Item 2 | B23: Description | G23: Quantity | H23: Rate | I23: Amount
A24: 1 | B24: 12V 5A BATTERY CHARGER | G24: 1 | H24: 1142 | I24: =H24*G24 -> 1142
A32: Sub Total | I32: =SUM(I24:I31) -> 1142
A33: Mark - Up 15% | I33: =I32*0.15 -> 171.3
A34: SUb Total B | I34: =I32+I33 -> 1313.3
A35: LABOUR
A36: Item 3 | B36: (Normal Rate) | E36: Unit | G36: Quantity | H36: Rate | I36: Amount
A37: 1 | B37: Techinician | E37: HRS | G37: 4 | H37: 450 | I37: =SUM(G37*H37) -> 1800
A38: 2 | B38: Senior Artisan | E38: HRS | H38: 350 | I38: =SUM(G38*H38) -> 0
A39: 3 | B39: Artisan (Trade Tested) | E39: HRS | H39: 300 | I39: =SUM(G39*H39) -> 0
A40: 4 | B40: Utility Man (Non - Trade Tested) | E40: HRS | G40: 4 | H40: 200 | I40: =SUM(G40*H40) -> 800
A41: 5 | B41: Artisan Aid | E41: HRS | H41: 200 | I41: =SUM(G41*H41) -> 0
A42: 6 | B42: General Worker | E42: HRS | H42: 140 | I42: =SUM(G42*H42) -> 0
A46: Sub Total C | I46: =SUM(I37:I45) -> 2600
A47: TRANSPORT
A48: Item 4 | B48: Destinantion | E48: No of Trips | G48: KMs | H48: Rate | I48: Amount
A49: 1 | B49: Port Elizabeth office to Dora Ngiza
B50: Hospital and back. | E50: 1 | G50: 28.6 | H50: 5 | I50: =H50*G50 -> 143
A52: Sub Total D | I52: =SUM(I49:I51) -> 143
G54: Sub Total (A+B+C+D) | I54: =I52+I46+I34 -> 4056.3
G56: Sub Total | I56: =I54+I55 -> 4056.3

Sheet LIVINGSTONE HOSPITAL (20)
A9: QUOTE TO : | F9: Qoute No | H9: 20
A10: Department of Health | F10: Date | H10: 29/5/2019
A11: 717 Dukumbana Building | F11: Facility | H11: LIVINGSTONE HOSPITAL
A12: Independent Avenue | F12: Work Order | H12: 46506
A13: Bhisho | F13: Tender No | H13: SCMU3 - 17/18-0303 - HO
F14: Contract Term | H14: 24 MONTHS
A15: WORK REQUEST : Gen at nurses home needs fuel filter.
A16: SCHEDULED WORK
A17: Item 1 | B17: Description | E17: Unit | F17: Sch No | G17: Quantity | H17: Rate | I17: Amount
I18: =SUM(G18*H18) -> 0
I19: =SUM(G19*H19) -> 0
I20: =SUM(G20*H20) -> 0
A21: Sub Total A | I21: =SUM(I18:I20) -> 0
A22: NON SCHEDULED WORK
A23: Item 2 | B23: Description | G23: Quantity | H23: Rate | I23: Amount
A24: 1 | B24: FUEL FILTER | G24: 1 | H24: 428.2 | I24: =H24*G24 -> 428.2
A25: 2 | B25: HEAD ASSY | G25: 1 | H25: 367.16 | I25: =H25*G25 -> 367.16
A32: Sub Total | I32: =SUM(I24:I31) -> 795.36
A33: Mark - Up 15% | I33: =I32*0.15 -> 119.304
A34: SUb Total B | I34: =I32+I33 -> 914.664
A35: LABOUR
A36: Item 3 | B36: (Normal Rate) | E36: Unit | G36: Quantity | H36: Rate | I36: Amount
A37: 1 | B37: Techinician | E37: HRS | G37: 1 | H37: 450 | I37: =SUM(G37*H37) -> 450
A38: 2 | B38: Senior Artisan | E38: HRS | H38: 350 | I38: =SUM(G38*H38) -> 0
A39: 3 | B39: Artisan (Trade Tested) | E39: HRS | H39: 300 | I39: =SUM(G39*H39) -> 0
A40: 4 | B40: Utility Man (Non - Trade Tested) | E40: HRS | G40: 1 | H40: 200 | I40: =SUM(G40*H40) -> 200
A41: 5 | B41: Artisan Aid | E41: HRS | H41: 200 | I41: =SUM(G41*H41) -> 0
A42: 6 | B42: General Worker | E42: HRS | H42: 140 | I42: =SUM(G42*H42) -> 0
A46: Sub Total C | I46: =SUM(I37:I45) -> 650
A47: TRANSPORT
A48: Item 4 | B48: Destinantion | E48: No of Trips | G48: KMs | H48: Rate | I48: Amount
A49: 1 | B49: Port Elizabeth office to Livingstone
B50: Hospital and back. | E50: 1 | G50: 23.2 | H50: 5 | I50: =H50*G50 -> 116
A52: Sub Total D | I52: =SUM(I49:I51) -> 116
G54: Sub Total (A+B+C+D) | I54: =I52+I46+I34 -> 1680.664
G56: Sub Total | I56: =I54+I55 -> 1680.664

Sheet PE PROV. HOSPITAL (21)
A9: QUOTE TO : | F9: Qoute No | H9: 21
A10: Department of Health | F10: Date | H10: 43607
A11: 717 Dukumbana Building | F11: Facility | H11: PE PROVINCIAL HOSPITAL
A12: Independent Avenue | F12: Work Order | H12: 43065
A13: Bhisho | F13: Tender No | H13: SCMU3 - 17/18-0303 - HO
F14: Contract Term | H14: 24 MONTHS
A15: WORK REQUEST : Exiting tank to be connected to the power generator.
A16: SCHEDULED WORK
A17: Item 1 | B17: Description | E17: Unit | F17: Sch No | G17: Quantity | H17: Rate | I17: Amount
I18: =SUM(G18*H18) -> 0
I19: =SUM(G19*H19) -> 0
I20: =SUM(G20*H20) -> 0
A21: Sub Total A | I21: =SUM(I18:I20) -> 0
A22: NON SCHEDULED WORK
A23: Item 2 | B23: Description | G23: Quantity | H23: Rate | I23: Amount
A24: 1 | B24: Straight Coupler | G24: 2 | H24: 23.54 | I24: =H24*G24 -> 47.08
A25: 2 | B25: 16mm Clear Thick Wall | G25: 1 | H25: 20.8 | I25: =H25*G25 -> 20.8
A26: 3 | B26: Jubilee Clamps | G26: 2 | H26: 4 | I26: =H26*G26 -> 8
A27: 4 | B27: 25mm Galv Plug | G27: 1 | H27: 5.96 | I27: =H27*G27 -> 5.96
A28: 5 | B28: 10mm Galv Plug | G28: 1 | H28: 3.46 | I28: =H28*G28 -> 3.46
A29: 6 | B29: G1000 Filter | G29: 1 | H29: 137.95 | I29: =H29*G29 -> 137.95
A30: 7 | B30: EQL ANG MS | G30: 1 | H30: 147.83 | I30: =H30*G30 -> 147.83
A31: 8 | B31: Masterbat 15mm | G31: 4 | H31: 1.5 | I31: =H31*G31 -> 6
A32: 9 | B32: Copper Tube 15x 5.5m | G32: 1 | H32: 314 | I32: =H32*G32 -> 314
A33: 10 | B33: Galv Hollow Plug | G33: 1 | H33: 7.25 | I33: =H33*G33 -> 7.25
A34: 11 | B34: Reducer | G34: 2 | H34: 23.01 | I34: =H34*G34 -> 46.02
A35: 12 | B35: Elbow | G35: 4 | H35: 29.47 | I35: =H35*G35 -> 117.88
... A37: 14 | B37: Male Straight Coupler | G37: 2 | H37: 66.61 | I37: =H37*G37 -> 133.22
A38: Sub Total | I38: =SUM(I24:I37) -> 1036.43
A39: Mark - Up 15% | I39: =ROUND((I38*0.15),2) -> 155.46
A40: SUb Total B | I40: =I38+I39 -> 1191.89
A41: LABOUR
A42: Item 3 | B42: (Normal Rate) | E42: Unit | G42: Quantity | H42: Rate | I42: Amount
A43: 1 | B43: Techinician | E43: HRS | G43: 12 | H43: 450 | I43: =SUM(G43*H43) -> 5400
A44: 2 | B44: Senior Artisan | E44: HRS | H44: 350 | I44: =SUM(G44*H44) -> 0
A45: 3 | B45: Artisan (Trade Tested) | E45: HRS | H45: 300 | I45: =SUM(G45*H45) -> 0
A46: 4 | B46: Utility Man (Non - Trade Tested) | E46: HRS | G46: 12 | H46: 200 | I46: =SUM(G46*H46) -> 2400
A47: 5 | B47: Artisan Aid | E47: HRS | H47: 200 | I47: =SUM(G47*H47) -> 0
A48: 6 | B48: General Worker | E48: HRS | H48: 140 | I48: =SUM(G48*H48) -> 0
A52: Sub Total C | I52: =SUM(I43:I51) -> 7800
A53: TRANSPORT
A54: Item 4 | B54: Destinantion | E54: No of Trips | G54: KMs | H54: Rate | I54: Amount
A55: 1 | B55: Unit 2My konos, south end to Port Elizabeth
B56: Prov.Hospital and back. | E56: 1 | G56: 9.2 | H56: 5 | I56: =H56*G56 -> 46
A58: Sub Total D | I58: =SUM(I55:I57) -> 46
G60: Sub Total (A+B+C+D) | I60: =I58+I52+I40 -> 9037.89
G62: Sub Total | I62: =I60+I61 -> 9037.89

Sheet GQEBERA CHC (22)
A9: QUOTE TO : | F9: Qoute No | H9: 22
A10: Department of Health | F10: Date | H10: 43626
A11: 717 Dukumbana Building | F11: Facility | H11: GQEBERA CHC
A12: Independent Avenue | F12: Work Order | H12: 47399
A13: Bhisho | F13: Tender No | H13: SCMU3 - 17/18-0303 - HO
F14: Contract Term | H14: 24 MONTHS
A15: WORK REQUEST : Rpair faulty generator.
A16: SCHEDULED WORK
A17: Item 1 | B17: Description | E17: Unit | F17: Sch No | G17: Quantity | H17: Rate | I17: Amount
I18: =SUM(G18*H18) -> 0
I19: =SUM(G19*H19) -> 0
I20: =SUM(G20*H20) -> 0
A21: Sub Total A | I21: =SUM(I18:I20) -> 0
A22: NON SCHEDULED WORK
A23: Item 2 | B23: Description | G23: Quantity | H23: Rate | I23: Amount
A24: 1 | B24: Lifting of generator | G24: 1 | H24: 300 | I24: =H24*G24 -> 300
A25: 2 | B25: 6120 Control Module | G25: 1 | H25: 5936.47 | I25: =H25*G25 -> 5936.47
A26: 3 | B26: Uni 12 AVR | G26: 1 | H26: 2250 | I26: =H26*G26 -> 2250
A27: 4 | B27: SX460 AVR | G27: 1 | H27: 2850 | I27: =H27*G27 -> 2850
A28: 5 | B28: 82KVA Alternator | G28: 1 | H28: 4840 | I28: =H28*G28 -> 4840
A38: Sub Total | I38: =SUM(I24:I37) -> 16176.47
A39: Mark - Up 15% | I39: =ROUND((I38*0.15),2) -> 2426.47
A40: SUb Total B | I40: =I38+I39 -> 18602.94
A41: LABOUR
A42: Item 3 | B42: (Normal Rate) | E42: Unit | G42: Quantity | H42: Rate | I42: Amount
A43: 1 | B43: Techinician | E43: HRS | G43: 69 | H43: 450 | I43: =SUM(G43*H43) -> 31050
A44: 2 | B44: Senior Artisan | E44: HRS | H44: 350 | I44: =SUM(G44*H44) -> 0
A45: 3 | B45: Artisan (Trade Tested) | E45: HRS | H45: 300 | I45: =SUM(G45*H45) -> 0
A46: 4 | B46: Utility Man (Non - Trade Tested) | E46: HRS | G46: 69 | H46: 200 | I46: =SUM(G46*H46) -> 13800
A47: 5 | B47: Artisan Aid | E47: HRS | H47: 200 | I47: =SUM(G47*H47) -> 0
A48: 6 | B48: General Worker | E48: HRS | H48: 140 | I48: =SUM(G48*H48) -> 0
A52: Sub Total C | I52: =SUM(I43:I51) -> 44850
A53: TRANSPORT
A54: Item 4 | B54: Destinantion | E54: No of Trips | G54: KMs | H54: Rate | I54: Amount
A55: 1 | B55: Unit 2My konos, south end to Gqebera CHC
B56: and back. | E56: 6 | G56: 61.2 | H56: 5 | I56: =H56*G56 -> 306
A58: Sub Total D | I58: =SUM(I55:I57) -> 306
G60: Sub Total (A+B+C+D) | I60: =I58+I52+I40 -> 63758.94
G62: Sub Total | I62: =I60+I61 -> 63758.94

Sheet PORT EZIABERTH MEDIC DEPOT(23)
A9: QUOTE TO : | F9: Qoute No | H9: 23
A10: Department of Health | F10: Date | H10: 43627
A11: 717 Dukumbana Building | F11: Facility | H11: PE PHARMACEUTICAL DEPOT
A12: Independent Avenue | F12: Work Order | H12: 47510
A13: Bhisho | F13: Tender No | H13: SCMU3 - 17/18-0303 - HO
F14: Contract Term | H14: 24 MONTHS
A15: WORK REQUEST : They need the gen batteries to be replaced,the thermostat &pre heated element needs replacement.
A16: SCHEDULED WORK
A17: Item 1 | B17: Description | E17: Unit | F17: Sch No | G17: Quantity | H17: Rate | I17: Amount
I18: =SUM(G18*H18) -> 0
I19: =SUM(G19*H19) -> 0
I20: =SUM(G20*H20) -> 0
A21: Sub Total A | I21: =SUM(I18:I20) -> 0
A22: NON SCHEDULED WORK
A23: Item 2 | B23: Description | G23: Quantity | H23: Rate | I23: Amount
A24: 1 | B24: Geyser Element | G24: 1 | H24: 182.56 | I24: =H24*G24 -> 182.56
A25: 2 | B25: Geyser Thermostat | G25: 1 | H25: 227.5 | I25: =H25*G25 -> 227.5
A26: 3 | B26: 105Ah Battery | G26: 2 | H26: 1504.35 | I26: =H26*G26 -> 3008.7
A27: 4 | B27: Antifreeze 10L | G27: 1 | H27: 418 | I27: =H27*G27 -> 418
I28: =H28*G28 -> 0
A38: Sub Total | I38: =SUM(I24:I37) -> 3836.76
A39: Mark - Up 15% | I39: =ROUND((I38*0.15),2) -> 575.51
A40: SUb Total B | I40: =I38+I39 -> 4412.27
A41: LABOUR
A42: Item 3 | B42: (Normal Rate) | E42: Unit | G42: Quantity | H42: Rate | I42: Amount
A43: 1 | B43: Techinician | E43: HRS | G43: 4 | H43: 450 | I43: =SUM(G43*H43) -> 1800
A44: 2 | B44: Senior Artisan | E44: HRS | H44: 350 | I44: =SUM(G44*H44) -> 0
A45: 3 | B45: Artisan (Trade Tested) | E45: HRS | H45: 300 | I45: =SUM(G45*H45) -> 0
A46: 4 | B46: Utility Man (Non - Trade Tested) | E46: HRS | G46: 4 | H46: 200 | I46: =SUM(G46*H46) -> 800
A47: 5 | B47: Artisan Aid | E47: HRS | H47: 200 | I47: =SUM(G47*H47) -> 0
A48: 6 | B48: General Worker | E48: HRS | H48: 140 | I48: =SUM(G48*H48) -> 0
A52: Sub Total C | I52: =SUM(I43:I51) -> 2600
A53: TRANSPORT
A54: Item 4 | B54: Destinantion | E54: No of Trips | G54: KMs | H54: Rate | I54: Amount
A55: 1 | B55: Unit 2 Mykonos, south end to PE
B56: Pharmaceutical Depot and back. | E56: 1 | G56: 27.6 | H56: 5 | I56: =H56*G56 -> 138
A58: Sub Total D | I58: =SUM(I55:I57) -> 138
G60: Sub Total (A+B+C+D) | I60: =I58+I52+I40 -> 7150.27
G62: Sub Total | I62: =I60+I61 -> 7150.27

Sheet LIVINGSTONE HOSPITAL (24)
A9: QUOTE TO : | F9: Qoute No | H9: 24
A10: Department of Health | F10: Date | H10: 43637
A11: 717 Dukumbana Building | F11: Facility | H11: LIVINGSTONE HOSPITAL
A12: Independent Avenue | F12: Work Order | H12: 49026
A13: Bhisho | F13: Tender No | H13: SCMU3 - 17/18-0303 - HO
F14: Contract Term | H14: 24 MONTHS
A15: WORK REQUEST : Replace laundry generator battery.
A16: SCHEDULED WORK
A17: Item 1 | B17: Description | E17: Unit | F17: Sch No | G17: Quantity | H17: Rate | I17: Amount
I18: =SUM(G18*H18) -> 0
I19: =SUM(G19*H19) -> 0
I20: =SUM(G20*H20) -> 0
A21: Sub Total A | I21: =SUM(I18:I20) -> 0
A22: NON SCHEDULED WORK
A23: Item 2 | B23: Description | G23: Quantity | H23: Rate | I23: Amount
A24: 1 | B24: 689 Battery | G24: 2 | H24: 2015 | I24: =H24*G24 -> 4030
A38: Sub Total | I38: =SUM(I24:I37) -> 4030
A39: Mark - Up 15% | I39: =ROUND((I38*0.15),2) -> 604.5
A40: SUb Total B | I40: =I38+I39 -> 4634.5
A41: LABOUR
A42: Item 3 | B42: (Normal Rate) | E42: Unit | G42: Quantity | H42: Rate | I42: Amount
A43: 1 | B43: Techinician | E43: HRS | G43: 1.5 | H43: 450 | I43: =SUM(G43*H43) -> 675
A44: 2 | B44: Senior Artisan | E44: HRS | H44: 350 | I44: =SUM(G44*H44) -> 0
A45: 3 | B45: Artisan (Trade Tested) | E45: HRS | H45: 300 | I45: =SUM(G45*H45) -> 0
A46: 4 | B46: Utility Man (Non - Trade Tested) | E46: HRS | G46: 1.5 | H46: 200 | I46: =SUM(G46*H46) -> 300
A47: 5 | B47: Artisan Aid | E47: HRS | H47: 200 | I47: =SUM(G47*H47) -> 0
A48: 6 | B48: General Worker | E48: HRS | H48: 140 | I48: =SUM(G48*H48) -> 0
A52: Sub Total C | I52: =SUM(I43:I51) -> 975
A53: TRANSPORT
A54: Item 4 | B54: Destinantion | E54: No of Trips | G54: KMs | H54: Rate | I54: Amount
A55: 1 | B55: Unit 2 Mykonos, south end to PE
B56: Livingstone Hospital and back. | E56: 1 | G56: 24 | H56: 5 | I56: =H56*G56 -> 120
A58: Sub Total D | I58: =SUM(I55:I57) -> 120
G60: Sub Total (A+B+C+D) | I60: =I58+I52+I40 -> 5729.5
G62: Sub Total | I62: =I60+I61 -> 5729.5

Sheet MOTHERWELL CHC (25)
A9: QUOTE TO : | F9: Qoute No | H9: 25
A10: Department of Health | F10: Date | H10: 43657
A11: 717 Dukumbana Building | F11: Facility | H11: MOTHERWELL CHC
A12: Independent Avenue | F12: Work Order | H12: 51247
A13: Bhisho | F13: Tender No | H13: SCMU3 - 17/18-0303 - HO
F14: Contract Term | H14: 24 MONTHS
A15: WORK REQUEST : Diesel leaks on the power generator.
A16: SCHEDULED WORK
A17: Item 1 | B17: Description | E17: Unit | F17: Sch No | G17: Quantity | H17: Rate | I17: Amount
I18: =SUM(G18*H18) -> 0
I19: =SUM(G19*H19) -> 0
I20: =SUM(G20*H20) -> 0
A21: Sub Total A | I21: =SUM(I18:I20) -> 0
A22: NON SCHEDULED WORK
A23: Item 2 | B23: Description | G23: Quantity | H23: Rate | I23: Amount
A24: 1 | B24: Fuel Hose | G24: 1 | H24: 384.77 | I24: =H24*G24 -> 384.77
A25: 2 | B25: Sealing Ring | G25: 6 | H25: 40.46 | I25: =H25*G25 -> 242.76
A38: Sub Total | I38: =SUM(I24:I37) -> 627.53
A39: Mark - Up 15% | I39: =ROUND((I38*0.15),2) -> 94.13
A40: SUb Total B | I40: =I38+I39 -> 721.66
A41: LABOUR
A42: Item 3 | B42: (Normal Rate) | E42: Unit | G42: Quantity | H42: Rate | I42: Amount
A43: 1 | B43: Techinician | E43: HRS | G43: 5 | H43: 450 | I43: =SUM(G43*H43) -> 2250
A44: 2 | B44: Senior Artisan | E44: HRS | H44: 350 | I44: =SUM(G44*H44) -> 0
A45: 3 | B45: Artisan (Trade Tested) | E45: HRS | H45: 300 | I45: =SUM(G45*H45) -> 0
A46: 4 | B46: Utility Man (Non - Trade Tested) | E46: HRS | G46: 5 | H46: 200 | I46: =SUM(G46*H46) -> 1000
A47: 5 | B47: Artisan Aid | E47: HRS | H47: 200 | I47: =SUM(G47*H47) -> 0
A48: 6 | B48: General Worker | E48: HRS | H48: 140 | I48: =SUM(G48*H48) -> 0
A52: Sub Total C | I52: =SUM(I43:I51) -> 3250
A53: TRANSPORT
A54: Item 4 | B54: Destinantion | E54: No of Trips | G54: KMs | H54: Rate | I54: Amount
A55: 1 | B55: Unit 2 Mykonos, south end to PE
B56: Motherwell CHC and back. | E56: 1 | G56: 50.2 | H56: 5 | I56: =H56*G56 -> 251
A58: Sub Total D | I58: =SUM(I55:I57) -> 251
G60: Sub Total (A+B+C+D) | I60: =I58+I52+I40 -> 4222.66
G62: Sub Total | I62: =I60+I61 -> 4222.66

Sheet LIVINGSTONE HOSPITAL (26)
A9: QUOTE TO : | F9: Qoute No | H9: 26
A10: Department of Health | F10: Date | H10: 43670
A11: 717 Dukumbana Building | F11: Facility | H11: LIVINGSTONE HOSPITAL
A12: Independent Avenue | F12: Work Order | H12: 52530
A13: Bhisho | F13: Tender No | H13: SCMU3 - 17/18-0303 - HO
F14: Contract Term | H14: 24 MONTHS
A15: WORK REQUEST : Generator change over switch is faulty.
A16: SCHEDULED WORK
A17: Item 1 | B17: Description | E17: Unit | F17: Sch No | G17: Quantity | H17: Rate | I17: Amount
I18: =SUM(G18*H18) -> 0
I19: =SUM(G19*H19) -> 0
I20: =SUM(G20*H20) -> 0
A21: Sub Total A | I21: =SUM(I18:I20) -> 0
A22: NON SCHEDULED WORK
A23: Item 2 | B23: Description | G23: Quantity | H23: Rate | I23: Amount
A24: 1 | B24: Degreaser (5L) | G24: 1 | H24: 78 | I24: =H24*G24 -> 78
A38: Sub Total | I38: =SUM(I24:I37) -> 78
A39: Mark - Up 15% | I39: =ROUND((I38*0.15),2) -> 11.7
A40: SUb Total B | I40: =I38+I39 -> 89.7
A41: LABOUR
A42: Item 3 | B42: (Normal Rate) | E42: Unit | G42: Quantity | H42: Rate | I42: Amount
A43: 1 | B43: Techinician | E43: HRS | G43: 4 | H43: 450 | I43: =SUM(G43*H43) -> 1800
A44: 2 | B44: Senior Artisan | E44: HRS | H44: 350 | I44: =SUM(G44*H44) -> 0
A45: 3 | B45: Artisan (Trade Tested) | E45: HRS | H45: 300 | I45: =SUM(G45*H45) -> 0
A46: 4 | B46: Utility Man (Non - Trade Tested) | E46: HRS | G46: 4 | H46: 200 | I46: =SUM(G46*H46) -> 800
A47: 5 | B47: Artisan Aid | E47: HRS | H47: 200 | I47: =SUM(G47*H47) -> 0
A48: 6 | B48: General Worker | E48: HRS | H48: 140 | I48: =SUM(G48*H48) -> 0
A52: Sub Total C | I52: =SUM(I43:I51) -> 2600
A53: TRANSPORT
A54: Item 4 | B54: Destinantion | E54: No of Trips | G54: KMs | H54: Rate | I54: Amount
A55: 1 | B55: Unit 2 Mykonos, south end to PE
B56: Livingstone Hospital and back. | E56: 1 | G56: 16.8 | H56: 5 | I56: =H56*G56 -> 84
A58: Sub Total D | I58: =SUM(I55:I57) -> 84
G60: Sub Total (A+B+C+D) | I60: =I58+I52+I40 -> 2773.7
G62: Sub Total | I62: =I60+I61 -> 2773.7

Sheet GQEBERA CHC (27)
A9: QUOTE TO : | F9: Qoute No | H9: 27
A10: Department of Health | F10: Date | H10: =#REF! -> #REF!
A11: 717 Dukumbana Building | F11: Facility | H11: =#REF! -> #REF!
A12: Independent Avenue | F12: Work Order | H12: =#REF! -> #REF!
A13: Bhisho | F13: Tender No | H13: SCMU3 - 17/18-0303 - HO
F14: Contract Term | H14: 24 MONTHS
A15: WORK REQUEST : Generator pre heater element & oil filter cap to be replaced.
A16: SCHEDULED WORK
A17: Item 1 | B17: Description | E17: Unit | F17: Sch No | G17: Quantity | H17: Rate | I17: Amount
I18: =SUM(G18*H18) -> 0
I19: =SUM(G19*H19) -> 0
I20: =SUM(G20*H20) -> 0
A21: Sub Total A | I21: =SUM(I18:I20) -> 0
A22: NON SCHEDULED WORK
A23: Item 2 | B23: Description | G23: Quantity | H23: Rate | I23: Amount
A24: 1 | B24: Allen plug | G24: 1 | H24: 257.24 | I24: =H24*G24 -> 257.24
A25: 2 | B25: Geyser element 1,5kw | G25: 1 | H25: 150 | I25: =H25*G25 -> 150
A26: 3 | B26: eyser thermostat | G26: 1 | H26: 220 | I26: =H26*G26 -> 220
I27: =H27*G27 -> 0
A38: Sub Total | I38: =SUM(I24:I37) -> 627.24
A39: Mark - Up 15% | I39: =ROUND((I38*0.15),2) -> 94.09
A40: SUb Total B | I40: =I38+I39 -> 721.33
A41: LABOUR
A42: Item 3 | B42: (Normal Rate) | E42: Unit | G42: Quantity | H42: Rate | I42: Amount
A43: 1 | B43: Techinician | E43: HRS | H43: 450 | I43: =SUM(G43*H43) -> 0
A44: 2 | B44: Senior Artisan | E44: HRS | G44: 4.5 | H44: 350 | I44: =SUM(G44*H44) -> 1575
A45: 3 | B45: Artisan (Trade Tested) | E45: HRS | H45: 300 | I45: =SUM(G45*H45) -> 0
A46: 4 | B46: Utility Man (Non - Trade Tested) | E46: HRS | G46: 4.5 | H46: 200 | I46: =SUM(G46*H46) -> 900
A47: 5 | B47: Artisan Aid | E47: HRS | H47: 200 | I47: =SUM(G47*H47) -> 0
A48: 6 | B48: General Worker | E48: HRS | H48: 140 | I48: =SUM(G48*H48) -> 0
A52: Sub Total C | I52: =SUM(I43:I51) -> 2475
A53: TRANSPORT
A54: Item 4 | B54: Destinantion | E54: No of Trips | G54: KMs | H54: Rate | I54: Amount
A55: 1 | B55: 18 pier St Southend to Gqebera CHC
B56: and back. | E56: 2 | G56: 20.8 | H56: 5 | I56: =H56*G56 -> 104
A58: Sub Total D | I58: =SUM(I55:I57) -> 104
G60: Sub Total (A+B+C+D) | I60: =I58+I52+I40 -> 3300.33
G62: Sub Total | I62: =I60+I61 -> 3300.33

Sheet DORA NGINZA HOSPITAL (28)
A9: QUOTE TO : | F9: Qoute No | H9: 28
A10: Department of Health | F10: Date | H10: =#REF! -> #REF!
A11: 717 Dukumbana Building | F11: Facility | H11: =#REF! -> #REF!
A12: Independent Avenue | F12: Work Order | H12: =#REF! -> #REF!
A13: Bhisho | F13: Tender No | H13: SCMU3 - 17/18-0303 - HO
F14: Contract Term | H14: 24 MONTHS
A15: WORK REQUEST : The generator at B block is not starting.There is also a water leak on the radiator.
A16: SCHEDULED WORK
A17: Item 1 | B17: Description | E17: Unit | F17: Sch No | G17: Quantity | H17: Rate | I17: Amount
I18: =SUM(G18*H18) -> 0
I19: =SUM(G19*H19) -> 0
I20: =SUM(G20*H20) -> 0
A21: Sub Total A | I21: =SUM(I18:I20) -> 0
A22: NON SCHEDULED WORK
A23: Item 2 | B23: Description | G23: Quantity | H23: Rate | I23: Amount
A24: 1 | B24: Antifreeze (5L) | G24: 1 | H24: 240.46 | I24: =H24*G24 -> 240.46
A25: 2 | B25: Radiator hose (57mm) | G25: 1 | H25: 182.1 | I25: =H25*G25 -> 182.1
A38: Sub Total | I38: =SUM(I24:I37) -> 422.56
A39: Mark - Up 15% | I39: =ROUND((I38*0.15),2) -> 63.38
A40: SUb Total B | I40: =I38+I39 -> 485.94
A41: LABOUR
A42: Item 3 | B42: (Normal Rate) | E42: Unit | G42: Quantity | H42: Rate | I42: Amount
A43: 1 | B43: Techinician | E43: HRS | H43: 450 | I43: =SUM(G43*H43) -> 0
A44: 2 | B44: Senior Artisan | E44: HRS | G44: 3.5 | H44: 350 | I44: =SUM(G44*H44) -> 1225
A45: 3 | B45: Artisan (Trade Tested) | E45: HRS | H45: 300 | I45: =SUM(G45*H45) -> 0
A46: 4 | B46: Utility Man (Non - Trade Tested) | E46: HRS | G46: 3.5 | H46: 200 | I46: =SUM(G46*H46) -> 700
A47: 5 | B47: Artisan Aid | E47: HRS | H47: 200 | I47: =SUM(G47*H47) -> 0
A48: 6 | B48: General Worker | E48: HRS | H48: 140 | I48: =SUM(G48*H48) -> 0
A52: Sub Total C | I52: =SUM(I43:I51) -> 1925
A53: TRANSPORT
A54: Item 4 | B54: Destinantion | E54: No of Trips | G54: KMs | H54: Rate | I54: Amount
A55: 1 | B55: 18 pier St Southend to Dora Nginza Hospital
B56: and back. | E56: 1 | G56: 29.2 | H56: 5 | I56: =H56*G56 -> 146
A58: Sub Total D | I58: =SUM(I55:I57) -> 146
G60: Sub Total (A+B+C+D) | I60: =I58+I52+I40 -> 2556.94
G62: Sub Total | I62: =I60+I61 -> 2556.94

Sheet ELIZABETH DOKIN HOSP(29)
A9: QUOTE TO : | F9: Qoute No | H9: 29
A10: Department of Health | F10: Date | H10: =#REF! -> #REF!
A11: 717 Dukumbana Building | F11: Facility | H11: =#REF! -> #REF!
A12: Independent Avenue | F12: Work Order | H12: =#REF! -> #REF!
A13: Bhisho | F13: Tender No | H13: SCMU3 - 17/18-0303 - HO
F14: Contract Term | H14: 24 MONTHS
A15: WORK REQUEST : Generator battery burst.
A16: SCHEDULED WORK
A17: Item 1 | B17: Description | E17: Unit | F17: Sch No | G17: Quantity | H17: Rate | I17: Amount
I18: =SUM(G18*H18) -> 0
I19: =SUM(G19*H19) -> 0
I20: =SUM(G20*H20) -> 0
A21: Sub Total A | I21: =SUM(I18:I20) -> 0
A22: NON SCHEDULED WORK
A23: Item 2 | B23: Description | G23: Quantity | H23: Rate | I23: Amount
A24: 1 | B24: Battery (674) | G24: 2 | H24: 2282 | I24: =H24*G24 -> 4564
A38: Sub Total | I38: =SUM(I24:I37) -> 4564
A39: Mark - Up 15% | I39: =ROUND((I38*0.15),2) -> 684.6
A40: SUb Total B | I40: =I38+I39 -> 5248.6
A41: LABOUR
A42: Item 3 | B42: (Normal Rate) | E42: Unit | G42: Quantity | H42: Rate | I42: Amount
A43: 1 | B43: Techinician | E43: HRS | H43: 450 | I43: =SUM(G43*H43) -> 0
A44: 2 | B44: Senior Artisan | E44: HRS | H44: 350 | I44: =SUM(G44*H44) -> 0
A45: 3 | B45: Artisan (Trade Tested) | E45: HRS | G45: 2 | H45: 300 | I45: =SUM(G45*H45) -> 600
A46: 4 | B46: Utility Man (Non - Trade Tested) | E46: HRS | G46: 2 | H46: 200 | I46: =SUM(G46*H46) -> 400
A47: 5 | B47: Artisan Aid | E47: HRS | H47: 200 | I47: =SUM(G47*H47) -> 0
A48: 6 | B48: General Worker | E48: HRS | H48: 140 | I48: =SUM(G48*H48) -> 0
A52: Sub Total C | I52: =SUM(I43:I51) -> 1000
A53: TRANSPORT
A54: Item 4 | B54: Destinantion | E54: No of Trips | G54: KMs | H54: Rate | I54: Amount
A55: 1 | B55: 18 pier St Southend to Elizabeth Donkin Hospital
B56: and back. | E56: 1 | G56: 3.8 | H56: 5 | I56: =H56*G56 -> 19
A58: Sub Total D | I58: =SUM(I55:I57) -> 19
G60: Sub Total (A+B+C+D) | I60: =I58+I52+I40 -> 6267.6
G62: Sub Total | I62: =I60+I61 -> 6267.6

Sheet PORT ELIZABETH PROV (30)
A9: QUOTE TO : | F9: Qoute No | H9: 30
A10: Department of Health | F10: Date | H10: =#REF! -> #REF!
A11: 717 Dukumbana Building | F11: Facility | H11: =#REF! -> #REF!
A12: Independent Avenue | F12: Work Order | H12: =#REF! -> #REF!
A13: Bhisho | F13: Tender No | H13: SCMU3 - 17/18-0303 - HO
F14: Contract Term | H14: 24 MONTHS
A15: WORK REQUEST : Power generator battery burst.
A16: SCHEDULED WORK
A17: Item 1 | B17: Description | E17: Unit | F17: Sch No | G17: Quantity | H17: Rate | I17: Amount
I18: =SUM(G18*H18) -> 0
I19: =SUM(G19*H19) -> 0
I20: =SUM(G20*H20) -> 0
A21: Sub Total A | I21: =SUM(I18:I20) -> 0
A22: NON SCHEDULED WORK
A23: Item 2 | B23: Description | G23: Quantity | H23: Rate | I23: Amount
A24: 1 | B24: Battery (688) - 200Ah | G24: 2 | H24: 2789 | I24: =H24*G24 -> 5578
A38: Sub Total | I38: =SUM(I24:I37) -> 5578
A39: Mark - Up 15% | I39: =ROUND((I38*0.15),2) -> 836.7
A40: SUb Total B | I40: =I38+I39 -> 6414.7
A41: LABOUR
A42: Item 3 | B42: (Normal Rate) | E42: Unit | G42: Quantity | H42: Rate | I42: Amount
A43: 1 | B43: Techinician | E43: HRS | H43: 450 | I43: =SUM(G43*H43) -> 0
A44: 2 | B44: Senior Artisan | E44: HRS | H44: 350 | I44: =SUM(G44*H44) -> 0
A45: 3 | B45: Artisan (Trade Tested) | E45: HRS | G45: 2 | H45: 300 | I45: =SUM(G45*H45) -> 600
A46: 4 | B46: Utility Man (Non - Trade Tested) | E46: HRS | G46: 2 | H46: 200 | I46: =SUM(G46*H46) -> 400
A47: 5 | B47: Artisan Aid | E47: HRS | H47: 200 | I47: =SUM(G47*H47) -> 0
A48: 6 | B48: General Worker | E48: HRS | H48: 140 | I48: =SUM(G48*H48) -> 0
A52: Sub Total C | I52: =SUM(I43:I51) -> 1000
A53: TRANSPORT
A54: Item 4 | B54: Destinantion | E54: No of Trips | G54: KMs | H54: Rate | I54: Amount
A55: 1 | B55: 18 pier St Southend to Elizabeth Pro. Hospital
B56: and back. | E56: 1 | G56: 12.2 | H56: 5 | I56: =H56*G56 -> 61
A58: Sub Total D | I58: =SUM(I55:I57) -> 61
G60: Sub Total (A+B+C+D) | I60: =I58+I52+I40 -> 7475.7
G62: Sub Total | I62: =I60+I61 -> 7475.7

Sheet MOUNTROAD MORTUARY (31)
A9: QUOTE TO : | F9: Qoute No | H9: 31
A10: Department of Health | F10: Date | H10: =#REF! -> #REF!
A11: 717 Dukumbana Building | F11: Facility | H11: =#REF! -> #REF!
A12: Independent Avenue | F12: Work Order | H12: =#REF! -> #REF!
A13: Bhisho | F13: Tender No | H13: SCMU3 - 17/18-0303 - HO
F14: Contract Term | H14: 24 MONTHS
A15: WORK REQUEST : The electronic diesel pump needs to be replaced.
A16: SCHEDULED WORK
A17: Item 1 | B17: Description | E17: Unit | F17: Sch No | G17: Quantity | H17: Rate | I17: Amount
I18: =SUM(G18*H18) -> 0
I19: =SUM(G19*H19) -> 0
I20: =SUM(G20*H20) -> 0
A21: Sub Total A | I21: =SUM(I18:I20) -> 0
A22: NON SCHEDULED WORK
A23: Item 2 | B23: Description | G23: Quantity | H23: Rate | I23: Amount
A24: 1 | B24: Pump | G24: 1 | H24: 1984.8 | I24: =H24*G24 -> 1984.8
A38: Sub Total | I38: =SUM(I24:I37) -> 1984.8
A39: Mark - Up 15% | I39: =ROUND((I38*0.15),2) -> 297.72
A40: SUb Total B | I40: =I38+I39 -> 2282.52
A41: LABOUR
A42: Item 3 | B42: (Normal Rate) | E42: Unit | G42: Quantity | H42: Rate | I42: Amount
A43: 1 | B43: Techinician | E43: HRS | G43: 2 | H43: 450 | I43: =SUM(G43*H43) -> 900
A44: 2 | B44: Senior Artisan | E44: HRS | H44: 350 | I44: =SUM(G44*H44) -> 0
A45: 3 | B45: Artisan (Trade Tested) | E45: HRS | H45: 300 | I45: =SUM(G45*H45) -> 0
A46: 4 | B46: Utility Man (Non - Trade Tested) | E46: HRS | G46: 2 | H46: 200 | I46: =SUM(G46*H46) -> 400
A47: 5 | B47: Artisan Aid | E47: HRS | H47: 200 | I47: =SUM(G47*H47) -> 0
A48: 6 | B48: General Worker | E48: HRS | H48: 140 | I48: =SUM(G48*H48) -> 0
A52: Sub Total C | I52: =SUM(I43:I51) -> 1300
A53: TRANSPORT
A54: Item 4 | B54: Destinantion | E54: No of Trips | G54: KMs | H54: Rate | I54: Amount
A55: 1 | B55: 18 pier St Southend to MountRoad Mortuary
B56: and back. | E56: 1 | G56: 11.6 | H56: 5 | I56: =H56*G56 -> 58
A58: Sub Total D | I58: =SUM(I55:I57) -> 58
G60: Sub Total (A+B+C+D) | I60: =I58+I52+I40 -> 3640.52
G62: Sub Total | I62: =I60+I61 -> 3640.52

Sheet UITENHAGE PRO.HOSPITAL (32)
A9: QUOTE TO : | F9: Qoute No | H9: 32
A10: Department of Health | F10: Date | H10: =#REF! -> #REF!
A11: 717 Dukumbana Building | F11: Facility | H11: =#REF! -> #REF!
A12: Independent Avenue | F12: Work Order | H12: =#REF! -> #REF!
A13: Bhisho | F13: Tender No | H13: SCMU3 - 17/18-0303 - HO
F14: Contract Term | H14: 24 MONTHS
A15: WORK REQUEST : Standby generator is faulty.
A16: SCHEDULED WORK
A17: Item 1 | B17: Description | E17: Unit | F17: Sch No | G17: Quantity | H17: Rate | I17: Amount
I18: =SUM(G18*H18) -> 0
I19: =SUM(G19*H19) -> 0
I20: =SUM(G20*H20) -> 0
A21: Sub Total A | I21: =SUM(I18:I20) -> 0
A22: NON SCHEDULED WORK
A23: Item 2 | B23: Description | G23: Quantity | H23: Rate | I23: Amount
A38: Sub Total | I38: =SUM(I24:I37) -> 0
A39: Mark - Up 15% | I39: =ROUND((I38*0.15),2) -> 0
A40: SUb Total B | I40: =I38+I39 -> 0
A41: LABOUR
A42: Item 3 | B42: (Normal Rate) | E42: Unit | G42: Quantity | H42: Rate | I42: Amount
A43: 1 | B43: Techinician | E43: HRS | G43: 2 | H43: 450 | I43: =SUM(G43*H43) -> 900
A44: 2 | B44: Senior Artisan | E44: HRS | H44: 350 | I44: =SUM(G44*H44) -> 0
A45: 3 | B45: Artisan (Trade Tested) | E45: HRS | H45: 300 | I45: =SUM(G45*H45) -> 0
A46: 4 | B46: Utility Man (Non - Trade Tested) | E46: HRS | G46: 2 | H46: 200 | I46: =SUM(G46*H46) -> 400
A47: 5 | B47: Artisan Aid | E47: HRS | H47: 200 | I47: =SUM(G47*H47) -> 0
A48: 6 | B48: General Worker | E48: HRS | H48: 140 | I48: =SUM(G48*H48) -> 0
A52: Sub Total C | I52: =SUM(I43:I51) -> 1300
A53: TRANSPORT
A54: Item 4 | B54: Destinantion | E54: No of Trips | G54: KMs | H54: Rate | I54: Amount
A55: 1 | B55: 18 pier St Southend to Uitenhage Hospital
B56: and back. | E56: 1 | G56: 90.2 | H56: 5 | I56: =H56*G56 -> 451
A58: Sub Total D | I58: =SUM(I55:I57) -> 451
G60: Sub Total (A+B+C+D) | I60: =I58+I52+I40 -> 1751
G62: Sub Total | I62: =I60+I61 -> 1751

Sheet JOSE PEARSON TB HSPITAL (33)
A9: QUOTE TO : | F9: Qoute No | H9: 33
A10: Department of Health | F10: Date | H10: =#REF! -> #REF!
A11: 717 Dukumbana Building | F11: Facility | H11: =#REF! -> #REF!
A12: Independent Avenue | F12: Work Order | H12: =#REF! -> #REF!
A13: Bhisho | F13: Tender No | H13: SCMU3 - 17/18-0303 - HO
F14: Contract Term | H14: 24 MONTHS
A15: WORK REQUEST : The generato keeps switching its self off.
A16: SCHEDULED WORK
A17: Item 1 | B17: Description | E17: Unit | F17: Sch No | G17: Quantity | H17: Rate | I17: Amount
I18: =SUM(G18*H18) -> 0
I19: =SUM(G19*H19) -> 0
I20: =SUM(G20*H20) -> 0
A21: Sub Total A | I21: =SUM(I18:I20) -> 0
A22: NON SCHEDULED WORK
A23: Item 2 | B23: Description | G23: Quantity | H23: Rate | I23: Amount
A24: 1 | B24: Fuel hose | G24: 1 | H24: 153.18 | I24: =H24*G24 -> 153.18
A38: Sub Total | I38: =SUM(I24:I37) -> 153.18
A39: Mark - Up 15% | I39: =ROUND((I38*0.15),2) -> 22.98
A40: SUb Total B | I40: =I38+I39 -> 176.16
A41: LABOUR
A42: Item 3 | B42: (Normal Rate) | E42: Unit | G42: Quantity | H42: Rate | I42: Amount
A43: 1 | B43: Techinician | E43: HRS | G43: 4 | H43: 450 | I43: =SUM(G43*H43) -> 1800
A44: 2 | B44: Senior Artisan | E44: HRS | H44: 350 | I44: =SUM(G44*H44) -> 0
A45: 3 | B45: Artisan (Trade Tested) | E45: HRS | H45: 300 | I45: =SUM(G45*H45) -> 0
A46: 4 | B46: Utility Man (Non - Trade Tested) | E46: HRS | G46: 4 | H46: 200 | I46: =SUM(G46*H46) -> 800
A47: 5 | B47: Artisan Aid | E47: HRS | H47: 200 | I47: =SUM(G47*H47) -> 0
A48: 6 | B48: General Worker | E48: HRS | H48: 140 | I48: =SUM(G48*H48) -> 0
A52: Sub Total C | I52: =SUM(I43:I51) -> 2600
A53: TRANSPORT
A54: Item 4 | B54: Destinantion | E54: No of Trips | G54: KMs | H54: Rate | I54: Amount
A55: 1 | B55: 18 pier St Southend to Jose Pearson TB Hospital
B56: and back. | E56: 1 | G56: 47.6 | H56: 5 | I56: =H56*G56 -> 238
A58: Sub Total D | I58: =SUM(I55:I57) -> 238
G60: Sub Total (A+B+C+D) | I60: =I58+I52+I40 -> 3014.16
G62: Sub Total | I62: =I60+I61 -> 3014.16

Sheet LAETITA BAM CHC (34)
A9: QUOTE TO : | F9: Qoute No | H9: 34
A10: Department of Health | F10: Date | H10: =#REF! -> #REF!
A11: 717 Dukumbana Building | F11: Facility | H11: =#REF! -> #REF!
A12: Independent Avenue | F12: Work Order | H12: =#REF! -> #REF!
A13: Bhisho | F13: Tender No | H13: SCMU3 - 17/18-0303 - HO
F14: Contract Term | H14: 24 MONTHS
A15: WORK REQUEST : The generator is not working.
A16: SCHEDULED WORK
A17: Item 1 | B17: Description | E17: Unit | F17: Sch No | G17: Quantity | H17: Rate | I17: Amount
I18: =SUM(G18*H18) -> 0
I19: =SUM(G19*H19) -> 0
I20: =SUM(G20*H20) -> 0
A21: Sub Total A | I21: =SUM(I18:I20) -> 0
A22: NON SCHEDULED WORK
A23: Item 2 | B23: Description | G23: Quantity | H23: Rate | I23: Amount
A24: 1 | B24: Battery (690) 150ah | G24: 1 | H24: 2282 | I24: =H24*G24 -> 2282
A38: Sub Total | I38: =SUM(I24:I37) -> 2282
A39: Mark - Up 15% | I39: =ROUND((I38*0.15),2) -> 342.3
A40: SUb Total B | I40: =I38+I39 -> 2624.3
A41: LABOUR
A42: Item 3 | B42: (Normal Rate) | E42: Unit | G42: Quantity | H42: Rate | I42: Amount
A43: 1 | B43: Techinician | E43: HRS | H43: 450 | I43: =SUM(G43*H43) -> 0
A44: 2 | B44: Senior Artisan | E44: HRS | H44: 350 | I44: =SUM(G44*H44) -> 0
A45: 3 | B45: Artisan (Trade Tested) | E45: HRS | G45: 2 | H45: 300 | I45: =SUM(G45*H45) -> 600
A46: 4 | B46: Utility Man (Non - Trade Tested) | E46: HRS | G46: 2 | H46: 200 | I46: =SUM(G46*H46) -> 400
A47: 5 | B47: Artisan Aid | E47: HRS | H47: 200 | I47: =SUM(G47*H47) -> 0
A48: 6 | B48: General Worker | E48: HRS | H48: 140 | I48: =SUM(G48*H48) -> 0
A52: Sub Total C | I52: =SUM(I43:I51) -> 1000
A53: TRANSPORT
A54: Item 4 | B54: Destinantion | E54: No of Trips | G54: KMs | H54: Rate | I54: Amount
A55: 1 | B55: 18 pier St Southend to Laetitia Bam CHC
B56: and back. | E56: 1 | G56: 78.2 | H56: 5 | I56: =H56*G56 -> 391
A58: Sub Total D | I58: =SUM(I55:I57) -> 391
G60: Sub Total (A+B+C+D) | I60: =I58+I52+I40 -> 4015.3
G62: Sub Total | I62: =I60+I61 -> 4015.3

Sheet MOTHEWELL CHC (35)
A9: QUOTE TO : | F9: Qoute No | H9: 35
A10: Department of Health | F10: Date | H10: =#REF! -> #REF!
A11: 717 Dukumbana Building | F11: Facility | H11: =#REF! -> #REF!
A12: Independent Avenue | F12: Work Order | H12: =#REF! -> #REF!
A13: Bhisho | F13: Tender No | H13: SCMU3 - 17/18-0303 - HO
F14: Contract Term | H14: 24 MONTHS
A15: WORK REQUEST : Generator is not kicking in.
A16: SCHEDULED WORK
A17: Item 1 | B17: Description | E17: Unit | F17: Sch No | G17: Quantity | H17: Rate | I17: Amount
I18: =SUM(G18*H18) -> 0
I19: =SUM(G19*H19) -> 0
I20: =SUM(G20*H20) -> 0
A21: Sub Total A | I21: =SUM(I18:I20) -> 0
A22: NON SCHEDULED WORK
A23: Item 2 | B23: Description | G23: Quantity | H23: Rate | I23: Amount
A38: Sub Total | I38: =SUM(I24:I37) -> 0
A39: Mark - Up 15% | I39: =ROUND((I38*0.15),2) -> 0
A40: SUb Total B | I40: =I38+I39 -> 0
A41: LABOUR
A42: Item 3 | B42: (Normal Rate) | E42: Unit | G42: Quantity | H42: Rate | I42: Amount
A43: 1 | B43: Techinician | E43: HRS | G43: 1.5 | H43: 450 | I43: =SUM(G43*H43) -> 675
A44: 2 | B44: Senior Artisan | E44: HRS | H44: 350 | I44: =SUM(G44*H44) -> 0
A45: 3 | B45: Artisan (Trade Tested) | E45: HRS | H45: 300 | I45: =SUM(G45*H45) -> 0
A46: 4 | B46: Utility Man (Non - Trade Tested) | E46: HRS | G46: 1.5 | H46: 200 | I46: =SUM(G46*H46) -> 300
A47: 5 | B47: Artisan Aid | E47: HRS | H47: 200 | I47: =SUM(G47*H47) -> 0
A48: 6 | B48: General Worker | E48: HRS | H48: 140 | I48: =SUM(G48*H48) -> 0
A52: Sub Total C | I52: =SUM(I43:I51) -> 975
A53: TRANSPORT
A54: Item 4 | B54: Destinantion | E54: No of Trips | G54: KMs | H54: Rate | I54: Amount
A55: 1 | B55: 18 pier St Southend to Motherwell CHC
B56: and back. | E56: 1 | G56: 50.2 | H56: 5 | I56: =H56*G56 -> 251
A58: Sub Total D | I58: =SUM(I55:I57) -> 251
G60: Sub Total (A+B+C+D) | I60: =I58+I52+I40 -> 1226
G62: Sub Total | I62: =I60+I61 -> 1226

Sheet LAETITA BAM CHC (36)
A9: QUOTE TO : | F9: Qoute No | H9: 36
A10: Department of Health | F10: Date | H10: =#REF! -> #REF!
A11: 717 Dukumbana Building | F11: Facility | H11: =#REF! -> #REF!
A12: Independent Avenue | F12: Work Order | H12: =#REF! -> #REF!
A13: Bhisho | F13: Tender No | H13: SCMU3 - 17/18-0303 - HO
F14: Contract Term | H14: 24 MONTHS
A15: WORK REQUEST : Generator does does not kick in.
A16: SCHEDULED WORK
A17: Item 1 | B17: Description | E17: Unit | F17: Sch No | G17: Quantity | H17: Rate | I17: Amount
I18: =SUM(G18*H18) -> 0
I19: =SUM(G19*H19) -> 0
I20: =SUM(G20*H20) -> 0
A21: Sub Total A | I21: =SUM(I18:I20) -> 0
A22: NON SCHEDULED WORK
A23: Item 2 | B23: Description | G23: Quantity | H23: Rate | I23: Amount
A38: Sub Total | I38: =SUM(I24:I37) -> 0
A39: Mark - Up 15% | I39: =ROUND((I38*0.15),2) -> 0
A40: SUb Total B | I40: =I38+I39 -> 0
A41: LABOUR
A42: Item 3 | B42: (Normal Rate) | E42: Unit | G42: Quantity | H42: Rate | I42: Amount
A43: 1 | B43: Techinician | E43: HRS | H43: 450 | I43: =SUM(G43*H43) -> 0
A44: 2 | B44: Senior Artisan | E44: HRS | G44: 0 | H44: 350 | I44: =SUM(G44*H44) -> 0
A45: 3 | B45: Artisan (Trade Tested) | E45: HRS | G45: 3.5 | H45: 300 | I45: =SUM(G45*H45) -> 1050
A46: 4 | B46: Utility Man (Non - Trade Tested) | E46: HRS | G46: 3.5 | H46: 200 | I46: =SUM(G46*H46) -> 700
A47: 5 | B47: Artisan Aid | E47: HRS | H47: 200 | I47: =SUM(G47*H47) -> 0
A48: 6 | B48: General Worker | E48: HRS | H48: 140 | I48: =SUM(G48*H48) -> 0
A52: Sub Total C | I52: =SUM(I43:I51) -> 1750
A53: TRANSPORT
A54: Item 4 | B54: Destinantion | E54: No of Trips | G54: KMs | H54: Rate | I54: Amount
A55: 1 | B55: 18 pier St Southend to Laetita CHC
B56: and back. | E56: 1 | G56: 80 | H56: 5 | I56: =H56*G56 -> 400
A58: Sub Total D | I58: =SUM(I55:I57) -> 400
G60: Sub Total (A+B+C+D) | I60: =I58+I52+I40 -> 2150
G62: Sub Total | I62: =I60+I61 -> 2150

Sheet PE PROV. (37)
A9: QUOTE TO : | F9: Qoute No | H9: 37
A10: Department of Health | F10: Date | H10: =#REF! -> #REF!
A11: 717 Dukumbana Building | F11: Facility | H11: =#REF! -> #REF!
A12: Independent Avenue | F12: Work Order | H12: =#REF! -> #REF!
A13: Bhisho | F13: Tender No | H13: SCMU3 - 17/18-0303 - HO
F14: Contract Term | H14: 24 MONTHS
A15: WORK REQUEST : Request for repair of faulty power gen is not working.
A16: SCHEDULED WORK
A17: Item 1 | B17: Description | E17: Unit | F17: Sch No | G17: Quantity | H17: Rate | I17: Amount
I18: =SUM(G18*H18) -> 0
I19: =SUM(G19*H19) -> 0
I20: =SUM(G20*H20) -> 0
A21: Sub Total A | I21: =SUM(I18:I20) -> 0
A22: NON SCHEDULED WORK
A23: Item 2 | B23: Description | G23: Quantity | H23: Rate | I23: Amount
A24: 1 | B24: 12mm Terminal Yellow | G24: 2 | H24: 22 | I24: =H24*G24 -> 44
A25: 2 | B25: 6 x 3 mm Lug | G25: 3 | H25: 12.8 | I25: =H25*G25 -> 38.4
A26: 3 | B26: 6 x 3 mm Lug | G26: 3 | H26: 12.8 | I26: =H26*G26 -> 38.4
A27: 4 | B27: Insulation Tape yellow | G27: 2 | H27: 16.6 | I27: =H27*G27 -> 33.2
A28: 5 | B28: Insulation Tape white | G28: 2 | H28: 16.6 | I28: =H28*G28 -> 33.2
A29: 6 | B29: Charging services | G29: 2 | H29: 37 | I29: =H29*G29 -> 74
A30: 7 | B30: AVR SX 440 | G30: 1 | H30: 4680 | I30: =H30*G30 -> 4680
A38: Sub Total | I38: =SUM(I24:I37) -> 4941.2
A39: Mark - Up 15% | I39: =ROUND((I38*0.15),2) -> 741.18
A40: SUb Total B | I40: =I38+I39 -> 5682.38
A41: LABOUR
A42: Item 3 | B42: (Normal Rate) | E42: Unit | G42: Quantity | H42: Rate | I42: Amount
A43: 1 | B43: Techinician | E43: HRS | H43: 450 | I43: =SUM(G43*H43) -> 0
A44: 2 | B44: Senior Artisan | E44: HRS | H44: 350 | I44: =SUM(G44*H44) -> 0
A45: 3 | B45: Artisan (Trade Tested) | E45: HRS | G45: 18.5 | H45: 300 | I45: =SUM(G45*H45) -> 5550
A46: 4 | B46: Utility Man (Non - Trade Tested) | E46: HRS | G46: 18.5 | H46: 200 | I46: =SUM(G46*H46) -> 3700
A47: 5 | B47: Artisan Aid | E47: HRS | H47: 200 | I47: =SUM(G47*H47) -> 0
A48: 6 | B48: General Worker | E48: HRS | H48: 140 | I48: =SUM(G48*H48) -> 0
A52: Sub Total C | I52: =SUM(I43:I51) -> 9250
A53: TRANSPORT
A54: Item 4 | B54: Destinantion | E54: No of Trips | G54: KMs | H54: Rate | I54: Amount
A55: 1 | B55: 18 pier St Southend to PE Prov Hospital
B56: and back. | E56: 1 | G56: 24.4 | H56: 5 | I56: =H56*G56 -> 122
A58: Sub Total D | I58: =SUM(I55:I57) -> 122
G60: Sub Total (A+B+C+D) | I60: =I58+I52+I40 -> 15054.38
G62: Sub Total | I62: =I60+I61 -> 15054.38

Sheet ORSMOND TB HOSP. (38)
A9: QUOTE TO : | F9: Qoute No | H9: 38
A10: Department of Health | F10: Date | H10: =#REF! -> #REF!
A11: 717 Dukumbana Building | F11: Facility | H11: =#REF! -> #REF!
A12: Independent Avenue | F12: Work Order | H12: =#REF! -> #REF!
A13: Bhisho | F13: Tender No | H13: SCMU3 - 17/18-0303 - HO
F14: Contract Term | H14: 24 MONTHS
A15: WORK REQUEST : Back up generator delayed pick up by 30 seconds.
A16: SCHEDULED WORK
A17: Item 1 | B17: Description | E17: Unit | F17: Sch No | G17: Quantity | H17: Rate | I17: Amount
I18: =SUM(G18*H18) -> 0
I19: =SUM(G19*H19) -> 0
I20: =SUM(G20*H20) -> 0
A21: Sub Total A | I21: =SUM(I18:I20) -> 0
A22: NON SCHEDULED WORK
A23: Item 2 | B23: Description | G23: Quantity | H23: Rate | I23: Amount
A38: Sub Total | I38: =SUM(I24:I37) -> 0
A39: Mark - Up 15% | I39: =ROUND((I38*0.15),2) -> 0
A40: SUb Total B | I40: =I38+I39 -> 0
A41: LABOUR
A42: Item 3 | B42: (Normal Rate) | E42: Unit | G42: Quantity | H42: Rate | I42: Amount
A43: 1 | B43: Techinician | E43: HRS | H43: 450 | I43: =SUM(G43*H43) -> 0
A44: 2 | B44: Senior Artisan | E44: HRS | G44: 0 | H44: 350 | I44: =SUM(G44*H44) -> 0
A45: 3 | B45: Artisan (Trade Tested) | E45: HRS | G45: 2 | H45: 300 | I45: =SUM(G45*H45) -> 600
A46: 4 | B46: Utility Man (Non - Trade Tested) | E46: HRS | G46: 2 | H46: 200 | I46: =SUM(G46*H46) -> 400
A47: 5 | B47: Artisan Aid | E47: HRS | H47: 200 | I47: =SUM(G47*H47) -> 0
A48: 6 | B48: General Worker | E48: HRS | H48: 140 | I48: =SUM(G48*H48) -> 0
A52: Sub Total C | I52: =SUM(I43:I51) -> 1000
A53: TRANSPORT
A54: Item 4 | B54: Destinantion | E54: No of Trips | G54: KMs | H54: Rate | I54: Amount
A55: 1 | B55: 18 pier St Southend to Osmond TB Hospital
B56: and back. | E56: 1 | G56: 82 | H56: 5 | I56: =H56*G56 -> 410
A58: Sub Total D | I58: =SUM(I55:I57) -> 410
G60: Sub Total (A+B+C+D) | I60: =I58+I52+I40 -> 1410
G62: Sub Total | I62: =I60+I61 -> 1410

Sheet Gqebera CHC (39)
A9: QUOTE TO : | F9: Qoute No | H9: =#REF! -> #REF!
A10: Department of Health | F10: Date | H10: =#REF! -> #REF!
A11: 717 Dukumbana Building | F11: Facility | H11: =#REF! -> #REF!
A12: Independent Avenue | F12: Work Order | H12: =#REF! -> #REF!
A13: Bhisho | F13: Tender No | H13: SCMU3 - 17/18-0303 - HO
F14: Contract Term | H14: 24 MONTHS
A15: WORK REQUEST : Request for repair of faulty power generator is not kicking in.
A16: SCHEDULED WORK
A17: Item 1 | B17: Description | E17: Unit | F17: Sch No | G17: Quantity | H17: Rate | I17: Amount
I18: =SUM(G18*H18) -> 0
I19: =SUM(G19*H19) -> 0
I20: =SUM(G20*H20) -> 0
A21: Sub Total A | I21: =SUM(I18:I20) -> 0
A22: NON SCHEDULED WORK
A23: Item 2 | B23: Description | G23: Quantity | H23: Rate | I23: Amount
A38: Sub Total | I38: =SUM(I24:I37) -> 0
A39: Mark - Up 15% | I39: =ROUND((I38*0.15),2) -> 0
A40: SUb Total B | I40: =I38+I39 -> 0
A41: LABOUR
A42: Item 3 | B42: (Normal Rate) | E42: Unit | G42: Quantity | H42: Rate | I42: Amount
A43: 1 | B43: Techinician | E43: HRS | H43: 450 | I43: =SUM(G43*H43) -> 0
A44: 2 | B44: Senior Artisan | E44: HRS | H44: 350 | I44: =SUM(G44*H44) -> 0
A45: 3 | B45: Artisan (Trade Tested) | E45: HRS | G45: 1 | H45: 300 | I45: =SUM(G45*H45) -> 300
A46: 4 | B46: Utility Man (Non - Trade Tested) | E46: HRS | G46: 1 | H46: 200 | I46: =SUM(G46*H46) -> 200
A47: 5 | B47: Artisan Aid | E47: HRS | H47: 200 | I47: =SUM(G47*H47) -> 0
A48: 6 | B48: General Worker | E48: HRS | H48: 140 | I48: =SUM(G48*H48) -> 0
A52: Sub Total C | I52: =SUM(I43:I51) -> 500
A53: TRANSPORT
A54: Item 4 | B54: Destinantion | E54: No of Trips | G54: KMs | H54: Rate | I54: Amount
A55: 1 | B55: 18 pier St Southend to Gqebera CHC
B56: and back. | E56: 1 | G56: 11.8 | H56: 5 | I56: =H56*G56 -> 59
A58: Sub Total D | I58: =SUM(I55:I57) -> 59
G60: Sub Total (A+B+C+D) | I60: =I58+I52+I40 -> 559
G62: Sub Total | I62: =I60+I61 -> 559

Sheet Dora Ngiza (40)
A9: QUOTE TO : | F9: Qoute No | H9: =#REF! -> #REF!
A10: Department of Health | F10: Date | H10: =#REF! -> #REF!
A11: 717 Dukumbana Building | F11: Facility | H11: =#REF! -> #REF!
A12: Independent Avenue | F12: Work Order | H12: 888
A13: Bhisho | F13: Tender No | H13: SCMU3 - 17/18-0303 - HO
F14: Contract Term | H14: 24 MONTHS
A15: WORK REQUEST : Generator fuel is leaking.
A16: SCHEDULED WORK
A17: Item 1 | B17: Description | E17: Unit | F17: Sch No | G17: Quantity | H17: Rate | I17: Amount
I18: =SUM(G18*H18) -> 0
I19: =SUM(G19*H19) -> 0
I20: =SUM(G20*H20) -> 0
A21: Sub Total A | I21: =SUM(I18:I20) -> 0
A22: NON SCHEDULED WORK
A23: Item 2 | B23: Description | G23: Quantity | H23: Rate | I23: Amount
A38: Sub Total | I38: =SUM(I24:I37) -> 0
A39: Mark - Up 15% | I39: =ROUND((I38*0.15),2) -> 0
A40: SUb Total B | I40: =I38+I39 -> 0
A41: LABOUR
A42: Item 3 | B42: (Normal Rate) | E42: Unit | G42: Quantity | H42: Rate | I42: Amount
A43: 1 | B43: Techinician | E43: HRS | H43: 450 | I43: =SUM(G43*H43) -> 0
A44: 2 | B44: Senior Artisan | E44: HRS | H44: 350 | I44: =SUM(G44*H44) -> 0
A45: 3 | B45: Artisan (Trade Tested) | E45: HRS | G45: 1 | H45: 300 | I45: =SUM(G45*H45) -> 300
A46: 4 | B46: Utility Man (Non - Trade Tested) | E46: HRS | G46: 1 | H46: 200 | I46: =SUM(G46*H46) -> 200
A47: 5 | B47: Artisan Aid | E47: HRS | H47: 200 | I47: =SUM(G47*H47) -> 0
A48: 6 | B48: General Worker | E48: HRS | H48: 140 | I48: =SUM(G48*H48) -> 0
A52: Sub Total C | I52: =SUM(I43:I51) -> 500
A53: TRANSPORT
A54: Item 4 | B54: Destinantion | E54: No of Trips | G54: KMs | H54: Rate | I54: Amount
A55: 1 | B55: 18 pier St Southend to Dora Nginza
B56: and back. | E56: 1 | G56: 33.2 | H56: 5 | I56: =H56*G56 -> 166
A58: Sub Total D | I58: =SUM(I55:I57) -> 166
G60: Sub Total (A+B+C+D) | I60: =I58+I52+I40 -> 666
G62: Sub Total | I62: =I60+I61 -> 666

Sheet PE Pronvincial Hospital (41)
A9: QUOTE TO : | F9: Qoute No | H9: =#REF! -> #REF!
A10: Department of Health | F10: Date | H10: =#REF! -> #REF!
A11: 717 Dukumbana Building | F11: Facility | H11: =#REF! -> #REF!
A12: Independent Avenue | F12: Work Order | H12: 1007
A13: Bhisho | F13: Tender No | H13: SCMU3 - 17/18-0303 - HO
F14: Contract Term | H14: 24 MONTHS
A15: WORK REQUEST : Generator fuel is leaking.
A16: SCHEDULED WORK
A17: Item 1 | B17: Description | E17: Unit | F17: Sch No | G17: Quantity | H17: Rate | I17: Amount
I18: =SUM(G18*H18) -> 0
I19: =SUM(G19*H19) -> 0
I20: =SUM(G20*H20) -> 0
A21: Sub Total A | I21: =SUM(I18:I20) -> 0
A22: NON SCHEDULED WORK
A23: Item 2 | B23: Description | G23: Quantity | H23: Rate | I23: Amount
A38: Sub Total | I38: =SUM(I24:I37) -> 0
A39: Mark - Up 15% | I39: =ROUND((I38*0.15),2) -> 0
A40: SUb Total B | I40: =I38+I39 -> 0
A41: LABOUR
A42: Item 3 | B42: (Normal Rate) | E42: Unit | G42: Quantity | H42: Rate | I42: Amount
A43: 1 | B43: Techinician | E43: HRS | H43: 450 | I43: =SUM(G43*H43) -> 0
A44: 2 | B44: Senior Artisan | E44: HRS | H44: 350 | I44: =SUM(G44*H44) -> 0
A45: 3 | B45: Artisan (Trade Tested) | E45: HRS | G45: 3 | H45: 300 | I45: =SUM(G45*H45) -> 900
A46: 4 | B46: Utility Man (Non - Trade Tested) | E46: HRS | G46: 3 | H46: 200 | I46: =SUM(G46*H46) -> 600
A47: 5 | B47: Artisan Aid | E47: HRS | H47: 200 | I47: =SUM(G47*H47) -> 0
A48: 6 | B48: General Worker | E48: HRS | H48: 140 | I48: =SUM(G48*H48) -> 0
A52: Sub Total C | I52: =SUM(I43:I51) -> 1500
A53: TRANSPORT
A54: Item 4 | B54: Destinantion | E54: No of Trips | G54: KMs | H54: Rate | I54: Amount
A55: 1 | B55: 18 pier St Southend to PE Prov. Hospital
B56: and back. | E56: 1 | G56: 19.6 | H56: 5 | I56: =H56*G56 -> 98
A58: Sub Total D | I58: =SUM(I55:I57) -> 98
G60: Sub Total (A+B+C+D) | I60: =I58+I52+I40 -> 1598
G62: Sub Total | I62: =I60+I61 -> 1598

Sheet Motherwell CHC (42)
A9: QUOTE TO : | F9: Qoute No | H9: =#REF! -> #REF!
A10: Department of Health | F10: Date | H10: =#REF! -> #REF!
A11: 717 Dukumbana Building | F11: Facility | H11: =#REF! -> #REF!
A12: Independent Avenue | F12: Work Order | H12: 1708
A13: Bhisho | F13: Tender No | H13: SCMU3 - 17/18-0303 - HO
F14: Contract Term | H14: 24 MONTHS
F15: GEN Id | H15: GEN/NMM/MOT/01
A16: WORK REQUEST : Generator fuse blown .
A17: SCHEDULED WORK
A18: Item 1 | B18: Description | E18: Unit | F18: Sch No | G18: Quantity | H18: Rate | I18: Amount
I19: =SUM(G19*H19) -> 0
I20: =SUM(G20*H20) -> 0
I21: =SUM(G21*H21) -> 0
A22: Sub Total A | I22: =SUM(I19:I21) -> 0
A23: NON SCHEDULED WORK
A24: Item 2 | B24: Description | G24: Quantity | H24: Rate | I24: Amount
A39: Sub Total | I39: =SUM(I25:I38) -> 0
A40: Mark - Up 15% | I40: =ROUND((I39*0.15),2) -> 0
A41: SUb Total B | I41: =I39+I40 -> 0
A42: LABOUR
A43: Item 3 | B43: (Normal Rate) | E43: Unit | G43: Quantity | H43: Rate | I43: Amount
A44: 1 | B44: Techinician | E44: HRS | H44: 450 | I44: =SUM(G44*H44) -> 0
A45: 2 | B45: Senior Artisan | E45: HRS | H45: 350 | I45: =SUM(G45*H45) -> 0
A46: 3 | B46: Artisan (Trade Tested) | E46: HRS | G46: 2 | H46: 300 | I46: =SUM(G46*H46) -> 600
A47: 4 | B47: Utility Man (Non - Trade Tested) | E47: HRS | G47: 2 | H47: 200 | I47: =SUM(G47*H47) -> 400
A48: 5 | B48: Artisan Aid | E48: HRS | H48: 200 | I48: =SUM(G48*H48) -> 0
A49: 6 | B49: General Worker | E49: HRS | H49: 140 | I49: =SUM(G49*H49) -> 0
A53: Sub Total C | I53: =SUM(I44:I52) -> 1000
A54: TRANSPORT
A55: Item 4 | B55: Destinantion | E55: No of Trips | G55: KMs | H55: Rate | I55: Amount
A56: 1 | B56: 18 pier St Southend to Motherwell CHC
B57: and back. | E57: 1 | G57: 59.6 | H57: 5 | I57: =H57*G57 -> 298
A59: Sub Total D | I59: =SUM(I56:I58) -> 298
G61: Sub Total (A+B+C+D) | I61: =I59+I53+I41 -> 1298
G63: Sub Total | I63: =I61+I62 -> 1298

Sheet Westend Clinic (43)
A9: QUOTE TO : | F9: Qoute No | H9: =#REF! -> #REF!
A10: Department of Health | F10: Date | H10: =#REF! -> #REF!
A11: 717 Dukumbana Building | F11: Facility | H11: =#REF! -> #REF!
A12: Independent Avenue | F12: Work Order | H12: 1745
A13: Bhisho | F13: Tender No | H13: SCMU3 - 17/18-0303 - HO
F14: Contract Term | H14: 24 MONTHS
F15: GEN Id | H15: GEN/NMM/WES/01
A16: WORK REQUEST : Generator not working.
A17: SCHEDULED WORK
A18: Item 1 | B18: Description | E18: Unit | F18: Sch No | G18: Quantity | H18: Rate | I18: Amount
I19: =SUM(G19*H19) -> 0
I20: =SUM(G20*H20) -> 0
I21: =SUM(G21*H21) -> 0
A22: Sub Total A | I22: =SUM(I19:I21) -> 0
A23: NON SCHEDULED WORK
A24: Item 2 | B24: Description | G24: Quantity | H24: Rate | I24: Amount
A25: 1 | B25: Battery 638 | G25: 1 | H25: 1380 | I25: =H25*G25 -> 1380
A39: Sub Total | I39: =SUM(I25:I38) -> 1380
A40: Mark - Up 15% | I40: =ROUND((I39*0.15),2) -> 207
A41: SUb Total B | I41: =I39+I40 -> 1587
A42: LABOUR
A43: Item 3 | B43: (Normal Rate) | E43: Unit | G43: Quantity | H43: Rate | I43: Amount
A44: 1 | B44: Techinician | E44: HRS | H44: 450 | I44: =SUM(G44*H44) -> 0
A45: 2 | B45: Senior Artisan | E45: HRS | H45: 350 | I45: =SUM(G45*H45) -> 0
A46: 3 | B46: Artisan (Trade Tested) | E46: HRS | G46: 2 | H46: 300 | I46: =SUM(G46*H46) -> 600
A47: 4 | B47: Utility Man (Non - Trade Tested) | E47: HRS | G47: 2 | H47: 200 | I47: =SUM(G47*H47) -> 400
A48: 5 | B48: Artisan Aid | E48: HRS | H48: 200 | I48: =SUM(G48*H48) -> 0
A49: 6 | B49: General Worker | E49: HRS | H49: 140 | I49: =SUM(G49*H49) -> 0
A53: Sub Total C | I53: =SUM(I44:I52) -> 1000
A54: TRANSPORT
A55: Item 4 | B55: Destinantion | E55: No of Trips | G55: KMs | H55: Rate | I55: Amount
A56: 1 | B56: 18 pier St Southend to West End CHC
B57: and back. | E57: 1 | G57: 34 | H57: 5 | I57: =H57*G57 -> 170
A59: Sub Total D | I59: =SUM(I56:I58) -> 170
G61: Sub Total (A+B+C+D) | I61: =I59+I53+I41 -> 2757
G63: Sub Total | I63: =I61+I62 -> 2757

Sheet Dora Ngiza (44)
A9: QUOTE TO : | F9: Qoute No | H9: =#REF! -> #REF!
A10: Department of Health | F10: Date | H10: =#REF! -> #REF!
A11: 717 Dukumbana Building | F11: Facility | H11: =#REF! -> #REF!
A12: Independent Avenue | F12: Work Order | H12: 1814
A13: Bhisho | F13: Tender No | H13: SCMU3 - 17/18-0303 - HO
F14: Contract Term | H14: 24 MONTHS
F15: GEN Id | H15: GEN/NMM/DOR/05
A16: WORK REQUEST : Change over switch is faulty in lab.
A17: SCHEDULED WORK
A18: Item 1 | B18: Description | E18: Unit | F18: Sch No | G18: Quantity | H18: Rate | I18: Amount
I19: =SUM(G19*H19) -> 0
I20: =SUM(G20*H20) -> 0
I21: =SUM(G21*H21) -> 0
A22: Sub Total A | I22: =SUM(I19:I21) -> 0
A23: NON SCHEDULED WORK
A24: Item 2 | B24: Description | G24: Quantity | H24: Rate | I24: Amount
A39: Sub Total | I39: =SUM(I25:I38) -> 0
A40: Mark - Up 15% | I40: =ROUND((I39*0.15),2) -> 0
A41: SUb Total B | I41: =I39+I40 -> 0
A42: LABOUR
A43: Item 3 | B43: (Normal Rate) | E43: Unit | G43: Quantity | H43: Rate | I43: Amount
A44: 1 | B44: Techinician | E44: HRS | H44: 450 | I44: =SUM(G44*H44) -> 0
A45: 2 | B45: Senior Artisan | E45: HRS | H45: 350 | I45: =SUM(G45*H45) -> 0
A46: 3 | B46: Artisan (Trade Tested) | E46: HRS | G46: 4 | H46: 300 | I46: =SUM(G46*H46) -> 1200
A47: 4 | B47: Utility Man (Non - Trade Tested) | E47: HRS | G47: 4 | H47: 200 | I47: =SUM(G47*H47) -> 800
A48: 5 | B48: Artisan Aid | E48: HRS | H48: 200 | I48: =SUM(G48*H48) -> 0
A49: 6 | B49: General Worker | E49: HRS | H49: 140 | I49: =SUM(G49*H49) -> 0
A53: Sub Total C | I53: =SUM(I44:I52) -> 2000
A54: TRANSPORT
A55: Item 4 | B55: Destinantion | E55: No of Trips | G55: KMs | H55: Rate | I55: Amount
A56: 1 | B56: 18 pier St Southend to Dora Ngiza Hospital
B57: and back. | E57: 1 | G57: 66.4 | H57: 5 | I57: =H57*G57 -> 332
A59: Sub Total D | I59: =SUM(I56:I58) -> 332
G61: Sub Total (A+B+C+D) | I61: =I59+I53+I41 -> 2332
G63: Sub Total | I63: =I61+I62 -> 2332

Sheet Elizabeth Hospital (45)
A9: QUOTE TO : | F9: Qoute No | H9: =#REF! -> #REF!
A10: Department of Health | F10: Date | H10: =#REF! -> #REF!
A11: 717 Dukumbana Building | F11: Facility | H11: =#REF! -> #REF!
A12: Independent Avenue | F12: Work Order | H12: 2592
A13: Bhisho | F13: Tender No | H13: SCMU3 - 17/18-0303 - HO
F14: Contract Term | H14: 24 MONTHS
F15: GEN Id | H15: GEN/NMM/DON/01
A16: WORK REQUEST : Generator is faulty.
A17: SCHEDULED WORK
A18: Item 1 | B18: Description | E18: Unit | F18: Sch No | G18: Quantity | H18: Rate | I18: Amount
I19: =SUM(G19*H19) -> 0
I20: =SUM(G20*H20) -> 0
I21: =SUM(G21*H21) -> 0
A22: Sub Total A | I22: =SUM(I19:I21) -> 0
A23: NON SCHEDULED WORK
A24: Item 2 | B24: Description | G24: Quantity | H24: Rate | I24: Amount
A25: 1 | B25: VDO Fuel sender unit 0 - 180 ohms | G25: 1 | H25: 1850 | I25: =H25*G25 -> 1850
A26: 2 | B26: Courer | G26: 1 | H26: 390 | I26: =H26*G26 -> 390
A39: Sub Total | I39: =SUM(I25:I38) -> 2240
A40: Mark - Up 15% | I40: =ROUND((I39*0.15),2) -> 336
A41: SUb Total B | I41: =I39+I40 -> 2576
A42: LABOUR
A43: Item 3 | B43: (Normal Rate) | E43: Unit | G43: Quantity | H43: Rate | I43: Amount
A44: 1 | B44: Techinician | E44: HRS | H44: 450 | I44: =SUM(G44*H44) -> 0
A45: 2 | B45: Senior Artisan | E45: HRS | H45: 350 | I45: =SUM(G45*H45) -> 0
A46: 3 | B46: Artisan (Trade Tested) | E46: HRS | G46: 4.5 | H46: 300 | I46: =SUM(G46*H46) -> 1350
A47: 4 | B47: Utility Man (Non - Trade Tested) | E47: HRS | G47: 4.5 | H47: 200 | I47: =SUM(G47*H47) -> 900
A48: 5 | B48: Artisan Aid | E48: HRS | H48: 200 | I48: =SUM(G48*H48) -> 0
A49: 6 | B49: General Worker | E49: HRS | H49: 140 | I49: =SUM(G49*H49) -> 0
A53: Sub Total C | I53: =SUM(I44:I52) -> 2250
A54: TRANSPORT
A55: Item 4 | B55: Destinantion | E55: No of Trips | G55: KMs | H55: Rate | I55: Amount
A56: 1 | B56: 18 pier St Southend to Elizabeth Donkin Hospital
B57: and back. | E57: 1 | G57: 39.2 | H57: 5 | I57: =H57*G57 -> 196
A59: Sub Total D | I59: =SUM(I56:I58) -> 196
G61: Sub Total (A+B+C+D) | I61: =I59+I53+I41 -> 5022
G63: Sub Total | I63: =I61+I62 -> 5022

Sheet Jose Pearson (46)
A9: QUOTE TO : | F9: Qoute No | H9: =#REF! -> #REF!
A10: Department of Health | F10: Date | H10: =#REF! -> #REF!
A11: 717 Dukumbana Building | F11: Facility | H11: =#REF! -> #REF!
A12: Independent Avenue | F12: Work Order | H12: 2886
A13: Bhisho | F13: Tender No | H13: SCMU3 - 17/18-0303 - HO
F14: Contract Term | H14: 24 MONTHS
F15: GEN Id | H15: GEN/NMM/JOS/01
A16: WORK REQUEST : Generator not kicking in.
A17: SCHEDULED WORK
A18: Item 1 | B18: Description | E18: Unit | F18: Sch No | G18: Quantity | H18: Rate | I18: Amount
I19: =SUM(G19*H19) -> 0
I20: =SUM(G20*H20) -> 0
I21: =SUM(G21*H21) -> 0
A22: Sub Total A | I22: =SUM(I19:I21) -> 0
A23: NON SCHEDULED WORK
A24: Item 2 | B24: Description | G24: Quantity | H24: Rate | I24: Amount
A25: 1 | B25: R120 ASS p/pump | G25: 1 | H25: 2091.25 | I25: =H25*G25 -> 2091.25
A39: Sub Total | I39: =SUM(I25:I38) -> 2091.25
A40: Mark - Up 15% | I40: =ROUND((I39*0.15),2) -> 313.69
A41: SUb Total B | I41: =I39+I40 -> 2404.94
A42: LABOUR
A43: Item 3 | B43: (Normal Rate) | E43: Unit | G43: Quantity | H43: Rate | I43: Amount
A44: 1 | B44: Techinician | E44: HRS | H44: 450 | I44: =SUM(G44*H44) -> 0
A45: 2 | B45: Senior Artisan | E45: HRS | H45: 350 | I45: =SUM(G45*H45) -> 0
A46: 3 | B46: Artisan (Trade Tested) | E46: HRS | G46: 4.5 | H46: 300 | I46: =SUM(G46*H46) -> 1350
A47: 4 | B47: Utility Man (Non - Trade Tested) | E47: HRS | G47: 4.5 | H47: 200 | I47: =SUM(G47*H47) -> 900
A48: 5 | B48: Artisan Aid | E48: HRS | H48: 200 | I48: =SUM(G48*H48) -> 0
A49: 6 | B49: General Worker | E49: HRS | H49: 140 | I49: =SUM(G49*H49) -> 0
A53: Sub Total C | I53: =SUM(I44:I52) -> 2250
A54: TRANSPORT
A55: Item 4 | B55: Destinantion | E55: No of Trips | G55: KMs | H55: Rate | I55: Amount
A56: 1 | B56: 18 pier St Southend to Jose Pearson TB Hospital
B57: and back. | E57: 1 | G57: 113.2 | H57: 5 | I57: =H57*G57 -> 566
A59: Sub Total D | I59: =SUM(I56:I58) -> 566
G61: Sub Total (A+B+C+D) | I61: =I59+I53+I41 -> 5220.94
G63: Sub Total | I63: =I61+I62 -> 5220.94

Sheet Livingstone Hospital (47)
A9: QUOTE TO : | F9: Qoute No | H9: =#REF! -> #REF!
A10: Department of Health | F10: Date | H10: =#REF! -> #REF!
A11: 717 Dukumbana Building | F11: Facility | H11: =#REF! -> #REF!
A12: Independent Avenue | F12: Work Order | H12: =#REF! -> #REF!
A13: Bhisho | F13: Tender No | H13: SCMU3 - 17/18-0303 - HO
F14: Contract Term | H14: 24 MONTHS
F15: GEN Id | H15: GEN/NMM/LIV/02
A16: WORK REQUEST : Request for repair of power generator GEN/NMM/LIV/01 ,GEN/NMM/LIV/02 faulty battery charger and GEN/NMM/LIV/03 faulty earth leakage and battery charger.
A17: SCHEDULED WORK
A18: Item 1 | B18: Description | E18: Unit | F18: Sch No | G18: Quantity | H18: Rate | I18: Amount
I19: =SUM(G19*H19) -> 0
I20: =SUM(G20*H20) -> 0
I21: =SUM(G21*H21) -> 0
A22: Sub Total A | I22: =SUM(I19:I21) -> 0
A23: NON SCHEDULED WORK
A24: Item 2 | B24: Description | G24: Quantity | H24: Rate | I24: Amount
A25: 1 | B25: 63A isolater | G25: 1 | H25: 160 | I25: =H25*G25 -> 160
A26: 2 | B26: Monitor | G26: 1 | H26: 211 | I26: =H26*G26 -> 211
A27: 3 | B27: Battery charger | G27: 1 | H27: 1094 | I27: =H27*G27 -> 1094
A39: Sub Total | I39: =SUM(I25:I38) -> 1465
A40: Mark - Up 15% | I40: =ROUND((I39*0.15),2) -> 219.75
A41: SUb Total B | I41: =I39+I40 -> 1684.75
A42: LABOUR
A43: Item 3 | B43: (Normal Rate) | E43: Unit | G43: Quantity | H43: Rate | I43: Amount
A44: 1 | B44: Techinician | E44: HRS | H44: 450 | I44: =SUM(G44*H44) -> 0
A45: 2 | B45: Senior Artisan | E45: HRS | H45: 350 | I45: =SUM(G45*H45) -> 0
A46: 3 | B46: Artisan (Trade Tested) | E46: HRS | G46: 7.5 | H46: 300 | I46: =SUM(G46*H46) -> 2250
A47: 4 | B47: Utility Man (Non - Trade Tested) | E47: HRS | H47: 200 | I47: =SUM(G47*H47) -> 0
A48: 5 | B48: Artisan Aid | E48: HRS | G48: 7.5 | H48: 200 | I48: =SUM(G48*H48) -> 1500
A49: 6 | B49: General Worker | E49: HRS | H49: 140 | I49: =SUM(G49*H49) -> 0
A53: Sub Total C | I53: =SUM(I44:I52) -> 3750
A54: TRANSPORT
A55: Item 4 | B55: Destinantion | E55: No of Trips | G55: KMs | H55: Rate | I55: Amount
A56: 1 | B56: 14 Milner Rd ,Mt Pleasant to Living Hospital
B57: and back. | E57: 2 | G57: 21.2 | H57: 5 | I57: =H57*G57 -> 106
A59: Sub Total D | I59: =SUM(I56:I58) -> 106
G61: Sub Total (A+B+C+D) | I61: =I59+I53+I41 -> 5540.75
G63: Sub Total | I63: =I61+I62 -> 5540.75

Sheet PE Pro. Hosp (48)
A9: QUOTE TO : | F9: Qoute No | H9: 47
A10: Department of Health | F10: Date | H10: =#REF! -> #REF!
A11: 717 Dukumbana Building | F11: Facility | H11: =#REF! -> #REF!
A12: Independent Avenue | F12: Work Order | H12: =#REF! -> #REF!
A13: Bhisho | F13: Tender No | H13: SCMU3 - 17/18-0303 - HO
F14: Contract Term | H14: 24 MONTHS
F15: GEN Id | H15: GEN/NMM/JOS/01
A16: WORK REQUEST : Generator not working.
A17: SCHEDULED WORK
A18: Item 1 | B18: Description | E18: Unit | F18: Sch No | G18: Quantity | H18: Rate | I18: Amount
I19: =SUM(G19*H19) -> 0
I20: =SUM(G20*H20) -> 0
I21: =SUM(G21*H21) -> 0
A22: Sub Total A | I22: =SUM(I19:I21) -> 0
A23: NON SCHEDULED WORK
A24: Item 2 | B24: Description | G24: Quantity | H24: Rate | I24: Amount
A25: 1 | B25: 50 KVA Alternator double bearings | G25: 1 | H25: 14550 | I25: =H25*G25 -> 14550
A26: 2 | B26: SX 460 AVR | G26: 1 | H26: 3705 | I26: =H26*G26 -> 3705
B28: Approved Quotation
A39: Sub Total | I39: =SUM(I25:I38) -> 18255
A40: Mark - Up 15% | I40: =ROUND((I39*0.15),2) -> 2738.25
A41: SUb Total B | I41: =I39+I40 -> 20993.25
A42: LABOUR
A43: Item 3 | B43: (Normal Rate) | E43: Unit | G43: Quantity | H43: Rate | I43: Amount
A44: 1 | B44: Techinician | E44: HRS | G44: 10 | H44: 450 | I44: =SUM(G44*H44) -> 4500
A45: 2 | B45: Senior Artisan | E45: HRS | H45: 350 | I45: =SUM(G45*H45) -> 0
A46: 3 | B46: Artisan (Trade Tested) | E46: HRS | H46: 300 | I46: =SUM(G46*H46) -> 0
A47: 4 | B47: Utility Man (Non - Trade Tested) | E47: HRS | H47: 200 | I47: =SUM(G47*H47) -> 0
A48: 5 | B48: Artisan Aid | E48: HRS | H48: 200 | I48: =SUM(G48*H48) -> 0
A49: 6 | B49: General Worker (2) | E49: HRS | G49: 20 | H49: 140 | I49: =SUM(G49*H49) -> 2800
A53: Sub Total C | I53: =SUM(I44:I52) -> 7300
A54: TRANSPORT
A55: Item 4 | B55: Destinantion | E55: No of Trips | G55: KMs | H55: Rate | I55: Amount
A56: 1 | B56: 14 Milner Rd ,Mt Pleasant PE to PE Prov. Hospital
B57: and back. | E57: 3 | G57: 58.8 | H57: 5 | I57: =H57*G57 -> 294
A59: Sub Total D | I59: =SUM(I56:I58) -> 294
G61: Sub Total (A+B+C+D) | I61: =I59+I53+I41 -> 28587.25
G63: Sub Total | I63: =I61+I62 -> 28587.25

Sheet Elizabeth Donken hosp.(49)
A9: QUOTE TO : | F9: Qoute No | H9: =#REF! -> #REF!
A10: Department of Health | F10: Date | H10: =#REF! -> #REF!
A11: 717 Dukumbana Building | F11: Facility | H11: =#REF! -> #REF!
A12: Independent Avenue | F12: Work Order | H12: =#REF! -> #REF!
A13: Bhisho | F13: Tender No | H13: SCMU3 - 17/18-0303 - HO
F14: Contract Term | H14: 24 MONTHS
F15: GEN Id | H15: GEN/NMM/DON/01
A16: WORK REQUEST : Repairs to fuel hose and heater hose for generator.
A17: SCHEDULED WORK
A18: Item 1 | B18: Description | E18: Unit | F18: Sch No | G18: Quantity | H18: Rate | I18: Amount
I19: =SUM(G19*H19) -> 0
I20: =SUM(G20*H20) -> 0
I21: =SUM(G21*H21) -> 0
A22: Sub Total A | I22: =SUM(I19:I21) -> 0
A23: NON SCHEDULED WORK
A24: Item 2 | B24: Description | G24: Quantity | H24: Rate | I24: Amount
A25: 1 | B25: Fuel line | G25: 1 | H25: 682 | I25: =H25*G25 -> 682
A26: 2 | B26: Hose (5m) | G26: 1 | H26: 248.85 | I26: =H26*G26 -> 248.85
A39: Sub Total | I39: =SUM(I25:I38) -> 930.85
A40: Mark - Up 15% | I40: =ROUND((I39*0.15),2) -> 139.63
A41: SUb Total B | I41: =I39+I40 -> 1070.48
A42: LABOUR
A43: Item 3 | B43: (Normal Rate) | E43: Unit | G43: Quantity | H43: Rate | I43: Amount
A44: 1 | B44: Techinician | E44: HRS | G44: 4 | H44: 450 | I44: =SUM(G44*H44) -> 1800
A45: 2 | B45: Senior Artisan | E45: HRS | H45: 350 | I45: =SUM(G45*H45) -> 0
A46: 3 | B46: Artisan (Trade Tested) | E46: HRS | H46: 300 | I46: =SUM(G46*H46) -> 0
A47: 4 | B47: Utility Man (Non - Trade Tested) | E47: HRS | H47: 200 | I47: =SUM(G47*H47) -> 0
A48: 5 | B48: Artisan Aid | E48: HRS | G48: 4 | H48: 200 | I48: =SUM(G48*H48) -> 800
A49: 6 | B49: General Worker (2) | E49: HRS | H49: 140 | I49: =SUM(G49*H49) -> 0
A53: Sub Total C | I53: =SUM(I44:I52) -> 2600
A54: TRANSPORT
A55: Item 4 | B55: Destinantion | E55: No of Trips | G55: KMs | H55: Rate | I55: Amount
A56: 1 | B56: 14 Milner Rd ,Mt Pleasant PE to Elizabeth Donkin Hospital
B57: and back. | E57: 2 | G57: 39.6 | H57: 5 | I57: =H57*G57 -> 198
A59: Sub Total D | I59: =SUM(I56:I58) -> 198
G61: Sub Total (A+B+C+D) | I61: =I59+I53+I41 -> 3868.48
G63: Sub Total | I63: =I61+I62 -> 3868.48

Sheet Dora Ngiza (50)
A9: QUOTE TO : | F9: Qoute No | H9: =#REF! -> #REF!
A10: Department of Health | F10: Date | H10: =#REF! -> #REF!
A11: 717 Dukumbana Building | F11: Facility | H11: =#REF! -> #REF!
A12: Independent Avenue | F12: Work Order | H12: =#REF! -> #REF!
A13: Bhisho | F13: Tender No | H13: SCMU3 - 17/18-0303 - HO
F14: Contract Term | H14: 24 MONTHS
F15: GEN Id | H15: GEN/NMM/DOR/01
A16: WORK REQUEST : Casual generator is faulty at Dora Ngiza Hospital.
A17: SCHEDULED WORK
A18: Item 1 | B18: Description | E18: Unit | F18: Sch No | G18: Quantity | H18: Rate | I18: Amount
I19: =SUM(G19*H19) -> 0
I20: =SUM(G20*H20) -> 0
I21: =SUM(G21*H21) -> 0
A22: Sub Total A | I22: =SUM(I19:I21) -> 0
A23: NON SCHEDULED WORK
A24: Item 2 | B24: Description | G24: Quantity | H24: Rate | I24: Amount
I25: =H25*G25 -> 0
I26: =H26*G26 -> 0
A39: Sub Total | I39: =SUM(I25:I38) -> 0
A40: Mark - Up 15% | I40: =ROUND((I39*0.15),2) -> 0
A41: SUb Total B | I41: =I39+I40 -> 0
A42: LABOUR
A43: Item 3 | B43: (Normal Rate) | E43: Unit | G43: Quantity | H43: Rate | I43: Amount
A44: 1 | B44: Techinician | E44: HRS | H44: 450 | I44: =SUM(G44*H44) -> 0
A45: 2 | B45: Senior Artisan | E45: HRS | H45: 350 | I45: =SUM(G45*H45) -> 0
A46: 3 | B46: Artisan (Trade Tested) | E46: HRS | G46: 1 | H46: 300 | I46: =SUM(G46*H46) -> 300
A47: 4 | B47: Utility Man (Non - Trade Tested) | E47: HRS | H47: 200 | I47: =SUM(G47*H47) -> 0
A48: 5 | B48: Artisan Aid | E48: HRS | G48: 1 | H48: 200 | I48: =SUM(G48*H48) -> 200
A49: 6 | B49: General Worker (2) | E49: HRS | H49: 140 | I49: =SUM(G49*H49) -> 0
A53: Sub Total C | I53: =SUM(I44:I52) -> 500
A54: TRANSPORT
A55: Item 4 | B55: Destinantion | E55: No of Trips | G55: KMs | H55: Rate | I55: Amount
A56: 1 | B56: Office to Dora Ngiza Hospital
B57: and back. | E57: 1 | G57: 33.4 | H57: 5 | I57: =H57*G57 -> 167
A59: Sub Total D | I59: =SUM(I56:I58) -> 167
G61: Sub Total (A+B+C+D) | I61: =I59+I53+I41 -> 667
G63: Sub Total | I63: =I61+I62 -> 667

Sheet Dora Ngiza (51)
A9: QUOTE TO : | F9: Qoute No | H9: =#REF! -> #REF!
A10: Department of Health | F10: Date | H10: =#REF! -> #REF!
A11: 717 Dukumbana Building | F11: Facility | H11: =#REF! -> #REF!
A12: Independent Avenue | F12: Work Order | H12: =#REF! -> #REF!
A13: Bhisho | F13: Tender No | H13: SCMU3 - 17/18-0303 - HO
F14: Contract Term | H14: 24 MONTHS
F15: GEN Id | H15: GEN/NMM/DOR/05
A16: WORK REQUEST : Casualty generator is leaking oil.
A17: SCHEDULED WORK
A18: Item 1 | B18: Description | E18: Unit | F18: Sch No | G18: Quantity | H18: Rate | I18: Amount
I19: =SUM(G19*H19) -> 0
I20: =SUM(G20*H20) -> 0
I21: =SUM(G21*H21) -> 0
A22: Sub Total A | I22: =SUM(I19:I21) -> 0
A23: NON SCHEDULED WORK
A24: Item 2 | B24: Description | G24: Quantity | H24: Rate | I24: Amount
A25: 1 | B25: Recondition of the engine (Subcob ) | G25: 1 | H25: 3167.47 | I25: =H25*G25 -> 3167.47
A39: Sub Total | I39: =SUM(I25:I38) -> 3167.47
A40: Mark - Up 15% | I40: =ROUND((I39*0.15),2) -> 475.12
A41: SUb Total B | I41: =I39+I40 -> 3642.59
A42: LABOUR
A43: Item 3 | B43: (Normal Rate) | E43: Unit | G43: Quantity | H43: Rate | I43: Amount
A44: 1 | B44: Techinician | E44: HRS | H44: 450 | I44: =SUM(G44*H44) -> 0
A45: 2 | B45: Senior Artisan | E45: HRS | H45: 350 | I45: =SUM(G45*H45) -> 0
A46: 3 | B46: Artisan (Trade Tested) | E46: HRS | G46: 2.5 | H46: 300 | I46: =SUM(G46*H46) -> 750
A47: 4 | B47: Utility Man (Non - Trade Tested) | E47: HRS | H47: 200 | I47: =SUM(G47*H47) -> 0
A48: 5 | B48: Artisan Aid | E48: HRS | G48: 2.5 | H48: 200 | I48: =SUM(G48*H48) -> 500
A49: 6 | B49: General Worker (3) | E49: HRS | H49: 140 | I49: =SUM(G49*H49) -> 0
A53: Sub Total C | I53: =SUM(I44:I52) -> 1250
A54: TRANSPORT
A55: Item 4 | B55: Destinantion | E55: No of Trips | G55: KMs | H55: Rate | I55: Amount
A56: 1 | B56: Office to Dora Ngiza Hospital
B57: and back. | E57: 1 | G57: 66.4 | H57: 5 | I57: =H57*G57 -> 332
A59: Sub Total D | I59: =SUM(I56:I58) -> 332
G61: Sub Total (A+B+C+D) | I61: =I59+I53+I41 -> 5224.59
G63: Sub Total | I63: =I61+I62 -> 5224.59

Sheet West End (52)
A9: QUOTE TO : | F9: Qoute No | H9: =#REF! -> #REF!
A10: Department of Health | F10: Date | H10: =#REF! -> #REF!
A11: 717 Dukumbana Building | F11: Facility | H11: =#REF! -> #REF!
A12: Independent Avenue | F12: Work Order | H12: =#REF! -> #REF!
A13: Bhisho | F13: Tender No | H13: SCMU3 - 17/18-0303 - HO
F14: Contract Term | H14: 24 MONTHS
F15: GEN Id | H15: GEN/NMM/WES/01
A16: WORK REQUEST : Generator leaking oil.
A17: SCHEDULED WORK
A18: Item 1 | B18: Description | E18: Unit | F18: Sch No | G18: Quantity | H18: Rate | I18: Amount
I19: =SUM(G19*H19) -> 0
I20: =SUM(G20*H20) -> 0
I21: =SUM(G21*H21) -> 0
A22: Sub Total A | I22: =SUM(I19:I21) -> 0
A23: NON SCHEDULED WORK
A24: Item 2 | B24: Description | G24: Quantity | H24: Rate | I24: Amount
A39: Sub Total | I39: =SUM(I25:I38) -> 0
A40: Mark - Up 15% | I40: =ROUND((I39*0.15),2) -> 0
A41: SUb Total B | I41: =I39+I40 -> 0
A42: LABOUR
A43: Item 3 | B43: (Normal Rate) | E43: Unit | G43: Quantity | H43: Rate | I43: Amount
A44: 1 | B44: Techinician | E44: HRS | H44: 450 | I44: =SUM(G44*H44) -> 0
A45: 2 | B45: Senior Artisan | E45: HRS | H45: 350 | I45: =SUM(G45*H45) -> 0
A46: 3 | B46: Artisan (Trade Tested) | E46: HRS | G46: 3 | H46: 300 | I46: =SUM(G46*H46) -> 900
A47: 4 | B47: Utility Man (Non - Trade Tested) | E47: HRS | H47: 200 | I47: =SUM(G47*H47) -> 0
A48: 5 | B48: Artisan Aid | E48: HRS | G48: 3 | H48: 200 | I48: =SUM(G48*H48) -> 600
A49: 6 | B49: General Worker (3) | E49: HRS | H49: 140 | I49: =SUM(G49*H49) -> 0
A53: Sub Total C | I53: =SUM(I44:I52) -> 1500
A54: TRANSPORT
A55: Item 4 | B55: Destinantion | E55: No of Trips | G55: KMs | H55: Rate | I55: Amount
A56: 1 | B56: Office to West End CHC
B57: and back. | E57: 1 | G57: 34 | H57: 5 | I57: =H57*G57 -> 170
A59: Sub Total D | I59: =SUM(I56:I58) -> 170
G61: Sub Total (A+B+C+D) | I61: =I59+I53+I41 -> 1670
G63: Sub Total | I63: =I61+I62 -> 1670

Sheet Elizabeth Hospital (53)
A9: QUOTE TO : | F9: Qoute No | H9: =#REF! -> #REF!
A10: Department of Health | F10: Date | H10: =#REF! -> #REF!
A11: 717 Dukumbana Building | F11: Facility | H11: =#REF! -> #REF!
A12: Independent Avenue | F12: Work Order | H12: =#REF! -> #REF!
A13: Bhisho | F13: Tender No | H13: SCMU3 - 17/18-0303 - HO
F14: Contract Term | H14: 24 MONTHS
F15: GEN Id | H15: GEN/NMM/DON/01
A16: WORK REQUEST : Generator leaking oil.
A17: SCHEDULED WORK
A18: Item 1 | B18: Description | E18: Unit | F18: Sch No | G18: Quantity | H18: Rate | I18: Amount
I19: =SUM(G19*H19) -> 0
I20: =SUM(G20*H20) -> 0
I21: =SUM(G21*H21) -> 0
A22: Sub Total A | I22: =SUM(I19:I21) -> 0
A23: NON SCHEDULED WORK
A24: Item 2 | B24: Description | G24: Quantity | H24: Rate | I24: Amount
A39: Sub Total | I39: =SUM(I25:I38) -> 0
A40: Mark - Up 15% | I40: =ROUND((I39*0.15),2) -> 0
A41: SUb Total B | I41: =I39+I40 -> 0
A42: LABOUR
A43: Item 3 | B43: (Normal Rate) | E43: Unit | G43: Quantity | H43: Rate | I43: Amount
A44: 1 | B44: Techinician | E44: HRS | H44: 450 | I44: =SUM(G44*H44) -> 0
A45: 2 | B45: Senior Artisan | E45: HRS | H45: 350 | I45: =SUM(G45*H45) -> 0
A46: 3 | B46: Artisan (Trade Tested) | E46: HRS | G46: 1.5 | H46: 300 | I46: =SUM(G46*H46) -> 450
A47: 4 | B47: Utility Man (Non - Trade Tested) | E47: HRS | H47: 200 | I47: =SUM(G47*H47) -> 0
A48: 5 | B48: Artisan Aid | E48: HRS | G48: 1.5 | H48: 200 | I48: =SUM(G48*H48) -> 300
A49: 6 | B49: General Worker (3) | E49: HRS | H49: 140 | I49: =SUM(G49*H49) -> 0
A53: Sub Total C | I53: =SUM(I44:I52) -> 750
A54: TRANSPORT
A55: Item 4 | B55: Destinantion | E55: No of Trips | G55: KMs | H55: Rate | I55: Amount
A56: 1 | B56: Office to Elizabeth Donking Hospital
B57: and back. | E57: 1 | G57: 19.8 | H57: 5 | I57: =H57*G57 -> 99
A59: Sub Total D | I59: =SUM(I56:I58) -> 99
G61: Sub Total (A+B+C+D) | I61: =I59+I53+I41 -> 849
G63: Sub Total | I63: =I61+I62 -> 849

Sheet Orsmond TB Hosp.(54)
A9: QUOTE TO : | F9: Qoute No | H9: =#REF! -> #REF!
A10: Department of Health | F10: Date | H10: =#REF! -> #REF!
A11: 717 Dukumbana Building | F11: Facility | H11: =#REF! -> #REF!
A12: Independent Avenue | F12: Work Order | H12: =#REF! -> #REF!
A13: Bhisho | F13: Tender No | H13: SCMU3 - 17/18-0303 - HO
F14: Contract Term | H14: 24 MONTHS
F15: GEN Id | H15: GEN/NMM/DON/01
A16: WORK REQUEST : Water jacket heater not working.
A17: SCHEDULED WORK
A18: Item 1 | B18: Description | E18: Unit | F18: Sch No | G18: Quantity | H18: Rate | I18: Amount
I19: =SUM(G19*H19) -> 0
I20: =SUM(G20*H20) -> 0
I21: =SUM(G21*H21) -> 0
A22: Sub Total A | I22: =SUM(I19:I21) -> 0
A23: NON SCHEDULED WORK
A24: Item 2 | B24: Description | G24: Quantity | H24: Rate | I24: Amount
A25: 1 | B25: Thermostat | G25: 1 | H25: 150.43 | I25: =H25*G25 -> 150.43
A26: 2 | B26: Mini Geyser | G26: 1 | H26: 299 | I26: =H26*G26 -> 299
A27: 3 | B27: Antifreeze (5L) | G27: 1 | H27: 249.5 | I27: =H27*G27 -> 249.5
A39: Sub Total | I39: =SUM(I25:I38) -> 698.93
A40: Mark - Up 15% | I40: =ROUND((I39*0.15),2) -> 104.84
A41: SUb Total B | I41: =I39+I40 -> 803.77
A42: LABOUR
A43: Item 3 | B43: (Normal Rate) | E43: Unit | G43: Quantity | H43: Rate | I43: Amount
A44: 1 | B44: Techinician | E44: HRS | H44: 450 | I44: =SUM(G44*H44) -> 0
A45: 2 | B45: Senior Artisan | E45: HRS | H45: 350 | I45: =SUM(G45*H45) -> 0
A46: 3 | B46: Artisan (Trade Tested) | E46: HRS | G46: 3.5 | H46: 300 | I46: =SUM(G46*H46) -> 1050
A47: 4 | B47: Utility Man (Non - Trade Tested) | E47: HRS | H47: 200 | I47: =SUM(G47*H47) -> 0
A48: 5 | B48: Artisan Aid | E48: HRS | G48: 3.5 | H48: 200 | I48: =SUM(G48*H48) -> 700
A49: 6 | B49: General Worker (3) | E49: HRS | H49: 140 | I49: =SUM(G49*H49) -> 0
A53: Sub Total C | I53: =SUM(I44:I52) -> 1750
A54: TRANSPORT
A55: Item 4 | B55: Destinantion | E55: No of Trips | G55: KMs | H55: Rate | I55: Amount
A56: 1 | B56: Office to Orsmond TB Hospital
B57: and back. | E57: 1 | G57: 81.8 | H57: 5 | I57: =H57*G57 -> 409
A59: Sub Total D | I59: =SUM(I56:I58) -> 409
G61: Sub Total (A+B+C+D) | I61: =I59+I53+I41 -> 2962.77
G63: Sub Total | I63: =I61+I62 -> 2962.77

Sheet Port Elizabeth (55)
A9: QUOTE TO : | F9: Qoute No | H9: =#REF! -> #REF!
A10: Department of Health | F10: Date | H10: =#REF! -> #REF!
A11: 717 Dukumbana Building | F11: Facility | H11: =#REF! -> #REF!
A12: Independent Avenue | F12: Work Order | H12: =#REF! -> #REF!
A13: Bhisho | F13: Tender No | H13: SCMU3 - 17/18-0303 - HO
F14: Contract Term | H14: 24 MONTHS
F15: GEN Id | H15: GEN/NMM/PEP/01
A16: WORK REQUEST : Generator is faulty.
A17: SCHEDULED WORK
A18: Item 1 | B18: Description | E18: Unit | F18: Sch No | G18: Quantity | H18: Rate | I18: Amount
I19: =SUM(G19*H19) -> 0
I20: =SUM(G20*H20) -> 0
I21: =SUM(G21*H21) -> 0
A22: Sub Total A | I22: =SUM(I19:I21) -> 0
A23: NON SCHEDULED WORK
A24: Item 2 | B24: Description | G24: Quantity | H24: Rate | I24: Amount
A39: Sub Total | I39: =SUM(I25:I38) -> 0
A40: Mark - Up 15% | I40: =ROUND((I39*0.15),2) -> 0
A41: SUb Total B | I41: =I39+I40 -> 0
A42: LABOUR
A43: Item 3 | B43: (Normal Rate) | E43: Unit | G43: Quantity | H43: Rate | I43: Amount
A44: 1 | B44: Techinician | E44: HRS | H44: 450 | I44: =SUM(G44*H44) -> 0
A45: 2 | B45: Senior Artisan | E45: HRS | H45: 350 | I45: =SUM(G45*H45) -> 0
A46: 3 | B46: Artisan (Trade Tested) | E46: HRS | G46: 2 | H46: 300 | I46: =SUM(G46*H46) -> 600
A47: 4 | B47: Utility Man (Non - Trade Tested) | E47: HRS | H47: 200 | I47: =SUM(G47*H47) -> 0
A48: 5 | B48: Artisan Aid | E48: HRS | G48: 2 | H48: 200 | I48: =SUM(G48*H48) -> 400
A49: 6 | B49: General Worker (3) | E49: HRS | H49: 140 | I49: =SUM(G49*H49) -> 0
A53: Sub Total C | I53: =SUM(I44:I52) -> 1000
A54: TRANSPORT
A55: Item 4 | B55: Destinantion | E55: No of Trips | G55: KMs | H55: Rate | I55: Amount
A56: 1 | B56: Office to PE Prov. Hospital
B57: and back. | E57: 1 | G57: 19.6 | H57: 5 | I57: =H57*G57 -> 98
A59: Sub Total D | I59: =SUM(I56:I58) -> 98
G61: Sub Total (A+B+C+D) | I61: =I59+I53+I41 -> 1098
G63: Sub Total | I63: =I61+I62 -> 1098

Sheet Livingston Hosp (56)
A9: QUOTE TO : | F9: Qoute No | H9: =#REF! -> #REF!
A10: Department of Health | F10: Date | H10: =#REF! -> #REF!
A11: 717 Dukumbana Building | F11: Facility | H11: =#REF! -> #REF!
A12: Independent Avenue | F12: Work Order | H12: =#REF! -> #REF!
A13: Bhisho | F13: Tender No | H13: SCMU3 - 17/18-0303 - HO
F14: Contract Term | H14: 24 MONTHS
F15: GEN Id | H15: GEN/NMM/LIV/01
A16: WORK REQUEST : Generator not starting.
A17: SCHEDULED WORK
A18: Item 1 | B18: Description | E18: Unit | F18: Sch No | G18: Quantity | H18: Rate | I18: Amount
I19: =SUM(G19*H19) -> 0
I20: =SUM(G20*H20) -> 0
I21: =SUM(G21*H21) -> 0
A22: Sub Total A | I22: =SUM(I19:I21) -> 0
A23: NON SCHEDULED WORK
A24: Item 2 | B24: Description | G24: Quantity | H24: Rate | I24: Amount
A39: Sub Total | I39: =SUM(I25:I38) -> 0
A40: Mark - Up 15% | I40: =ROUND((I39*0.15),2) -> 0
A41: SUb Total B | I41: =I39+I40 -> 0
A42: LABOUR
A43: Item 3 | B43: (Normal Rate) | E43: Unit | G43: Quantity | H43: Rate | I43: Amount
A44: 1 | B44: Techinician | E44: HRS | H44: 450 | I44: =SUM(G44*H44) -> 0
A45: 2 | B45: Senior Artisan | E45: HRS | H45: 350 | I45: =SUM(G45*H45) -> 0
A46: 3 | B46: Artisan (Trade Tested) | E46: HRS | G46: 1 | H46: 300 | I46: =SUM(G46*H46) -> 300
A47: 4 | B47: Utility Man (Non - Trade Tested) | E47: HRS | H47: 200 | I47: =SUM(G47*H47) -> 0
A48: 5 | B48: Artisan Aid | E48: HRS | G48: 1 | H48: 200 | I48: =SUM(G48*H48) -> 200
A49: 6 | B49: General Worker (3) | E49: HRS | H49: 140 | I49: =SUM(G49*H49) -> 0
A53: Sub Total C | I53: =SUM(I44:I52) -> 500
A54: TRANSPORT
A55: Item 4 | B55: Destinantion | E55: No of Trips | G55: KMs | H55: Rate | I55: Amount
A56: 1 | B56: Office to Livingston Hospital
B57: and back. | E57: 1 | G57: 21.2 | H57: 5 | I57: =H57*G57 -> 106
A59: Sub Total D | I59: =SUM(I56:I58) -> 106
G61: Sub Total (A+B+C+D) | I61: =I59+I53+I41 -> 606
G63: Sub Total | I63: =I61+I62 -> 606

Sheet New Brighton M.(57)
A9: QUOTE TO : | F9: Qoute No | H9: =#REF! -> #REF!
A10: Department of Health | F10: Date | H10: =#REF! -> #REF!
A11: 717 Dukumbana Building | F11: Facility | H11: =#REF! -> #REF!
A12: Independent Avenue | F12: Work Order | H12: =#REF! -> #REF!
A13: Bhisho | F13: Tender No | H13: SCMU3 - 17/18-0303 - HO
F14: Contract Term | H14: 24 MONTHS
F15: GEN Id | H15: GEN/NMM/NEW/01
A16: WORK REQUEST : Generator is faulty.
A17: SCHEDULED WORK
A18: Item 1 | B18: Description | E18: Unit | F18: Sch No | G18: Quantity | H18: Rate | I18: Amount
I19: =SUM(G19*H19) -> 0
I20: =SUM(G20*H20) -> 0
I21: =SUM(G21*H21) -> 0
A22: Sub Total A | I22: =SUM(I19:I21) -> 0
A23: NON SCHEDULED WORK
A24: Item 2 | B24: Description | G24: Quantity | H24: Rate | I24: Amount
A25: 1 | B25: Battery 674 | G25: 1 | H25: 1652.17 | I25: =H25*G25 -> 1652.17
A39: Sub Total | I39: =SUM(I25:I38) -> 1652.17
A40: Mark - Up 15% | I40: =ROUND((I39*0.15),2) -> 247.83
A41: SUb Total B | I41: =I39+I40 -> 1900
A42: LABOUR
A43: Item 3 | B43: (Normal Rate) | E43: Unit | G43: Quantity | H43: Rate | I43: Amount
A44: 1 | B44: Techinician | E44: HRS | H44: 450 | I44: =SUM(G44*H44) -> 0
A45: 2 | B45: Senior Artisan | E45: HRS | H45: 350 | I45: =SUM(G45*H45) -> 0
A46: 3 | B46: Artisan (Trade Tested) | E46: HRS | G46: 1 | H46: 300 | I46: =SUM(G46*H46) -> 300
A47: 4 | B47: Utility Man (Non - Trade Tested) | E47: HRS | H47: 200 | I47: =SUM(G47*H47) -> 0
A48: 5 | B48: Artisan Aid | E48: HRS | G48: 1 | H48: 200 | I48: =SUM(G48*H48) -> 200
A49: 6 | B49: General Worker (3) | E49: HRS | H49: 140 | I49: =SUM(G49*H49) -> 0
A53: Sub Total C | I53: =SUM(I44:I52) -> 500
A54: TRANSPORT
A55: Item 4 | B55: Destinantion | E55: No of Trips | G55: KMs | H55: Rate | I55: Amount
A56: 1 | B56: Office to New Brighton Mortuary
B57: and back. | E57: 1 | G57: 26.2 | H57: 5 | I57: =H57*G57 -> 131
A59: Sub Total D | I59: =SUM(I56:I58) -> 131
G61: Sub Total (A+B+C+D) | I61: =I59+I53+I41 -> 2531
G63: Sub Total | I63: =I61+I62 -> 2531

Sheet West End (58)
A9: QUOTE TO : | F9: Qoute No | H9: =#REF! -> #REF!
A10: Department of Health | F10: Date | H10: =#REF! -> #REF!
A11: 717 Dukumbana Building | F11: Facility | H11: =#REF! -> #REF!
A12: Independent Avenue | F12: Work Order | H12: =#REF! -> #REF!
A13: Bhisho | F13: Tender No | H13: SCMU3 - 17/18-0303 - HO
F14: Contract Term | H14: 24 MONTHS
F15: GEN Id | H15: GEN/NMM/WES/01
A16: WORK REQUEST : Generator is faulty.
A17: SCHEDULED WORK
A18: Item 1 | B18: Description | E18: Unit | F18: Sch No | G18: Quantity | H18: Rate | I18: Amount
I19: =SUM(G19*H19) -> 0
I20: =SUM(G20*H20) -> 0
I21: =SUM(G21*H21) -> 0
A22: Sub Total A | I22: =SUM(I19:I21) -> 0
A23: NON SCHEDULED WORK
A24: Item 2 | B24: Description | G24: Quantity | H24: Rate | I24: Amount
A25: 1 | B25: Battery 658 | G25: 1 | H25: 1686.96 | I25: =H25*G25 -> 1686.96
A39: Sub Total | I39: =SUM(I25:I38) -> 1686.96
A40: Mark - Up 15% | I40: =ROUND((I39*0.15),2) -> 253.04
A41: SUb Total B | I41: =I39+I40 -> 1940
A42: LABOUR
A43: Item 3 | B43: (Normal Rate) | E43: Unit | G43: Quantity | H43: Rate | I43: Amount
A44: 1 | B44: Techinician | E44: HRS | H44: 450 | I44: =SUM(G44*H44) -> 0
A45: 2 | B45: Senior Artisan | E45: HRS | H45: 350 | I45: =SUM(G45*H45) -> 0
A46: 3 | B46: Artisan (Trade Tested) | E46: HRS | G46: 1 | H46: 300 | I46: =SUM(G46*H46) -> 300
A47: 4 | B47: Utility Man (Non - Trade Tested) | E47: HRS | H47: 200 | I47: =SUM(G47*H47) -> 0
A48: 5 | B48: Artisan Aid | E48: HRS | G48: 1 | H48: 200 | I48: =SUM(G48*H48) -> 200
A49: 6 | B49: General Worker (3) | E49: HRS | H49: 140 | I49: =SUM(G49*H49) -> 0
A53: Sub Total C | I53: =SUM(I44:I52) -> 500
A54: TRANSPORT
A55: Item 4 | B55: Destinantion | E55: No of Trips | G55: KMs | H55: Rate | I55: Amount
A56: 1 | B56: Office to West End
B57: and back. | E57: 1 | G57: 34 | H57: 5 | I57: =H57*G57 -> 170
A59: Sub Total D | I59: =SUM(I56:I58) -> 170
G61: Sub Total (A+B+C+D) | I61: =I59+I53+I41 -> 2610
G63: Sub Total | I63: =I61+I62 -> 2610

Sheet Dora Ngiza chc (59)
A9: QUOTE TO : | F9: Qoute No | H9: =#REF! -> #REF!
A10: Department of Health | F10: Date | H10: =#REF! -> #REF!
A11: 717 Dukumbana Building | F11: Facility | H11: =#REF! -> #REF!
A12: Independent Avenue | F12: Work Order | H12: =#REF! -> #REF!
A13: Bhisho | F13: Tender No | H13: SCMU3 - 17/18-0303 - HO
F14: Contract Term | H14: 24 MONTHS
F15: GEN Id | H15: GEN/NMM/DOR/01
A16: WORK REQUEST : Generator is faulty.
A17: SCHEDULED WORK
A18: Item 1 | B18: Description | E18: Unit | F18: Sch No | G18: Quantity | H18: Rate | I18: Amount
I19: =SUM(G19*H19) -> 0
I20: =SUM(G20*H20) -> 0
I21: =SUM(G21*H21) -> 0
A22: Sub Total A | I22: =SUM(I19:I21) -> 0
A23: NON SCHEDULED WORK
A24: Item 2 | B24: Description | G24: Quantity | H24: Rate | I24: Amount
A25: 1 | B25: Battery 682 | G25: 2 | H25: 2343.48 | I25: =H25*G25 -> 4686.96
A26: 2 | B26: 60A Circuit Breaker | G26: 1 | H26: 498 | I26: =H26*G26 -> 498
A39: Sub Total | I39: =SUM(I25:I38) -> 5184.96
A40: Mark - Up 15% | I40: =ROUND((I39*0.15),2) -> 777.74
A41: SUb Total B | I41: =I39+I40 -> 5962.7
A42: LABOUR
A43: Item 3 | B43: (Normal Rate) | E43: Unit | G43: Quantity | H43: Rate | I43: Amount
A44: 1 | B44: Techinician | E44: HRS | G44: 6 | H44: 450 | I44: =SUM(G44*H44) -> 2700
A45: 2 | B45: Senior Artisan | E45: HRS | H45: 350 | I45: =SUM(G45*H45) -> 0
A46: 3 | B46: Artisan (Trade Tested) | E46: HRS | H46: 300 | I46: =SUM(G46*H46) -> 0
A47: 4 | B47: Utility Man (Non - Trade Tested) | E47: HRS | H47: 200 | I47: =SUM(G47*H47) -> 0
A48: 5 | B48: Artisan Aid | E48: HRS | G48: 6 | H48: 200 | I48: =SUM(G48*H48) -> 1200
A49: 6 | B49: General Worker (3) | E49: HRS | H49: 140 | I49: =SUM(G49*H49) -> 0
A53: Sub Total C | I53: =SUM(I44:I52) -> 3900
A54: TRANSPORT
A55: Item 4 | B55: Destinantion | E55: No of Trips | G55: KMs | H55: Rate | I55: Amount
A56: 1 | B56: Office to Dora Ngiza Hospital
B57: and back. | E57: 2 | G57: 66.4 | H57: 5 | I57: =H57*G57 -> 332
A59: Sub Total D | I59: =SUM(I56:I58) -> 332
G61: Sub Total (A+B+C+D) | I61: =I59+I53+I41 -> 10194.7
G63: Sub Total | I63: =I61+I62 -> 10194.7

Sheet New Brighston (60)
A9: QUOTE TO : | F9: Qoute No | H9: =#REF! -> #REF!
A10: Department of Health | F10: Date | H10: =#REF! -> #REF!
A11: 717 Dukumbana Building | F11: Facility | H11: =#REF! -> #REF!
A12: Independent Avenue | F12: Work Order | H12: =#REF! -> #REF!
A13: Bhisho | F13: Tender No | H13: SCMU3 - 17/18-0303 - HO
F14: Contract Term | H14: 24 MONTHS
F15: GEN Id | H15: GEN/NMM/NEW/01
A16: WORK REQUEST : Connection of other areas to the generator.
A17: SCHEDULED WORK
A18: Item 1 | B18: Description | E18: Unit | F18: Sch No | G18: Quantity | H18: Rate | I18: Amount
I19: =SUM(G19*H19) -> 0
I20: =SUM(G20*H20) -> 0
I21: =SUM(G21*H21) -> 0
A22: Sub Total A | I22: =SUM(I19:I21) -> 0
A23: NON SCHEDULED WORK
A24: Item 2 | B24: Description | G24: Quantity | H24: Rate | I24: Amount
A25: 1 | B25: Spray fast dry | G25: 3 | H25: 65.21 | I25: =H25*G25 -> 195.63
A26: 2 | B26: Water paper sheet | G26: 4 | H26: 12.17 | I26: =H26*G26 -> 48.68
A27: 3 | B27: Water paper sheet grit | G27: 1 | H27: 57.39 | I27: =H27*G27 -> 57.39
A39: Sub Total | I39: 301.73
A40: Mark - Up 15% | I40: =ROUND((I39*0.15),2) -> 45.26
A41: SUb Total B | I41: =I39+I40 -> 346.99
A42: LABOUR
A43: Item 3 | B43: (Normal Rate) | E43: Unit | G43: Quantity | H43: Rate | I43: Amount
A44: 1 | B44: Techinician | E44: HRS | H44: 450 | I44: =SUM(G44*H44) -> 0
A45: 2 | B45: Senior Artisan | E45: HRS | H45: 350 | I45: =SUM(G45*H45) -> 0
A46: 3 | B46: Artisan (Trade Tested) | E46: HRS | G46: 34 | H46: 300 | I46: =SUM(G46*H46) -> 10200
A47: 4 | B47: Utility Man (Non - Trade Tested) | E47: HRS | H47: 200 | I47: =SUM(G47*H47) -> 0
A48: 5 | B48: Artisan Aid | E48: HRS | G48: 34 | H48: 200 | I48: =SUM(G48*H48) -> 6800
A49: 6 | B49: General Worker (3) | E49: HRS | H49: 140 | I49: =SUM(G49*H49) -> 0
A53: Sub Total C | I53: =SUM(I44:I52) -> 17000
A54: TRANSPORT
A55: Item 4 | B55: Destinantion | E55: No of Trips | G55: KMs | H55: Rate | I55: Amount
A56: 1 | B56: Office to New Brighston Forensic
B57: and back. | E57: 4 | G57: 104.8 | H57: 5 | I57: =H57*G57 -> 524
A59: Sub Total D | I59: =SUM(I56:I58) -> 524
G61: Sub Total (A+B+C+D) | I61: =I59+I53+I41 -> 17870.99
G63: Sub Total | I63: =I61+I62 -> 17870.99

Sheet Jose Pearson TB Hosp (61)
A9: QUOTE TO : | F9: Qoute No | H9: =#REF! -> #REF!
A10: Department of Health | F10: Date | H10: =#REF! -> #REF!
A11: 717 Dukumbana Building | F11: Facility | H11: =#REF! -> #REF!
A12: Independent Avenue | F12: Work Order | H12: =#REF! -> #REF!
A13: Bhisho | F13: Tender No | H13: SCMU3 - 17/18-0303 - HO
F14: Contract Term | H14: 24 MONTHS
F15: GEN Id | H15: GEN/NMM/JOS/01
A16: WORK REQUEST : Generator not strting up.
A17: SCHEDULED WORK
A18: Item 1 | B18: Description | E18: Unit | F18: Sch No | G18: Quantity | H18: Rate | I18: Amount
I19: =SUM(G19*H19) -> 0
I20: =SUM(G20*H20) -> 0
I21: =SUM(G21*H21) -> 0
A22: Sub Total A | I22: =SUM(I19:I21) -> 0
A23: NON SCHEDULED WORK
A24: Item 2 | B24: Description | G24: Quantity | H24: Rate | I24: Amount
A39: Sub Total
A40: Mark - Up 15%
A41: SUb Total B
A42: LABOUR
A43: Item 3 | B43: (Normal Rate) | E43: Unit | G43: Quantity | H43: Rate | I43: Amount
A44: 1 | B44: Techinician | E44: HRS | H44: 450 | I44: =SUM(G44*H44) -> 0
A45: 2 | B45: Senior Artisan | E45: HRS | H45: 350 | I45: =SUM(G45*H45) -> 0
A46: 3 | B46: Artisan (Trade Tested) | E46: HRS | G46: 1 | H46: 300 | I46: =SUM(G46*H46) -> 300
A47: 4 | B47: Utility Man (Non - Trade Tested) | E47: HRS | H47: 200 | I47: =SUM(G47*H47) -> 0
A48: 5 | B48: Artisan Aid | E48: HRS | G48: 1 | H48: 200 | I48: =SUM(G48*H48) -> 200
A49: 6 | B49: General Worker (3) | E49: HRS | H49: 140 | I49: =SUM(G49*H49) -> 0
A53: Sub Total C | I53: =SUM(I44:I52) -> 500
A54: TRANSPORT
A55: Item 4 | B55: Destinantion | E55: No of Trips | G55: KMs | H55: Rate | I55: Amount
A56: 1 | B56: Office to Jose Pearson TB Hospital
B57: and back. | E57: 1 | G57: 56.6 | H57: 5 | I57: =H57*G57 -> 283
A59: Sub Total D | I59: =SUM(I56:I58) -> 283
G61: Sub Total (A+B+C+D) | I61: =I59+I53+I41 -> 783
G63: Sub Total | I63: =I61+I62 -> 783

Sheet Jose Pearson TB Hosp (62)
A9: QUOTE TO : | F9: Qoute No | H9: =#REF! -> #REF!
A10: Department of Health | F10: Date | H10: =#REF! -> #REF!
A11: 717 Dukumbana Building | F11: Facility | H11: =#REF! -> #REF!
A12: Independent Avenue | F12: Work Order | H12: =#REF! -> #REF!
A13: Bhisho | F13: Tender No | H13: SCMU3 - 17/18-0303 - HO
F14: Contract Term | H14: 24 MONTHS
F15: GEN Id | H15: GEN/NMM/JOS/01
A16: WORK REQUEST : Stand by generator is faulty.
A17: SCHEDULED WORK
A18: Item 1 | B18: Description | E18: Unit | F18: Sch No | G18: Quantity | H18: Rate | I18: Amount
I19: =SUM(G19*H19) -> 0
I20: =SUM(G20*H20) -> 0
I21: =SUM(G21*H21) -> 0
A22: Sub Total A | I22: =SUM(I19:I21) -> 0
A23: NON SCHEDULED WORK
A24: Item 2 | B24: Description | G24: Quantity | H24: Rate | I24: Amount
A25: 1 | B25: Control module (7320 Deep sea) | G25: 1 | H25: 9509 | I25: =H25*G25 -> 9509
A39: Sub Total | I39: =SUM(I25:I38) -> 9509
A40: Mark - Up 15% | I40: =ROUND((I39*0.15),2) -> 1426.35
A41: SUb Total B | I41: =I39+I40 -> 10935.35
A42: LABOUR
A43: Item 3 | B43: (Normal Rate) | E43: Unit | G43: Quantity | H43: Rate | I43: Amount
A44: 1 | B44: Techinician | E44: HRS | H44: 450 | I44: =SUM(G44*H44) -> 0
A45: 2 | B45: Senior Artisan | E45: HRS | H45: 350 | I45: =SUM(G45*H45) -> 0
A46: 3 | B46: Artisan (Trade Tested) | E46: HRS | G46: 3 | H46: 300 | I46: =SUM(G46*H46) -> 900
A47: 4 | B47: Utility Man (Non - Trade Tested) | E47: HRS | H47: 200 | I47: =SUM(G47*H47) -> 0
A48: 5 | B48: Artisan Aid | E48: HRS | G48: 3 | H48: 200 | I48: =SUM(G48*H48) -> 600
A49: 6 | B49: General Worker (3) | E49: HRS | H49: 140 | I49: =SUM(G49*H49) -> 0
A53: Sub Total C | I53: =SUM(I44:I52) -> 1500
A54: TRANSPORT
A55: Item 4 | B55: Destinantion | E55: No of Trips | G55: KMs | H55: Rate | I55: Amount
A56: 1 | B56: Office to Jose Pearson TB Hospital
B57: and back. | E57: 1 | G57: 56.6 | H57: 5 | I57: =H57*G57 -> 283
A59: Sub Total D | I59: =SUM(I56:I58) -> 283
G61: Sub Total (A+B+C+D) | I61: =I59+I53+I41 -> 12718.35
G63: Sub Total | I63: =I61+I62 -> 12718.35

Sheet Livingstone Hosp (63)
A9: QUOTE TO : | F9: Qoute No | H9: =#REF! -> #REF!
A10: Department of Health | F10: Date | H10: =#REF! -> #REF!
A11: 717 Dukumbana Building | F11: Facility | H11: =#REF! -> #REF!
A12: Independent Avenue | F12: Work Order | H12: =#REF! -> #REF!
A13: Bhisho | F13: Tender No | H13: SCMU3 - 17/18-0303 - HO
F14: Contract Term | H14: 24 MONTHS
F15: GEN Id | H15: GEN/NMM/LIV/01
A16: WORK REQUEST : Generator is faulty.
A17: SCHEDULED WORK
A18: Item 1 | B18: Description | E18: Unit | F18: Sch No | G18: Quantity | H18: Rate | I18: Amount
I19: =SUM(G19*H19) -> 0
I20: =SUM(G20*H20) -> 0
I21: =SUM(G21*H21) -> 0
A22: Sub Total A | I22: =SUM(I19:I21) -> 0
A23: NON SCHEDULED WORK
A24: Item 2 | B24: Description | G24: Quantity | H24: Rate | I24: Amount
A25: 1 | B25: Battery 689 | G25: 2 | H25: 2582.6 | I25: =H25*G25 -> 5165.2
A26: 2 | B26: Battery terminals | G26: 2 | H26: 45 | I26: =H26*G26 -> 90
A39: Sub Total | I39: =SUM(I25:I38) -> 5255.2
A40: Mark - Up 15% | I40: =ROUND((I39*0.15),2) -> 788.28
A41: SUb Total B | I41: =I39+I40 -> 6043.48
A42: LABOUR
A43: Item 3 | B43: (Normal Rate) | E43: Unit | G43: Quantity | H43: Rate | I43: Amount
A44: 1 | B44: Techinician | E44: HRS | H44: 450 | I44: =SUM(G44*H44) -> 0
A45: 2 | B45: Senior Artisan | E45: HRS | H45: 350 | I45: =SUM(G45*H45) -> 0
A46: 3 | B46: Artisan (Trade Tested) | E46: HRS | G46: 2 | H46: 300 | I46: =SUM(G46*H46) -> 600
A47: 4 | B47: Utility Man (Non - Trade Tested) | E47: HRS | H47: 200 | I47: =SUM(G47*H47) -> 0
A48: 5 | B48: Artisan Aid | E48: HRS | G48: 2 | H48: 200 | I48: =SUM(G48*H48) -> 400
A49: 6 | B49: General Worker (3) | E49: HRS | H49: 140 | I49: =SUM(G49*H49) -> 0
A53: Sub Total C | I53: =SUM(I44:I52) -> 1000
A54: TRANSPORT
A55: Item 4 | B55: Destinantion | E55: No of Trips | G55: KMs | H55: Rate | I55: Amount
A56: 1 | B56: Office to Livingston Hospital and back. | E56: 1 | G56: 21.2 | H56: 5 | I56: =H56*G56 -> 106
A58: Sub Total D | I58: =SUM(I56:I57) -> 106
G60: Sub Total (A+B+C+D) | I60: =I58+I53+I41 -> 7149.48
G62: Sub Total | I62: =I60+I61 -> 7149.48

Sheet Jose Pearson TB Hosp (64)
A9: QUOTE TO : | F9: Qoute No | H9: =#REF! -> #REF!
A10: Department of Health | F10: Date | H10: =#REF! -> #REF!
A11: 717 Dukumbana Building | F11: Facility | H11: =#REF! -> #REF!
A12: Independent Avenue | F12: Work Order | H12: =#REF! -> #REF!
A13: Bhisho | F13: Tender No | H13: SCMU3 - 17/18-0303 - HO
